Workbook
Name Einkessel: INDIRECT("Bilder!A"&[1]Bilder!$G$1)
Name Einkessel: INDIRECT("Bilder!A"&Bilder!$G$1)
Name Logo: INDIRECT("Bilder!B"&[1]Bilder!$G$3)
Name Logo: INDIRECT("Bilder!B"&Bilder!$G$5)
Name Logo_E_CH: INDIRECT("Bilder!B"&Bilder!$G$9)

Sheet Projektformular
CP1: =Datenbank!H1 -> 0
N2: Sprache / Langue / Lingua / Language | CP2: =Datenbank!H2 -> 0
CP3: =Datenbank!H3 -> 0
CP4: =Datenbank!H4 -> 0
E5: =Text!C4 -> Formulario di progetto QMmini | R5: =Text!C5 -> Pagina 1 | Y5: =E5 -> Formulario di progetto QMmini | AM5: =Text!C64 -> Pagina 2 | AU5: =E5 -> Formulario di progetto QMmini | BC5: =Text!C145 -> Pagina 3 | BJ5: =E5 -> Formulario di progetto QMmini | BX5: =Text!C187 -> Pagina 4 | CE5: =E5 -> Formulario di progetto QMmini | CM5: =Text!C260 -> Pagina 5 | CP5: =Datenbank!H5 -> 0
E6: Version 3.4-39 | R6: =IF(Kontrolle!F52>0,Text!C282,Text!C281) -> Validazione: NON completamente compilato | Y6: =E6 -> Version 3.4-39 | AM6: =IF(Kontrolle!F52>0,Text!C282,Text!C281) -> Validazione: NON completamente compilato | AU6: =Y6 -> Version 3.4-39 | BC6: =IF(Kontrolle!F52>0,Text!C282,Text!C281) -> Validazione: NON completamente compilato | BJ6: =AU6 -> Version 3.4-39 | BX6: =IF(Kontrolle!F52>0,Text!C282,Text!C281) -> Validazione: NON completamente compilato | CE6: =BJ6 -> Version 3.4-39 | CM6: =IF(Kontrolle!F52>0,Text!C282,Text!C281) -> Validazione: NON completamente compilato | CP6: =Datenbank!H6 -> 0
A7: =Text!C6 -> A01. Committente | R7: =IF(Kontrolle!F52>0,Text!C283,"") -> Note dalla linea 74 | U7: =Text!C65 -> A05. Informazioni sul progetto | AM7: =IF(Kontrolle!F52>0,Text!C283,"") -> Note dalla linea 74 | AP7: =Text!C146 -> A08. Rilievo della situazione | BC7: =IF(Kontrolle!F52>0,Text!C283,"") -> Note dalla linea 74 | BF7: =Text!C188 -> A10. Rete di teleriscaldamento | BX7: =IF(Kontrolle!F52>0,Text!C283,"") -> Note dalla linea 74 | CA7: =Text!C261 -> A13. Schema idraulico | CM7: =IF(Kontrolle!F52>0,Text!C283,"") -> Note dalla linea 74 | CP7: =Datenbank!H7 -> ja
CP8: =Datenbank!H8 -> 0
E9: =Text!C7 -> Committente | Y9: =Text!C66 -> Data prevista per inizio dei lavori | AQ9: =Text!C147 -> Utente | AR9: =Text!C149 -> Oggetto | AU9: =Text!C152 -> Edificio | AV9: =Text!C150 -> Tipo di edificio | AX9: =Text!C163 -> Isolamento | AY9: =Text!C166 -> In rete | AZ9: =Text!C167 -> Potenza | BA9: =Text!C168 -> Superficie | BB9: =Text!C171 -> Consumo | BC9: =Text!C174 -> di cui a.c.s. | BH9: =Text!C189 -> Lunghezza del tracciato della | BI9: =Text!C191 -> Energia utile | BJ9: =Text!C193 -> Densità di | BL9: =Text!C195 -> Perdite della rete | BP9: =Text!C196 -> Temperature della rete, °C | CP9: =Datenbank!H9 -> 365
E10: =Text!C8 -> Persona di contatto | Y10: =Text!C67 -> Data prevista per messa in servizio completa | AQ10: =Text!C148 -> No. | AV10: =Text!C151 -> risp. di destinazione | AX10: =Text!C164 -> termico | AY10: =Text!C165 -> si / no | BA10: =Text!C169 -> di riferimento | BB10: =Text!C172 -> annuo | BC10: kWh/a | BH10: =Text!C190 -> rete (=lunghezza degli scavi) | BI10: =Text!C192 -> in rete | BJ10: =Text!C194 -> allacciamento | CP10: =Datenbank!H10 -> 45516
E11: =Text!C9 -> Indirizzo | L11: =Text!C12 -> NAP, Luogo | Y11: =Text!C68 -> Indirizzo | BA11: =Text!C170 -> energetico | BB11: =Text!C173 -> di calore | BH11: m | BI11: MWh/a | BJ11: MWh/(a m) | BL11: % | BN11: MWh/a | BO11: kW | BP11: =Text!C197 -> Mandata | BR11: =Text!C198 -> Ritorno | BT11: ΔT | CP11: =Datenbank!H11 -> 1
E12: =Text!C10 -> Telefono | Y12: =Text!C69 -> NAP, Luogo | AZ12: kW | BA12: m2 | BB12: kWh/a* | BC12: kWh/a | BI12: =IF(AC33=Dropdown!A20,"",IF(AND(AC33=Dropdown!A19,ISBLANK(BH12)=TRUE),"",SUMIF(AY13:AY32,Dropdown!A19,BB13:BB32)/1000)) -> 0 | BJ12: =IF(AC33=Dropdown!A20,"",IF(AND(AC33=Dropdown!A19,ISBLANK(BH12)=TRUE),"",BI12/BH12)) -> #DIV/0! | BL12: =IF(AC33=Dropdown!A20,"",IF(AND(AC33=Dropdown!A19,ISBLANK(BH12)=TRUE),"",IF(AC34=Dropdown!A19,Berechnungen!G50*BJ12^-Berechnungen!G51,Berechnungen!F50*BJ12^-Berechnungen!F51))) -> #DIV/0! | BN12: =IF(AC33=Dropdown!A20,"",IF(AND(AC33=Dropdown!A19,ISBLANK(BH12)=TRUE),"",BI12/(1-(BL12/100))*BL12/100)) -> #DIV/0! | BO12: =IF(AC33=Dropdown!A20,"",IF(AND(AC33=Dropdown!A19,ISBLANK(BH12)=TRUE),"",BN12*1000/AI34)) -> #DIV/0! | BT12: =IF(AC33=Dropdown!A20,"",BP12-BQ12) -> 0 | CP12: =Datenbank!H12 -> Pendent
E13: =Text!C11 -> E-Mail | Y13: =Text!C70 -> Cantone | AQ13: 1 | BC13: =IF(AV13=Text!$C$159,Projektformular!BB13,IF(AV13=Text!$C$155,20*Projektformular!BA13,"")) | BI13: =IF(AC33=Dropdown!A19,Text!C199,"") | BJ13: =IF(AC33=Dropdown!A20,"",IF(AND(AC33=Dropdown!A19,OR(ISBLANK(Projektformular!BH12)=TRUE,ISBLANK(Projektformular!BP12)=TRUE,ISBLANK(Projektformular!BQ12)=TRUE)),Text!C280,IF(Berechnungen!D95=1,Text!C202,IF(Berechnungen!D92=Dropdown!A20,Text!C200,IF(Berechnungen!D94=Dropdown!A20,Text!C201,Text!C279))))) -> #DIV/0! | CP13: =Datenbank!H13 -> #DIV/0!
Y14: =Text!C97 -> Regione climatica | AQ14: 2 | BC14: =IF(AV14=Text!$C$159,Projektformular!BB14,IF(AV14=Text!$C$155,20*Projektformular!BA14,"")) | BI14: =IF(OR(Berechnungen!D92=Dropdown!A20,Berechnungen!D94=Dropdown!A20),Text!C203,"") -> #DIV/0! | CP14: =Datenbank!H14 -> 0
A15: =Text!C13 -> A02. Responsabile di progetto | Y15: =Text!C101 -> Altezza (m. s. m.) | AQ15: 3 | BC15: =IF(AV15=Text!$C$159,Projektformular!BB15,IF(AV15=Text!$C$155,20*Projektformular!BA15,"")) | CP15: =Datenbank!H15 -> 0
Y16: =Text!C104 -> Sovvenzione da parte di: | AQ16: 4 | BC16: =IF(AV16=Text!$C$159,Projektformular!BB16,IF(AV16=Text!$C$155,20*Projektformular!BA16,"")) | BF16: =Text!C204 -> A11. Informazioni sulla caldaia | CP16: =Datenbank!H16 -> 0
E17: =Text!C14 -> Responsabile per i presenti dati di progetto | AQ17: 5 | BC17: =IF(AV17=Text!$C$159,Projektformular!BB17,IF(AV17=Text!$C$155,20*Projektformular!BA17,"")) | CP17: =Datenbank!H17 -> 0
E18: =Text!C8 -> Persona di contatto | AQ18: 6 | BC18: =IF(AV18=Text!$C$159,Projektformular!BB18,IF(AV18=Text!$C$155,20*Projektformular!BA18,"")) | BJ18: =Text!C205 -> Potenza nominale massima ammissibile della caldaia | BL18: =ROUND(AZ37*1.2,0) -> #DIV/0! | BN18: kW | BO18: =Text!C206 -> (calcolato dalla somma totale (A08) e dal fattore di sovradimensionamento consentito del 20%) | CP18: =Datenbank!H18 -> Version 3.4-39
E19: =Text!C9 -> Indirizzo | L19: =Text!C12 -> NAP, Luogo | U19: =Text!C103 -> A06. Costi previsti (in CHF , IVA escl.) | AQ19: 7 | BC19: =IF(AV19=Text!$C$159,Projektformular!BB19,IF(AV19=Text!$C$155,20*Projektformular!BA19,"")) | BJ19: =Text!C207 -> Fornitore e tipo di caldaia conosciuti ? | BL19: Ja | CP19: =Datenbank!H19 -> #N/A
E20: =Text!C10 -> Telefono | L20: =Text!C15 -> Funzione | AQ20: 8 | BC20: =IF(AV20=Text!$C$159,Projektformular!BB20,IF(AV20=Text!$C$155,20*Projektformular!BA20,"")) | BL20: =Text!C208 -> Potenza nominale | BV20: =Text!C209 -> Potenza minima | CP20: =Datenbank!H20 -> #N/A
E21: =Text!C11 -> E-Mail | Y21: =Text!C109 -> Caldaie | AC21: =Text!C116 -> (incl. carica, pulizia dei fumi, tecnica di misurazione e controllo e canna fumaria) | AQ21: 9 | BC21: =IF(AV21=Text!$C$159,Projektformular!BB21,IF(AV21=Text!$C$155,20*Projektformular!BA21,"")) | BJ21: =Text!C210 -> Caldaia 1 | BN21: kW | BO21: =Text!C211 -> (la più piccola caldaia) | BT21: =Text!C210 -> Caldaia 1 | BX21: kW | CP21: =Datenbank!H21 -> 0
E22: =Text!C16 -> Denominazione dell'impianto | Y22: =Text!C110 -> Impiantistica riscaldamento | AQ22: 10 | BC22: =IF(AV22=Text!$C$159,Projektformular!BB22,IF(AV22=Text!$C$155,20*Projektformular!BA22,"")) | BJ22: =IF(AC36=Dropdown!A41,Text!C212,"") | CE22: =IF(AC36=Dropdown!A40,"",Text!C264) -> Caldaia 1 | CH22: =IF(AC36=Dropdown!A40,Text!C264,Text!C265) -> Caldaia 2* | CJ22: =Text!C277 -> Accumulare | CP22: =Datenbank!H22 -> 0
Y23: =Text!C111 -> Impianti elettrici | AQ23: 11 | BC23: =IF(AV23=Text!$C$159,Projektformular!BB23,IF(AV23=Text!$C$155,20*Projektformular!BA23,"")) | BJ23: =Text!C213 -> Potenza nominale totale | BL23: =BL21+BL22 -> 0 | BN23: kW | BT23: =Text!C214 -> Potenza minima (caldaia più piccola) | BV23: =BV21 -> 0 | BX23: kW | CP23: =Datenbank!H23 -> ,
A24: =Text!C22 -> A03. Risultati della verifica di plausibilità tramite QMmini | Y24: =Text!C112 -> Opere edili | AC24: =Text!C117 -> (centrale termica e deposito del combustibile) | AQ24: 12 | BC24: =IF(AV24=Text!$C$159,Projektformular!BB24,IF(AV24=Text!$C$155,20*Projektformular!BA24,"")) | CP24: =Datenbank!H24 -> ,
Y25: =Text!C113 -> Rete di teleriscaldamento | AC25: =Text!C118 -> (lavori di scavo, condutture e sottostazioni termiche) | AQ25: 13 | BC25: =IF(AV25=Text!$C$159,Projektformular!BB25,IF(AV25=Text!$C$155,20*Projektformular!BA25,"")) | BJ25: =IF(BL19=Dropdown!A20,"",Text!C215) -> Designazione del tipo | CP25: =Datenbank!H25 -> Good
E26: =Text!C23 -> Rilievo della situazione degli utenti | G26: =IF(Berechnungen!AV40>0,Text!C33,Text!C32) -> Gli indicatori sono nella zona di plausibilità | Y26: =Text!C114 -> Progettazione | AQ26: 14 | BC26: =IF(AV26=Text!$C$159,Projektformular!BB26,IF(AV26=Text!$C$155,20*Projektformular!BA26,"")) | BJ26: =IF(BL19=Dropdown!A20,"",Text!C216) -> Fabbricante / fornitore | CP26: =Datenbank!H26 -> 0
E27: =Text!C24 -> Riserva di potenza | G27: =IF(1-(AZ37/BL23)>=0.3,Text!C35,Text!C34) -> #DIV/0! | Y27: =Text!C115 -> Altro | AQ27: 15 | BC27: =IF(AV27=Text!$C$159,Projektformular!BB27,IF(AV27=Text!$C$155,20*Projektformular!BA27,"")) | BJ27: =Text!C217 -> Fabbisogno annuo di combustibile | BL27: =ROUND(IF(AC38=Dropdown!A55,Projektformular!BB37/0.85/4.8,IF(AC38=Dropdown!A56,Projektformular!BB37/0.85/800,Projektformular!BB37/0.85/850)),-1) -> #DIV/0! | BN27: =IF(AC38=Dropdown!A55,Text!C228,Text!C229) -> m3 Cippato/a | CP27: =Datenbank!H27 -> 0
E28: =Text!C25 -> Dimensionamento della caldaia a legna | G28: =BL28 -> #DIV/0! | AQ28: 16 | BC28: =IF(AV28=Text!$C$159,Projektformular!BB28,IF(AV28=Text!$C$155,20*Projektformular!BA28,"")) | BJ28: =Text!C218 -> Sovradimensionamento della caldaia | BL28: =IF(BL23<AZ37,Dropdown!A77,IF(BL23>BL18,Dropdown!A78,Dropdown!A76)) -> #DIV/0! | BP28: =IF(BL28=Dropdown!A76,"",Text!C203) -> #DIV/0! | CP28: =Datenbank!H28 -> 0
E29: =Text!C26 -> Rete di teleriscaldamento | G29: =IF(AC33=Dropdown!A20,Text!C44,IF(BT12<30,Text!C40,Text!C39)) -> ∆T mandata-ritorno troppo piccola | Y29: =Text!C119 -> Totale costi di investimento | AA29: =SUM(AA21:AA27) -> 0 | AQ29: 17 | BC29: =IF(AV29=Text!$C$159,Projektformular!BB29,IF(AV29=Text!$C$155,20*Projektformular!BA29,"")) | BJ29: =Text!C219 -> Sovra o sottodimensionamento | BL29: =(BL23/AZ37)-1 -> #DIV/0! | CP29: =Datenbank!H29 -> 0
E30: =Text!C27 -> Densità di allacciamento | G30: =IF(AC33=Dropdown!A20,Text!C44,IF(Berechnungen!D92=Dropdown!A20,Text!C43,Text!C42)) -> #DIV/0! | AQ30: 18 | BC30: =IF(AV30=Text!$C$159,Projektformular!BB30,IF(AV30=Text!$C$155,20*Projektformular!BA30,"")) | CP30: =Datenbank!H30 -> 0
E31: =Text!C28 -> Esercizio tutto l'anno | G31: =IF(AC34=Dropdown!A20,Text!C47,IF(Projektformular!BL42=Dropdown!A20,Text!C46,Text!C45)) -> #VALUE! | U31: =Text!C120 -> Dati tecnici | AQ31: 19 | BC31: =IF(AV31=Text!$C$159,Projektformular!BB31,IF(AV31=Text!$C$155,20*Projektformular!BA31,"")) | BG31: =Text!C223 -> Impegno del responsabile di progetto: | CP31: =Datenbank!H31 -> 0
E32: =Text!C29 -> Accumulatore | G32: =IF(BL49=Dropdown!A20,Text!C49,IF(AND(BL48<BL47,BL48>=BL46),Text!C50,Text!C48)) -> Volume accumulatore troppo piccolo | AQ32: 20 | BC32: =IF(AV32=Text!$C$159,Projektformular!BB32,IF(AV32=Text!$C$155,20*Projektformular!BA32,"")) | BG32: =IF(BL19="","",IF(BL19=Dropdown!A20,Text!C225,Text!C224)) -> Il responsabile del progetto si impegna a discutere con il fornitore della caldaia riguardo all’altezza necessaria del locale tecnico. | CP32: =Datenbank!H32 -> Ja
E33: =Text!C30 -> Raccomandazione deposito combustibile soddisfatta? | G33: =BL57 -> #DIV/0! | AA33: =Text!C121 -> Rete di teleriscaldamento | AY33: =Text!C175 -> Totale | AZ33: =SUM(AZ13:AZ32) -> 0 | BA33: kW | BB33: =SUM(BB13:BB32) -> 0 | BC33: kWh/a | BG33: =IF(BL19="","",IF(BL19=Dropdown!A19,"",Text!C226)) -> #DIV/0! | CP33: =Datenbank!H33 -> #DIV/0!
E34: =Text!C31 -> Impegni del responsabile di progetto | G34: =Text!C54 -> Gli obblighi elencati nella sezione A11 sono soddisfatti. | AA34: =Text!C122 -> Esercizio tutto l'anno | AG34: =Text!C129 -> Ore di funzionamento | AI34: =IF(AC34=Dropdown!A19,8760,4800) -> 4800 | AJ34: =IF(AC34=Dropdown!A19,Text!C130,Text!C131) -> Ore (adeguare alla regione climatica) | BA34: =Text!C174 -> di cui a.c.s. | BB34: =SUM(BC13:BC32) -> 0 | BC34: kWh/a | BG34: =IF(BL19="","",IF(BL19=Dropdown!A19,"",Text!C227)) -> Inoltre, si impegna a informare il produttore/fornitore di qualsiasi deviazione dal formulario di progetto. | CP34: =Datenbank!H34 -> #DIV/0!
AA35: =Text!C124 -> Ulteriori vettori o sistemi a energie rinnovabili | AY35: =Text!C176 -> Perdite della rete di teleriscaldamento | AZ35: =IF(AC33=Dropdown!A20,0,BO12) -> #DIV/0! | BA35: kW | BB35: =IF(AC33=Dropdown!A20,0,BN12*1000) -> #DIV/0! | BC35: kWh/a | CP35: =Datenbank!H35 -> Nein
B36: =Text!C55 -> Conferma del responsabile di progetto | AA36: =Text!C125 -> Configurazione caldaie | AU36: =Text!C177 -> Riserva: | BA36: kW | BC36: kWh/a | BF36: =Text!C230 -> A12. Scelta del sistema QMmini | CP36: =Datenbank!H36 -> #DIV/0!
AA37: =Text!C134 -> Filtro per polveri sottili | AY37: =Text!C178 -> Totale | AZ37: =IF(AC33=Dropdown!A20,ROUND(AZ33+AZ36,0),ROUND(AZ33+AZ35+AZ36,0)) -> #DIV/0! | BA37: kW | BB37: =IF(AC33=Dropdown!A20,BB33+BB36,BB33+BB35+BB36) -> #DIV/0! | BC37: kWh/a | CP37: =Datenbank!H37 -> #VALUE!
AA38: =Text!C126 -> Scelta del combustibile: | AQ38: =Text!C287 -> * Energia utile; Sono state prese in considerazione le ristrutturazioni edilizie (previste, oppure realizzate negli ultimi 3 anni) e l'efficienza annuale dell'impianto esistente? | BH38: =Text!C231 -> Calcolo per esercizio tutto l'anno | CP38: =Datenbank!H38 -> Nein
V39: =IF(AC37=Text!C137,Text!C139,"") | W39: =IF(AC37=Text!C137,Text!C140,"") | BJ39: =Text!C232 -> Potenza richiesta in funzionamento a basso carico | BL39: =IF(AC33=Dropdown!A20,BB34/8760,BB34/8760+BB35/AI34) -> #DIV/0! | BN39: kW | CP39: =Datenbank!H39 -> #DIV/0!
W40: =IF(AC37=Text!C137,Text!C141,"") | AP40: =Text!C179 -> A09. Indicatori calcolati e valori di riferimento | BJ40: =Text!C233 -> Percentuale rispetto alla potenza nominale della caldaia | BL40: =IF(BL21="","",BL39/BL21) | CP40: =Datenbank!H40 -> 0
B41: =Text!C56 -> Luogo | D41: =Text!C57 -> Data | V41: =IF(AC38=Dropdown!A56,Text!C127,"") | BJ41: =Text!C234 -> Valore minimo | BL41: =IF(AC38=Dropdown!A55,"8.0%","10%") -> 10% | BN41: =Text!C236 -> (8% per il pellet, 10% per il cippato) | CP41: =Datenbank!H41 -> Ja
AQ42: =Text!C147 -> Utente | AR42: =Text!C180 -> Indicatori calcolati | AU42: =Text!C181 -> Valoro di riferimento sec. tabella | BJ42: =Text!C235 -> Esercizio estivo della caldaia a legna ammesso? | BL42: =IF(AC34=Dropdown!A20,"",IF(BL40-BL41<0,Dropdown!A20,Dropdown!A19)) -> #VALUE! | BO42: =IF(AC34=Dropdown!A20,"",IF(BL42=Dropdown!A20,Text!C203,"")) -> #VALUE! | CL42: =Text!C292 -> Schema di principio semplificato | CP42: =Datenbank!H42 -> 0
AQ43: =Text!C148 -> No. | AR43: =Text!C182 -> Ore di funzionamento | AS43: kWh/(m2 a) | AT43: W/m2 | AU43: =Text!C182 -> Ore di funzionamento | AV43: kWh/(m2 a) | AW43: W/m2 | AX43: =Text!C185 -> Controllo | AY43: =Text!C186 -> Giustificazione: | CP43: =Datenbank!H43 -> 0
A44: =Text!C59 -> A04. Valutazione e raccomandazione del servizio di verifica QMmini | AR44: =Text!C183 -> a pieno carico | AU44: =Text!C183 -> a pieno carico | BH44: =Text!C237 -> Dimensionamento del circuito della caldaia e dell'accumulatore | CF44: =Text!C262 -> Designazione | CG44: =Text!C263 -> Unità | CH44: =Text!C264 -> Caldaia 1 | CI44: =Text!C265 -> Caldaia 2* | CJ44: =Text!C266 -> Generale | CP44: =Datenbank!H44 -> 0
B45: =Text!C60 -> Osservazioni | AQ45: 1 | AR45: =IF(OR(ISBLANK(AZ13),ISBLANK(BB13)),"",BB13/AZ13) | AS45: =IF(AV13=Dropdown!$A$68,"",IF(OR(ISBLANK(BA13),ISBLANK(BB13)),"",BB13/BA13)) | AT45: =IF(AV13=Dropdown!$A$68,"",IF(OR(ISBLANK(BA13),ISBLANK(AZ13)),"",AZ13*1000/BA13)) | AU45: =IF(ISERROR(Berechnungen!AI20)=TRUE,"",Berechnungen!AI20) | AV45: =IF(ISERROR(Berechnungen!AJ20)=TRUE,"",Berechnungen!AJ20) | AW45: =IF(ISERROR(Berechnungen!AK20)=TRUE,"",Berechnungen!AK20) | AX45: =IF(ISERROR(Berechnungen!AU20)=TRUE,"",Berechnungen!AU20) | BJ45: =Text!C238 -> Temp. andata | BN45: °C | BR45: =Text!C239 -> Temp. max ritorno | BV45: °C | CF45: =Text!C267 -> Potenza nominale | CG45: kW | CH45: =BL21 -> 0 | CI45: =IF(AC36=Dropdown!A40,"",BL22) -> 0 | CP45: =Datenbank!H45 -> 0
AQ46: 2 | AR46: =IF(OR(ISBLANK(AZ14),ISBLANK(BB14)),"",BB14/AZ14) | AS46: =IF(AV14=Dropdown!$A$68,"",IF(OR(ISBLANK(BA14),ISBLANK(BB14)),"",BB14/BA14)) | AT46: =IF(AV14=Dropdown!$A$68,"",IF(OR(ISBLANK(BA14),ISBLANK(AZ14)),"",AZ14*1000/BA14)) | AU46: =IF(ISERROR(Berechnungen!AI21)=TRUE,"",Berechnungen!AI21) | AV46: =IF(ISERROR(Berechnungen!AJ21)=TRUE,"",Berechnungen!AJ21) | AW46: =IF(ISERROR(Berechnungen!AK21)=TRUE,"",Berechnungen!AK21) | AX46: =IF(ISERROR(Berechnungen!AU21)=TRUE,"",Berechnungen!AU21) | BJ46: =Text!C240 -> Volume minimo secondo il legno MQ | BL46: =ROUND(IF(OR(ISBLANK(BL45)=TRUE,ISBLANK(BT45)=TRUE),"",IF(AC36=Dropdown!A40,0.86*BL23/(BL45-BT45),0.86*BL23*2/3/(BL45-BT45))),1) -> #VALUE! | BN46: m3 | CF46: =Text!C268 -> Potenza minima | CG46: kW | CH46: =BV21 -> 0 | CI46: =IF(AC36=Dropdown!A40,"",CI45*0.3) -> 0 | CP46: =Datenbank!H46 -> 0
AQ47: 3 | AR47: =IF(OR(ISBLANK(AZ15),ISBLANK(BB15)),"",BB15/AZ15) | AS47: =IF(AV15=Dropdown!$A$68,"",IF(OR(ISBLANK(BA15),ISBLANK(BB15)),"",BB15/BA15)) | AT47: =IF(AV15=Dropdown!$A$68,"",IF(OR(ISBLANK(BA15),ISBLANK(AZ15)),"",AZ15*1000/BA15)) | AU47: =IF(ISERROR(Berechnungen!AI22)=TRUE,"",Berechnungen!AI22) | AV47: =IF(ISERROR(Berechnungen!AJ22)=TRUE,"",Berechnungen!AJ22) | AW47: =IF(ISERROR(Berechnungen!AK22)=TRUE,"",Berechnungen!AK22) | AX47: =IF(ISERROR(Berechnungen!AU22)=TRUE,"",Berechnungen!AU22) | BJ47: =Text!C241 -> Volume minimo secondo LRV | BL47: =ROUND(IF(BL46="","",BL23*25/1000),1) -> #VALUE! | BN47: m3 | CF47: =Text!C269 -> Portata volumetrica della caldaia | CG47: m3/h | CH47: =CH45/(1.14*(CH48-CH49)) -> 0 | CI47: =IF(AC36=Dropdown!A40,"",CI45/(1.14*(CI48-CI49))) -> 0 | CP47: =Datenbank!H47 -> 0
AQ48: 4 | AR48: =IF(OR(ISBLANK(AZ16),ISBLANK(BB16)),"",BB16/AZ16) | AS48: =IF(AV16=Dropdown!$A$68,"",IF(OR(ISBLANK(BA16),ISBLANK(BB16)),"",BB16/BA16)) | AT48: =IF(AV16=Dropdown!$A$68,"",IF(OR(ISBLANK(BA16),ISBLANK(AZ16)),"",AZ16*1000/BA16)) | AU48: =IF(ISERROR(Berechnungen!AI23)=TRUE,"",Berechnungen!AI23) | AV48: =IF(ISERROR(Berechnungen!AJ23)=TRUE,"",Berechnungen!AJ23) | AW48: =IF(ISERROR(Berechnungen!AK23)=TRUE,"",Berechnungen!AK23) | AX48: =IF(ISERROR(Berechnungen!AU23)=TRUE,"",Berechnungen!AU23) | BJ48: =Text!C242 -> Volume previsto dell'accumulatore | BN48: m3 | CF48: =Text!C270 -> Temperatura di mandata della caldaia (T1.2; T2.2) | CG48: °C | CH48: =BL45 -> 0 | CI48: =IF(AC36=Dropdown!A40,"",BL45) -> 0 | CP48: =Datenbank!H48 -> 0
AQ49: 5 | AR49: =IF(OR(ISBLANK(AZ17),ISBLANK(BB17)),"",BB17/AZ17) | AS49: =IF(AV17=Dropdown!$A$68,"",IF(OR(ISBLANK(BA17),ISBLANK(BB17)),"",BB17/BA17)) | AT49: =IF(AV17=Dropdown!$A$68,"",IF(OR(ISBLANK(BA17),ISBLANK(AZ17)),"",AZ17*1000/BA17)) | AU49: =IF(ISERROR(Berechnungen!AI24)=TRUE,"",Berechnungen!AI24) | AV49: =IF(ISERROR(Berechnungen!AJ24)=TRUE,"",Berechnungen!AJ24) | AW49: =IF(ISERROR(Berechnungen!AK24)=TRUE,"",Berechnungen!AK24) | AX49: =IF(ISERROR(Berechnungen!AU24)=TRUE,"",Berechnungen!AU24) | BJ49: =Text!C243 -> Condizione sul volume dell'accumulatore secondo QMH soddisfatta? | BL49: =IF(OR(ISBLANK(BL45)=TRUE,ISBLANK(BT45)=TRUE),Dropdown!A20,IF(BL48-BL46<0,Dropdown!A20,Dropdown!A19)) -> No | BO49: =IF(OR(ISBLANK(BL45)=TRUE,ISBLANK(BT45)=TRUE),Text!C280,IF(BL49=Dropdown!A20,Text!C203,"")) -> Dati mancanti | CF49: =Text!C271 -> Temperatura di ingresso della caldaia (T1.1; T2.1) | CG49: °C | CH49: =CH48-15 -> -15 | CI49: =IF(AC36=Dropdown!A40,"",CI48-15) -> -15 | CP49: =Datenbank!H49 -> 0
AQ50: 6 | AR50: =IF(OR(ISBLANK(AZ18),ISBLANK(BB18)),"",BB18/AZ18) | AS50: =IF(AV18=Dropdown!$A$68,"",IF(OR(ISBLANK(BA18),ISBLANK(BB18)),"",BB18/BA18)) | AT50: =IF(AV18=Dropdown!$A$68,"",IF(OR(ISBLANK(BA18),ISBLANK(AZ18)),"",AZ18*1000/BA18)) | AU50: =IF(ISERROR(Berechnungen!AI25)=TRUE,"",Berechnungen!AI25) | AV50: =IF(ISERROR(Berechnungen!AJ25)=TRUE,"",Berechnungen!AJ25) | AW50: =IF(ISERROR(Berechnungen!AK25)=TRUE,"",Berechnungen!AK25) | AX50: =IF(ISERROR(Berechnungen!AU25)=TRUE,"",Berechnungen!AU25) | BI50: =IF(BL48<BL47,Text!C244,"") -> #VALUE! | CF50: =Text!C272 -> Temperatura di mandata della rete | CG50: °C | CJ50: =BL45 -> 0 | CP50: =Datenbank!H50 -> 0
B51: =Text!C61 -> Numero del progetto: | E51: =Text!C62 -> Cognome | G51: Prüfstelle QMmini, c/o Verenum AG, Jürgen Good | AQ51: 7 | AR51: =IF(OR(ISBLANK(AZ19),ISBLANK(BB19)),"",BB19/AZ19) | AS51: =IF(AV19=Dropdown!$A$68,"",IF(OR(ISBLANK(BA19),ISBLANK(BB19)),"",BB19/BA19)) | AT51: =IF(AV19=Dropdown!$A$68,"",IF(OR(ISBLANK(BA19),ISBLANK(AZ19)),"",AZ19*1000/BA19)) | AU51: =IF(ISERROR(Berechnungen!AI26)=TRUE,"",Berechnungen!AI26) | AV51: =IF(ISERROR(Berechnungen!AJ26)=TRUE,"",Berechnungen!AJ26) | AW51: =IF(ISERROR(Berechnungen!AK26)=TRUE,"",Berechnungen!AK26) | AX51: =IF(ISERROR(Berechnungen!AU26)=TRUE,"",Berechnungen!AU26) | CF51: =Text!C273 -> Temperatura di ritorno della rete | CG51: °C | CJ51: =BT45 -> 0 | CK51: =IF(CJ50-CJ51>=30,"**","") | CP51: =Datenbank!H51 -> 0
E52: =Text!C9 -> Indirizzo | G52: =IF(G51=Dropdown!A23,Dropdown!B23,IF(G51=Dropdown!A24,Dropdown!B24,IF(G51=Dropdown!A26,Dropdown!B26,IF(G51=Dropdown!A25,Dropdown!B25,NA())))) -> Langmauerstrasse 109 | L52: =Text!C12 -> NAP, Luogo | N52: =IF(G51=Dropdown!A23,Dropdown!C23,IF(G51=Dropdown!A24,Dropdown!C24,IF(G51=Dropdown!A26,Dropdown!C26,IF(G51=Dropdown!A25,Dropdown!C25,NA())))) -> 8006 Zürich | AQ52: 8 | AR52: =IF(OR(ISBLANK(AZ20),ISBLANK(BB20)),"",BB20/AZ20) | AS52: =IF(AV20=Dropdown!$A$68,"",IF(OR(ISBLANK(BA20),ISBLANK(BB20)),"",BB20/BA20)) | AT52: =IF(AV20=Dropdown!$A$68,"",IF(OR(ISBLANK(BA20),ISBLANK(AZ20)),"",AZ20*1000/BA20)) | AU52: =IF(ISERROR(Berechnungen!AI27)=TRUE,"",Berechnungen!AI27) | AV52: =IF(ISERROR(Berechnungen!AJ27)=TRUE,"",Berechnungen!AJ27) | AW52: =IF(ISERROR(Berechnungen!AK27)=TRUE,"",Berechnungen!AK27) | AX52: =IF(ISERROR(Berechnungen!AU27)=TRUE,"",Berechnungen!AU27) | BH52: =Text!C246 -> Calcolo dimensioni deposito combustibile | CF52: =Text!C274 -> Portata volumetrica Totale | CG52: m3/h | CJ52: =BL23/(1.14*(CJ50-CJ51)) -> #DIV/0! | CP52: =Datenbank!H52 -> 0
E53: =Text!C10 -> Telefono | G53: =IF(G51=Dropdown!A23,Dropdown!D23,IF(G51=Dropdown!A24,Dropdown!D24,IF(G51=Dropdown!A26,Dropdown!D26,IF(G51=Dropdown!A25,Dropdown!D25,NA())))) -> 044 377 70 72 | AQ53: 9 | AR53: =IF(OR(ISBLANK(AZ21),ISBLANK(BB21)),"",BB21/AZ21) | AS53: =IF(AV21=Dropdown!$A$68,"",IF(OR(ISBLANK(BA21),ISBLANK(BB21)),"",BB21/BA21)) | AT53: =IF(AV21=Dropdown!$A$68,"",IF(OR(ISBLANK(BA21),ISBLANK(AZ21)),"",AZ21*1000/BA21)) | AU53: =IF(ISERROR(Berechnungen!AI28)=TRUE,"",Berechnungen!AI28) | AV53: =IF(ISERROR(Berechnungen!AJ28)=TRUE,"",Berechnungen!AJ28) | AW53: =IF(ISERROR(Berechnungen!AK28)=TRUE,"",Berechnungen!AK28) | AX53: =IF(ISERROR(Berechnungen!AU28)=TRUE,"",Berechnungen!AU28) | BJ53: =Text!C247 -> Capienza netta | BN53: m3 | CF53: =Text!C275 -> Volume previsto dell'accumulatore | CG53: m3 | CJ53: =BL48 -> 0 | CP53: =Datenbank!H53 -> 0
E54: =Text!C11 -> E-Mail | G54: =IF(G51=Dropdown!A23,Dropdown!E23,IF(G51=Dropdown!A24,Dropdown!E24,IF(G51=Dropdown!A26,Dropdown!E26,IF(G51=Dropdown!A25,Dropdown!E25,NA())))) -> qmmini@verenum.ch | AQ54: 10 | AR54: =IF(OR(ISBLANK(AZ22),ISBLANK(BB22)),"",BB22/AZ22) | AS54: =IF(AV22=Dropdown!$A$68,"",IF(OR(ISBLANK(BA22),ISBLANK(BB22)),"",BB22/BA22)) | AT54: =IF(AV22=Dropdown!$A$68,"",IF(OR(ISBLANK(BA22),ISBLANK(AZ22)),"",AZ22*1000/BA22)) | AU54: =IF(ISERROR(Berechnungen!AI29)=TRUE,"",Berechnungen!AI29) | AV54: =IF(ISERROR(Berechnungen!AJ29)=TRUE,"",Berechnungen!AJ29) | AW54: =IF(ISERROR(Berechnungen!AK29)=TRUE,"",Berechnungen!AK29) | AX54: =IF(ISERROR(Berechnungen!AU29)=TRUE,"",Berechnungen!AU29) | BJ54: =Text!C248 -> Contenuto di energia | BL54: =IF(AC38=Dropdown!A55,3120,IF(AC38=Dropdown!A56,800,850)) -> 850 | BN54: =Text!C258 -> kWh per metro cubo alla rinfusa | CC54: =Text!C278 -> * Se ci sono più di 2 caldaie, viene calcolata la somma (potenza, portata, ecc.) | CP54: =Datenbank!H54 -> 0
AQ55: 11 | AR55: =IF(OR(ISBLANK(AZ23),ISBLANK(BB23)),"",BB23/AZ23) | AS55: =IF(AV23=Dropdown!$A$68,"",IF(OR(ISBLANK(BA23),ISBLANK(BB23)),"",BB23/BA23)) | AT55: =IF(AV23=Dropdown!$A$68,"",IF(OR(ISBLANK(BA23),ISBLANK(AZ23)),"",AZ23*1000/BA23)) | AU55: =IF(ISERROR(Berechnungen!AI30)=TRUE,"",Berechnungen!AI30) | AV55: =IF(ISERROR(Berechnungen!AJ30)=TRUE,"",Berechnungen!AJ30) | AW55: =IF(ISERROR(Berechnungen!AK30)=TRUE,"",Berechnungen!AK30) | AX55: =IF(ISERROR(Berechnungen!AU30)=TRUE,"",Berechnungen!AU30) | BJ55: =Text!C249 -> Copertura fabbisogno a pieno carico | BL55: =ROUND(BL53*BL54*0.85/BL23/24,1) -> #DIV/0! | BN55: =Text!C257 -> Giorni | CC55: =IF((CJ50-CJ51)-(CJ50-CH49)>10,Text!C276,"") | CP55: =Datenbank!H55 -> 0
AQ56: 12 | AR56: =IF(OR(ISBLANK(AZ24),ISBLANK(BB24)),"",BB24/AZ24) | AS56: =IF(AV24=Dropdown!$A$68,"",IF(OR(ISBLANK(BA24),ISBLANK(BB24)),"",BB24/BA24)) | AT56: =IF(AV24=Dropdown!$A$68,"",IF(OR(ISBLANK(BA24),ISBLANK(AZ24)),"",AZ24*1000/BA24)) | AU56: =IF(ISERROR(Berechnungen!AI31)=TRUE,"",Berechnungen!AI31) | AV56: =IF(ISERROR(Berechnungen!AJ31)=TRUE,"",Berechnungen!AJ31) | AW56: =IF(ISERROR(Berechnungen!AK31)=TRUE,"",Berechnungen!AK31) | AX56: =IF(ISERROR(Berechnungen!AU31)=TRUE,"",Berechnungen!AU31) | BJ56: =Text!C250 -> Volume del deposito raccomandato per il cippato | BL56: ="6 - 8" -> 6 - 8 | BN56: =Text!C257 -> Giorni | CP56: =Datenbank!H56 -> 0
AQ57: 13 | AR57: =IF(OR(ISBLANK(AZ25),ISBLANK(BB25)),"",BB25/AZ25) | AS57: =IF(AV25=Dropdown!$A$68,"",IF(OR(ISBLANK(BA25),ISBLANK(BB25)),"",BB25/BA25)) | AT57: =IF(AV25=Dropdown!$A$68,"",IF(OR(ISBLANK(BA25),ISBLANK(AZ25)),"",AZ25*1000/BA25)) | AU57: =IF(ISERROR(Berechnungen!AI32)=TRUE,"",Berechnungen!AI32) | AV57: =IF(ISERROR(Berechnungen!AJ32)=TRUE,"",Berechnungen!AJ32) | AW57: =IF(ISERROR(Berechnungen!AK32)=TRUE,"",Berechnungen!AK32) | AX57: =IF(ISERROR(Berechnungen!AU32)=TRUE,"",Berechnungen!AU32) | BJ57: =Text!C251 -> Raccomandazioni sul deposito del combustibile rispettate | BL57: =IF(BL55<6,Dropdown!A81,IF(AND(BL55>=6,BL55<8,OR(AC38=Dropdown!A56,AC38=Dropdown!A57)),Dropdown!A84,IF(AND(BL55>=8,BL53*BL54*0.85<BB37,OR(AC38=Dropdown!A56,AC38=Dropdown!A57)),Dropdown!A83,IF(AND(BL55>=6,BL53*BL54*0.85<BB37,AC38=Dropdown!A55),Dropdown!A85,Dropdown!A82)))) -> #DIV/0! | CP57: =Datenbank!H57 -> 0
AQ58: 14 | AR58: =IF(OR(ISBLANK(AZ26),ISBLANK(BB26)),"",BB26/AZ26) | AS58: =IF(AV26=Dropdown!$A$68,"",IF(OR(ISBLANK(BA26),ISBLANK(BB26)),"",BB26/BA26)) | AT58: =IF(AV26=Dropdown!$A$68,"",IF(OR(ISBLANK(BA26),ISBLANK(AZ26)),"",AZ26*1000/BA26)) | AU58: =IF(ISERROR(Berechnungen!AI33)=TRUE,"",Berechnungen!AI33) | AV58: =IF(ISERROR(Berechnungen!AJ33)=TRUE,"",Berechnungen!AJ33) | AW58: =IF(ISERROR(Berechnungen!AK33)=TRUE,"",Berechnungen!AK33) | AX58: =IF(ISERROR(Berechnungen!AU33)=TRUE,"",Berechnungen!AU33) | BI58: =IF(AND(AC38=Dropdown!A55,Projektformular!BL53>=50),Text!C259,"") | CP58: =Datenbank!H58 -> 0
B59: =Text!C56 -> Luogo | D59: =Text!C57 -> Data | AQ59: 15 | AR59: =IF(OR(ISBLANK(AZ27),ISBLANK(BB27)),"",BB27/AZ27) | AS59: =IF(AV27=Dropdown!$A$68,"",IF(OR(ISBLANK(BA27),ISBLANK(BB27)),"",BB27/BA27)) | AT59: =IF(AV27=Dropdown!$A$68,"",IF(OR(ISBLANK(BA27),ISBLANK(AZ27)),"",AZ27*1000/BA27)) | AU59: =IF(ISERROR(Berechnungen!AI34)=TRUE,"",Berechnungen!AI34) | AV59: =IF(ISERROR(Berechnungen!AJ34)=TRUE,"",Berechnungen!AJ34) | AW59: =IF(ISERROR(Berechnungen!AK34)=TRUE,"",Berechnungen!AK34) | AX59: =IF(ISERROR(Berechnungen!AU34)=TRUE,"",Berechnungen!AU34) | CP59: =Datenbank!H59 -> 0
AQ60: 16 | AR60: =IF(OR(ISBLANK(AZ28),ISBLANK(BB28)),"",BB28/AZ28) | AS60: =IF(AV28=Dropdown!$A$68,"",IF(OR(ISBLANK(BA28),ISBLANK(BB28)),"",BB28/BA28)) | AT60: =IF(AV28=Dropdown!$A$68,"",IF(OR(ISBLANK(BA28),ISBLANK(AZ28)),"",AZ28*1000/BA28)) | AU60: =IF(ISERROR(Berechnungen!AI35)=TRUE,"",Berechnungen!AI35) | AV60: =IF(ISERROR(Berechnungen!AJ35)=TRUE,"",Berechnungen!AJ35) | AW60: =IF(ISERROR(Berechnungen!AK35)=TRUE,"",Berechnungen!AK35) | AX60: =IF(ISERROR(Berechnungen!AU35)=TRUE,"",Berechnungen!AU35) | CP60: =Datenbank!H60 -> 0
AQ61: 17 | AR61: =IF(OR(ISBLANK(AZ29),ISBLANK(BB29)),"",BB29/AZ29) | AS61: =IF(AV29=Dropdown!$A$68,"",IF(OR(ISBLANK(BA29),ISBLANK(BB29)),"",BB29/BA29)) | AT61: =IF(AV29=Dropdown!$A$68,"",IF(OR(ISBLANK(BA29),ISBLANK(AZ29)),"",AZ29*1000/BA29)) | AU61: =IF(ISERROR(Berechnungen!AI36)=TRUE,"",Berechnungen!AI36) | AV61: =IF(ISERROR(Berechnungen!AJ36)=TRUE,"",Berechnungen!AJ36) | AW61: =IF(ISERROR(Berechnungen!AK36)=TRUE,"",Berechnungen!AK36) | AX61: =IF(ISERROR(Berechnungen!AU36)=TRUE,"",Berechnungen!AU36) | CP61: =Datenbank!H61 -> 0
AQ62: 18 | AR62: =IF(OR(ISBLANK(AZ30),ISBLANK(BB30)),"",BB30/AZ30) | AS62: =IF(AV30=Dropdown!$A$68,"",IF(OR(ISBLANK(BA30),ISBLANK(BB30)),"",BB30/BA30)) | AT62: =IF(AV30=Dropdown!$A$68,"",IF(OR(ISBLANK(BA30),ISBLANK(AZ30)),"",AZ30*1000/BA30)) | AU62: =IF(ISERROR(Berechnungen!AI37)=TRUE,"",Berechnungen!AI37) | AV62: =IF(ISERROR(Berechnungen!AJ37)=TRUE,"",Berechnungen!AJ37) | AW62: =IF(ISERROR(Berechnungen!AK37)=TRUE,"",Berechnungen!AK37) | AX62: =IF(ISERROR(Berechnungen!AU37)=TRUE,"",Berechnungen!AU37) | CP62: =Datenbank!H62 -> 0
AQ63: 19 | AR63: =IF(OR(ISBLANK(AZ31),ISBLANK(BB31)),"",BB31/AZ31) | AS63: =IF(AV31=Dropdown!$A$68,"",IF(OR(ISBLANK(BA31),ISBLANK(BB31)),"",BB31/BA31)) | AT63: =IF(AV31=Dropdown!$A$68,"",IF(OR(ISBLANK(BA31),ISBLANK(AZ31)),"",AZ31*1000/BA31)) | AU63: =IF(ISERROR(Berechnungen!AI38)=TRUE,"",Berechnungen!AI38) | AV63: =IF(ISERROR(Berechnungen!AJ38)=TRUE,"",Berechnungen!AJ38) | AW63: =IF(ISERROR(Berechnungen!AK38)=TRUE,"",Berechnungen!AK38) | AX63: =IF(ISERROR(Berechnungen!AU38)=TRUE,"",Berechnungen!AU38) | CP63: =Datenbank!H63 -> 0
AQ64: 20 | AR64: =IF(OR(ISBLANK(AZ32),ISBLANK(BB32)),"",BB32/AZ32) | AS64: =IF(AV32=Dropdown!$A$68,"",IF(OR(ISBLANK(BA32),ISBLANK(BB32)),"",BB32/BA32)) | AT64: =IF(AV32=Dropdown!$A$68,"",IF(OR(ISBLANK(BA32),ISBLANK(AZ32)),"",AZ32*1000/BA32)) | AU64: =IF(ISERROR(Berechnungen!AI39)=TRUE,"",Berechnungen!AI39) | AV64: =IF(ISERROR(Berechnungen!AJ39)=TRUE,"",Berechnungen!AJ39) | AW64: =IF(ISERROR(Berechnungen!AK39)=TRUE,"",Berechnungen!AK39) | AX64: =IF(ISERROR(Berechnungen!AU39)=TRUE,"",Berechnungen!AU39) | CP64: =Datenbank!H64 -> 0
CP65: =Datenbank!H65 -> 0
CP66: =Datenbank!H66 -> 0
CP67: =Datenbank!H67 -> 0
CP68: =Datenbank!H68 -> 0
CP69: =Datenbank!H69 -> 0
CP70: =Datenbank!H70 -> 0
CP71: =Datenbank!H71 -> 0
CP72: =Datenbank!H72 -> 0
CP73: =Datenbank!H73 -> 0
B74: =IF(Kontrolle!F52>0,Text!C284,"") -> I seguenti campi obbligatori del modulo di progetto devono ancora essere compilati: | CP74: =Datenbank!H74 -> Nein
B75: =Kontrolle!H2 | CP75: =Datenbank!H75 -> Nein
B76: =Kontrolle!H3 | CP76: =Datenbank!H76 -> Ja
B77: =Kontrolle!H4 | CP77: =Datenbank!H77 -> Andere:
B78: =Kontrolle!H5 | CP78: =Datenbank!H78 -> 0
B79: =Kontrolle!H6 | CP79: =Datenbank!H79 -> Ja
B80: =Kontrolle!H7 | CP80: =Datenbank!H80 -> Mehrkesselanlage
B81: =Kontrolle!H8 | CP81: =Datenbank!H81 -> Sonstige:
B82: =Kontrolle!H9 | CP82: =Datenbank!H82 -> 0
B83: =Kontrolle!H10 | CP83: =Datenbank!H83 -> Holzhackschnitzel, ganzjährig M < 35%
B84: =Kontrolle!H11 | CP84: =Datenbank!H84 -> 0
B85: =Kontrolle!H12 | CP85: =Datenbank!H85 -> 0
B86: =Kontrolle!H13 | CP86: =Datenbank!H86 -> 0
... B104: =Kontrolle!H31 | CP104: =Datenbank!H104 -> #DIV/0!
B105: =Kontrolle!H33 | CP105: =Datenbank!H105 -> #DIV/0!
B106: =Kontrolle!H34 | CP106: =Datenbank!H106 -> #DIV/0!
B107: =Kontrolle!H35 | CP107: =Datenbank!H107 -> 0
B108: =Kontrolle!H36 | CP108: =Datenbank!H108 -> 0
B109: =Kontrolle!H37 | CP109: =Datenbank!H109 -> 0
B110: =Kontrolle!H38 | CP110: =Datenbank!H110 -> #DIV/0!
B111: =Kontrolle!H39 | CP111: =Datenbank!H111 -> 0
B112: =Kontrolle!H40 | CP112: =Datenbank!H112 -> 0
B113: =Kontrolle!H41 | CP113: =Datenbank!H113 -> 0
B114: =Kontrolle!H42 | CP114: =Datenbank!H114 -> #DIV/0!
B115: =Kontrolle!H44 | CP115: =Datenbank!H115 -> Nein
B116: =Kontrolle!H45 | CP116: =Datenbank!H116 -> 0
B117: =Kontrolle!H46 | CP117: =Datenbank!H117 -> 0
...

Sheet Text
A1: Seite | B1: Abschnitt | C1: =Dropdown!A9 -> I | D1: Deutsch | E1: Französisch | F1: Italiensich | G1: Englisch
A2: Dropdown | C2: =IF(C$1="F",E2,IF(C$1="I",F2,IF(C$1="E",G2,D2))) -> Si | D2: Ja | E2: Oui | F2: Si | G2: Yes
A3: Dropdown | C3: =IF(C$1="F",E3,IF(C$1="I",F3,IF(C$1="E",G3,D3))) -> No | D3: Nein | E3: Non | F3: No | G3: No
A4: Seite 1 | C4: =IF(C$1="F",E4,IF(C$1="I",F4,IF(C$1="E",G4,D4))) -> Formulario di progetto QMmini | D4: Projektformular QMmini | E4: Formulaire de projet QMmini | F4: Formulario di progetto QMmini | G4: QMmini project form
A5: Seite 1 | C5: =IF(C$1="F",E5,IF(C$1="I",F5,IF(C$1="E",G5,D5))) -> Pagina 1 | D5: Seite 1 | E5: Page 1 | F5: Pagina 1 | G5: Page 1
A6: Seite 1 | B6: A01 | C6: =IF(C$1="F",E6,IF(C$1="I",F6,IF(C$1="E",G6,D6))) -> A01. Committente | D6: A01. Bauherrschaft | E6: A01. Maître d'ouvrage | F6: A01. Committente | G6: A01. Project owner
A7: Seite 1 | B7: A01 | C7: =IF(C$1="F",E7,IF(C$1="I",F7,IF(C$1="E",G7,D7))) -> Committente | D7: Bauherrschaft | E7: Maître d'ouvrage | F7: Committente | G7: Client
A8: Seite 1 | B8: A01 | C8: =IF(C$1="F",E8,IF(C$1="I",F8,IF(C$1="E",G8,D8))) -> Persona di contatto | D8: Ansprechperson/Kontaktperson | E8: Interlocuteur/personne de contact | F8: Persona di contatto | G8: Contact person
A9: Seite 1 | B9: A01 | C9: =IF(C$1="F",E9,IF(C$1="I",F9,IF(C$1="E",G9,D9))) -> Indirizzo | D9: Strasse | E9: Rue | F9: Indirizzo | G9: Street
A10: Seite 1 | B10: A01 | C10: =IF(C$1="F",E10,IF(C$1="I",F10,IF(C$1="E",G10,D10))) -> Telefono | D10: Telefon | E10: N° de téléphone | F10: Telefono | G10: Phone
A11: Seite 1 | B11: A01 | C11: =IF(C$1="F",E11,IF(C$1="I",F11,IF(C$1="E",G11,D11))) -> E-Mail | D11: E-Mail | E11: E-Mail | F11: E-Mail | G11: E-Mail
A12: Seite 1 | B12: A01 | C12: =IF(C$1="F",E12,IF(C$1="I",F12,IF(C$1="E",G12,D12))) -> NAP, Luogo | D12: PLZ, Ort | E12: NPA, Localité | F12: NAP, Luogo | G12: Postcode, City
A13: Seite 1 | B13: A02 | C13: =IF(C$1="F",E13,IF(C$1="I",F13,IF(C$1="E",G13,D13))) -> A02. Responsabile di progetto | D13: A02. Projektverantwortlicher | E13: A02. Responsable du projet | F13: A02. Responsabile di progetto | G13: A02. Project manager
A14: Seite 1 | B14: A02 | C14: =IF(C$1="F",E14,IF(C$1="I",F14,IF(C$1="E",G14,D14))) -> Responsabile per i presenti dati di progetto | D14: Verantwortlich für vorliegende Projektangaben | E14: Responsable des donné actuelles du projet | F14: Responsabile per i presenti dati di progetto | G14: Responsible for the project information provided
A15: Seite 1 | B15: A02 | C15: =IF(C$1="F",E15,IF(C$1="I",F15,IF(C$1="E",G15,D15))) -> Funzione | D15: Funktion | E15: Fonction | F15: Funzione | G15: Function
A16: Seite 1 | B16: A02 | C16: =IF(C$1="F",E16,IF(C$1="I",F16,IF(C$1="E",G16,D16))) -> Denominazione dell'impianto | D16: Anlagenbeschreibung | E16: Description de l'installation | F16: Denominazione dell'impianto | G16: Facility description
A17: Seite 1 | B17: A02 | C17: =IF(C$1="F",E17,IF(C$1="I",F17,IF(C$1="E",G17,D17))) -> Progettista | D17: Planer | E17: Concepteur | F17: Progettista | G17: Planner
... A63: Seite 1 | B63: A04 | C63: =IF(C$1="F",E63,IF(C$1="I",F63,IF(C$1="E",G63,D63))) -> Revisore | D63: Prüfstelle | E63: Certification QMmini | F63: Revisore | G63: QMmini verification service
A64: Seite 2 | C64: =IF(C$1="F",E64,IF(C$1="I",F64,IF(C$1="E",G64,D64))) -> Pagina 2 | D64: Seite 2 | E64: Page 2 | F64: Pagina 2 | G64: Page 2
A65: Seite 2 | B65: A05 | C65: =IF(C$1="F",E65,IF(C$1="I",F65,IF(C$1="E",G65,D65))) -> A05. Informazioni sul progetto | D65: A05. Angaben zum Projekt | E65: A05. Informations concernant le projet | F65: A05. Informazioni sul progetto | G65: A05. Details of the project
A66: Seite 2 | B66: A05 | C66: =IF(C$1="F",E66,IF(C$1="I",F66,IF(C$1="E",G66,D66))) -> Data prevista per inizio dei lavori | D66: geplanter Baubeginn | E66: Début des travaux planifié | F66: Data prevista per inizio dei lavori | G66: Planned start of construction
A67: Seite 2 | B67: A05 | C67: =IF(C$1="F",E67,IF(C$1="I",F67,IF(C$1="E",G67,D67))) -> Data prevista per messa in servizio completa | D67: voraussichtliche Vollinbetriebnahme | E67: Mise en service prévisionnelle | F67: Data prevista per messa in servizio completa | G67: Expected full commissioning
A68: Seite 2 | B68: A05 | C68: =IF(C$1="F",E68,IF(C$1="I",F68,IF(C$1="E",G68,D68))) -> Indirizzo | D68: Strasse | E68: Rue | F68: Indirizzo | G68: Street
A69: Seite 2 | B69: A05 | C69: =IF(C$1="F",E69,IF(C$1="I",F69,IF(C$1="E",G69,D69))) -> NAP, Luogo | D69: PLZ, Ort | E69: NPA, Localité | F69: NAP, Luogo | G69: Postcode, City
A70: Seite 2 | B70: A05 | C70: =IF(C$1="F",E70,IF(C$1="I",F70,IF(C$1="E",G70,D70))) -> Cantone | D70: Kanton | E70: Canton | F70: Cantone | G70: Canton
A71: Seite 2 | B71: A05 | C71: =IF(C$1="F",E71,IF(C$1="I",F71,IF(C$1="E",G71,D71))) -> Argovia | D71: Aargau | E71: Argovie | F71: Argovia | G71: Aargau
A72: Seite 2 | B72: A05 | C72: =IF(C$1="F",E72,IF(C$1="I",F72,IF(C$1="E",G72,D72))) -> Appenzello Esterno | D72: Appenzell Ausserrhoden | E72: Appenzell Rhodes-Extérieures | F72: Appenzello Esterno | G72: Appenzell Outer Rhodes
A73: Seite 2 | B73: A05 | C73: =IF(C$1="F",E73,IF(C$1="I",F73,IF(C$1="E",G73,D73))) -> Appenzello Interno | D73: Appenzell Innerrhoden | E73: Appenzell Rhodes-Intérieures | F73: Appenzello Interno | G73: Appenzell Inner Rhodes
A74: Seite 2 | B74: A05 | C74: =IF(C$1="F",E74,IF(C$1="I",F74,IF(C$1="E",G74,D74))) -> Basilea-Campagna | D74: Basel-Landschaft | E74: Bâle-Campagne | F74: Basilea-Campagna | G74: Basel-Land
A75: Seite 2 | B75: A05 | C75: =IF(C$1="F",E75,IF(C$1="I",F75,IF(C$1="E",G75,D75))) -> Basilea Città | D75: Basel-Stadt | E75: Bâle-Ville | F75: Basilea Città | G75: Basel-City
A76: Seite 2 | B76: A05 | C76: =IF(C$1="F",E76,IF(C$1="I",F76,IF(C$1="E",G76,D76))) -> Berna | D76: Bern | E76: Berne | F76: Berna | G76: Bern
... A144: Seite 2 | B144: A07 | C144: =IF(C$1="F",E144,IF(C$1="I",F144,IF(C$1="E",G144,D144))) -> Cippato, tutto l'anno M < 35% | D144: Holzhackschnitzel, ganzjährig M < 35% | E144: Plaquettes, toute l'année M < 35% | F144: Cippato, tutto l'anno M < 35% | G144: Wood chips, all year round M < 35%
A145: Seite 3 | C145: =IF(C$1="F",E145,IF(C$1="I",F145,IF(C$1="E",G145,D145))) -> Pagina 3 | D145: Seite 3 | E145: Page 3 | F145: Pagina 3 | G145: Page 3
A146: Seite 3 | B146: A08 | C146: =IF(C$1="F",E146,IF(C$1="I",F146,IF(C$1="E",G146,D146))) -> A08. Rilievo della situazione | D146: A08. Situationserfassung | E146: A08. Relevé de situation | F146: A08. Rilievo della situazione | G146: A08 Assessment of the situation
A147: Seite 3 | B147: A08 | C147: =IF(C$1="F",E147,IF(C$1="I",F147,IF(C$1="E",G147,D147))) -> Utente | D147: Kunde | E147: Client | F147: Utente | G147: User
A148: Seite 3 | B148: A08 | C148: =IF(C$1="F",E148,IF(C$1="I",F148,IF(C$1="E",G148,D148))) -> No. | D148: Nr. | E148: n° | F148: No. | G148: No.
A149: Seite 3 | B149: A08 | C149: =IF(C$1="F",E149,IF(C$1="I",F149,IF(C$1="E",G149,D149))) -> Oggetto | D149: Objekt | E149: Objet | F149: Oggetto | G149: Object
A150: Seite 3 | B150: A08 | C150: =IF(C$1="F",E150,IF(C$1="I",F150,IF(C$1="E",G150,D150))) -> Tipo di edificio | D150: Gebäude- bzw. | E150: Type de bâtiment | F150: Tipo di edificio | G150: Building or
A151: Seite 3 | B151: A08 | C151: =IF(C$1="F",E151,IF(C$1="I",F151,IF(C$1="E",G151,D151))) -> risp. di destinazione | D151: Nutzungsart | E151: ou d'utilisation | F151: risp. di destinazione | G151: type of use
A152: Seite 3 | B152: A08 | C152: =IF(C$1="F",E152,IF(C$1="I",F152,IF(C$1="E",G152,D152))) -> Edificio | D152: Gebäude | E152: Bâtiment | F152: Edificio | G152: Building
A153: Seite 3 | B153: A08 | C153: =IF(C$1="F",E153,IF(C$1="I",F153,IF(C$1="E",G153,D153))) -> Esistente | D153: Bestand | E153: Existant | F153: Esistente | G153: Existing
A154: Seite 3 | B154: A08 | C154: =IF(C$1="F",E154,IF(C$1="I",F154,IF(C$1="E",G154,D154))) -> Nuovo | D154: Neubau | E154: Nouveau | F154: Nuovo | G154: New
A155: Seite 3 | B155: A08 | C155: =IF(C$1="F",E155,IF(C$1="I",F155,IF(C$1="E",G155,D155))) -> Abitazione con a.c.s. | D155: Wohnen mit WW | E155: Habitation avec ECS | F155: Abitazione con a.c.s. | G155: Housing with DHW
A156: Seite 3 | B156: A08 | C156: =IF(C$1="F",E156,IF(C$1="I",F156,IF(C$1="E",G156,D156))) -> Abitazione senza a.c.s. | D156: Wohnen o. WW | E156: Habitation sans ECS | F156: Abitazione senza a.c.s. | G156: Housing without DHW
A157: Seite 3 | B157: A08 | C157: =IF(C$1="F",E157,IF(C$1="I",F157,IF(C$1="E",G157,D157))) -> Scuola senza a.c.s. | D157: Schule o. WW | E157: École sans ECS | F157: Scuola senza a.c.s. | G157: School without DHW
... A186: Seite 3 | B186: A09 | C186: =IF(C$1="F",E186,IF(C$1="I",F186,IF(C$1="E",G186,D186))) -> Giustificazione: | D186: Begründung: | E186: Justification : | F186: Giustificazione: | G186: Justification:
A187: Seite 4 | C187: =IF(C$1="F",E187,IF(C$1="I",F187,IF(C$1="E",G187,D187))) -> Pagina 4 | D187: Seite 4 | E187: Page 4 | F187: Pagina 4 | G187: Page 4
A188: Seite 4 | B188: A10 | C188: =IF(C$1="F",E188,IF(C$1="I",F188,IF(C$1="E",G188,D188))) -> A10. Rete di teleriscaldamento | D188: A10. Wärmenetz | E188: A10. Réseau de chauffage | F188: A10. Rete di teleriscaldamento | G188: A10. Heating network
A189: Seite 4 | B189: A10 | C189: =IF(C$1="F",E189,IF(C$1="I",F189,IF(C$1="E",G189,D189))) -> Lunghezza del tracciato della | D189: Trassenlänge Netz | E189: Longueur du tracé du réseau | F189: Lunghezza del tracciato della | G189: Route length net
A190: Seite 4 | B190: A10 | C190: =IF(C$1="F",E190,IF(C$1="I",F190,IF(C$1="E",G190,D190))) -> rete (=lunghezza degli scavi) | D190: (=Grabenlänge) | E190: (=longueur des tranchées) | F190: rete (=lunghezza degli scavi) | G190: (= length of trench)
A191: Seite 4 | B191: A10 | C191: =IF(C$1="F",E191,IF(C$1="I",F191,IF(C$1="E",G191,D191))) -> Energia utile | D191: Nutzenergie | E191: Énergie utile | F191: Energia utile | G191: Net energy
A192: Seite 4 | B192: A10 | C192: =IF(C$1="F",E192,IF(C$1="I",F192,IF(C$1="E",G192,D192))) -> in rete | D192: über Netz | E192: via le réseau | F192: in rete | G192: via network
A193: Seite 4 | B193: A10 | C193: =IF(C$1="F",E193,IF(C$1="I",F193,IF(C$1="E",G193,D193))) -> Densità di | D193: Anschluss- | E193: Densité de | F193: Densità di | G193: Linear heat
A194: Seite 4 | B194: A10 | C194: =IF(C$1="F",E194,IF(C$1="I",F194,IF(C$1="E",G194,D194))) -> allacciamento | D194: dichte | E194: raccordement | F194: allacciamento | G194: density
A195: Seite 4 | B195: A10 | C195: =IF(C$1="F",E195,IF(C$1="I",F195,IF(C$1="E",G195,D195))) -> Perdite della rete | D195: Wärmeverteilverluste | E195: Déperditions du réseau de chaleur | F195: Perdite della rete | G195: Heat distribution losses
A196: Seite 4 | B196: A10 | C196: =IF(C$1="F",E196,IF(C$1="I",F196,IF(C$1="E",G196,D196))) -> Temperature della rete, °C | D196: Temperaturen Netz, °C | E196: Températures du réseau, °C | F196: Temperature della rete, °C | G196: Network temperatures, °C
A197: Seite 4 | B197: A10 | C197: =IF(C$1="F",E197,IF(C$1="I",F197,IF(C$1="E",G197,D197))) -> Mandata | D197: VL | E197: Départ | F197: Mandata | G197: Supply
A198: Seite 4 | B198: A10 | C198: =IF(C$1="F",E198,IF(C$1="I",F198,IF(C$1="E",G198,D198))) -> Ritorno | D198: RL | E198: Retour | F198: Ritorno | G198: Return
A199: Seite 4 | B199: A10 | C199: =IF(C$1="F",E199,IF(C$1="I",F199,IF(C$1="E",G199,D199))) -> Avvertimenti sulla rete di teleriscaldamento: | D199: Warnungen Wärmenetz: | E199: Avertissements du réseau de chaleur : | F199: Avvertimenti sulla rete di teleriscaldamento: | G199: Warnings heat network:
... A225: Seite 4 | B225: A11 | C225: =IF(C$1="F",E225,IF(C$1="I",F225,IF(C$1="E",G225,D225))) -> Il responsabile del progetto si impegna a discutere con il fornitore della caldaia riguardo all’altezza necessaria del locale tecnico, non appena il fornitore è noto. | D225: Der Projektverantwortliche verpflichtet sich mit dem Kessellieferanten die erforderliche Raumhöhe zu diskutieren, sobald dieser bekannt ist. | E225: Le responsable de projet s’engage à discuter de la hauteur de pièce requise avec le fournisseur de la chaudière, dès que celui-ci est connu. | F225: Il responsabile del progetto si impegna a discutere con il fornitore della caldaia riguardo all’altezza necessaria del locale tecnico, non appena il fornitore è noto. | G225: The project manager undertakes to discuss the required room height with the boiler supplier, as soon as the supplier is determined.
A226: Seite 4 | B226: A11 | C226: =IF(C$1="F",E226,IF(C$1="I",F226,IF(C$1="E",G226,D226))) -> #DIV/0! | D226: ="Der Projektverantwortliche verpflichtet sich, eine Kesselnennleistung im Bereich "&Projektformular!AZ37&" kW bis "&Projektformular!BL18&" kW zu wählen." -> #DIV/0! | E226: ="Le responsable du projet s'engage à choisir une puissance nominale de la chaudière dans la plage de "&Projektformular!AZ37&" kW à "&Projektformular!BL18&" kW." -> #DIV/0! | F226: ="Il responsabile di progetto si impegna a scegliere la potenza nominale della caldaia nella gamma da "&Projektformular!AZ37&" kW a "&Projektformular!BL18&" kW." -> #DIV/0! | G226: ="The project manager undertakes to select a boiler nominal output in the range of "&Projektformular!AZ37&" kW to "&Projektformular!BL18&" kW." -> #DIV/0!
A227: Seite 4 | B227: A11 | C227: =IF(C$1="F",E227,IF(C$1="I",F227,IF(C$1="E",G227,D227))) -> Inoltre, si impegna a informare il produttore/fornitore di qualsiasi deviazione dal formulario di progetto. | D227: Zusätzlich verpflichtet er sich, den Hersteller/Lieferant über alle im Projektformular ausgewiesenen Abweichungen zu informieren. | E227: En outre, il s’engage à informer le fabricant/fournisseur de toute déviation figurant dans le formulaire de projet. | F227: Inoltre, si impegna a informare il produttore/fornitore di qualsiasi deviazione dal formulario di progetto. | G227: In addition, he undertakes to inform the manufacturer/supplier of any deviations shown in the project form.
A228: Seite 4 | B228: A11 | C228: =IF(C$1="F",E228,IF(C$1="I",F228,IF(C$1="E",G228,D228))) -> kg/a | D228: kg/a | E228: kg/an | F228: kg/a | G228: kg/a
A229: Seite 4 | B229: A11 | C229: =IF(C$1="F",E229,IF(C$1="I",F229,IF(C$1="E",G229,D229))) -> m3 Cippato/a | D229: Srm/a | E229: m3Pl/a | F229: m3 Cippato/a | G229: bulk m3/a
A230: Seite 4 | B230: A12 | C230: =IF(C$1="F",E230,IF(C$1="I",F230,IF(C$1="E",G230,D230))) -> A12. Scelta del sistema QMmini | D230: A12. Systemwahl QMmini | E230: A12. Choix du système QMmini | F230: A12. Scelta del sistema QMmini | G230: A12. System selection QMmini
A231: Seite 4 | B231: A12 | C231: =IF(C$1="F",E231,IF(C$1="I",F231,IF(C$1="E",G231,D231))) -> Calcolo per esercizio tutto l'anno | D231: Beurteilung Schwachlastbetrieb | E231: Évaluation du fonctionnement à faible charge | F231: Calcolo per esercizio tutto l'anno | G231: Evaluation of low load operation
A232: Seite 4 | B232: A12 | C232: =IF(C$1="F",E232,IF(C$1="I",F232,IF(C$1="E",G232,D232))) -> Potenza richiesta in funzionamento a basso carico | D232: Benötigte Leistung im Schwachlastbetrieb | E232: Puissance requise en fonctionnement à faible charge | F232: Potenza richiesta in funzionamento a basso carico | G232: Required power in low load operation
A233: Seite 4 | B233: A12 | C233: =IF(C$1="F",E233,IF(C$1="I",F233,IF(C$1="E",G233,D233))) -> Percentuale rispetto alla potenza nominale della caldaia | D233: Anteil an der Kesselnennleistung | E233: Pourcentage de la puissance nominale de la chaudière | F233: Percentuale rispetto alla potenza nominale della caldaia | G233: Share of nominal boiler output
A234: Seite 4 | B234: A12 | C234: =IF(C$1="F",E234,IF(C$1="I",F234,IF(C$1="E",G234,D234))) -> Valore minimo | D234: Minimalwert | E234: Valeur minimale | F234: Valore minimo | G234: Minimum value
A235: Seite 4 | B235: A12 | C235: =IF(C$1="F",E235,IF(C$1="I",F235,IF(C$1="E",G235,D235))) -> Esercizio estivo della caldaia a legna ammesso? | D235: Sommerbetrieb Holzkessel zulässig? | E235: Exploitation de la chaudière à bois autorisée en été ? | F235: Esercizio estivo della caldaia a legna ammesso? | G235: Summer operation of wood boilers permitted?
A236: Seite 4 | B236: A12 | C236: =IF(C$1="F",E236,IF(C$1="I",F236,IF(C$1="E",G236,D236))) -> (8% per il pellet, 10% per il cippato) | D236: (8% bei Pellets, 10% bei Holzhhackschnitzeln) | E236: (8 % pour les pellets, 10 % pour les plaquettes) | F236: (8% per il pellet, 10% per il cippato) | G236: (8% for pellets, 10% for wood chips)
A237: Seite 4 | B237: A12 | C237: =IF(C$1="F",E237,IF(C$1="I",F237,IF(C$1="E",G237,D237))) -> Dimensionamento del circuito della caldaia e dell'accumulatore | D237: Auslegung Kesselkreis und Speicher | E237: Dimensionnement du circuit de chaudière et de l'accumulateur | F237: Dimensionamento del circuito della caldaia e dell'accumulatore | G237: Design of boiler circuit and heatstorage
A238: Seite 4 | B238: A12 | C238: =IF(C$1="F",E238,IF(C$1="I",F238,IF(C$1="E",G238,D238))) -> Temp. andata | D238: Vorlauf-Temperatur | E238: Temp. départ | F238: Temp. andata | G238: Supply temperature
... A292: Seite 5 | B292: A13 | C292: =IF(C$1="F",E292,IF(C$1="I",F292,IF(C$1="E",G292,D292))) -> Schema di principio semplificato | D292: Vereinfachtes Prinzipschema | E292: Schéma de principe simplifié | F292: Schema di principio semplificato | G292: Simplified principle scheme
A293: Seite 5 | B293: A13 | C293: =IF(C$1="F",E293,IF(C$1="I",F293,IF(C$1="E",G293,D293))) -> 0
A294: Seite 5 | B294: A13 | C294: =IF(C$1="F",E294,IF(C$1="I",F294,IF(C$1="E",G294,D294))) -> 0
A295: Seite 5 | B295: A13 | C295: =IF(C$1="F",E295,IF(C$1="I",F295,IF(C$1="E",G295,D295))) -> 0
A296: Seite 5 | B296: A13 | C296: =IF(C$1="F",E296,IF(C$1="I",F296,IF(C$1="E",G296,D296))) -> 0
A297: Seite 5 | B297: A13 | C297: =IF(C$1="F",E297,IF(C$1="I",F297,IF(C$1="E",G297,D297))) -> 0
A298: Seite 5 | B298: A13 | C298: =IF(C$1="F",E298,IF(C$1="I",F298,IF(C$1="E",G298,D298))) -> 0
A299: Seite 5 | B299: A13 | C299: =IF(C$1="F",E299,IF(C$1="I",F299,IF(C$1="E",G299,D299))) -> 0
A300: Seite 5 | B300: A13 | C300: =IF(C$1="F",E300,IF(C$1="I",F300,IF(C$1="E",G300,D300))) -> 0
A301: Seite 5 | B301: A13 | C301: =IF(C$1="F",E301,IF(C$1="I",F301,IF(C$1="E",G301,D301))) -> 0
A302: Seite 5 | B302: A13 | C302: =IF(C$1="F",E302,IF(C$1="I",F302,IF(C$1="E",G302,D302))) -> 0
A303: Seite 5 | B303: A13 | C303: =IF(C$1="F",E303,IF(C$1="I",F303,IF(C$1="E",G303,D303))) -> 0
A304: Seite 5 | B304: A13 | C304: =IF(C$1="F",E304,IF(C$1="I",F304,IF(C$1="E",G304,D304))) -> 0
A305: Seite 5 | B305: A13 | C305: =IF(C$1="F",E305,IF(C$1="I",F305,IF(C$1="E",G305,D305))) -> 0

Sheet Kontrolle
A1: Kontrolle:
A2: =Text!C$5 -> Pagina 1 | B2: A01 | C2: =Text!C7 -> Committente | D2: =IF(Projektformular!G9="",A2&" "&B2&": "&C2,"") -> Pagina 1 A01: Committente | E2: 1 | F2: =IF(D2="","",E2) -> 1 | G2: =SMALL($F$2:$F$51,E2) -> #DIV/0! | H2: =IF(ISERROR(G2)=TRUE,"",OFFSET($A$1,G2,3))
A3: =Text!C$5 -> Pagina 1 | B3: A01 | C3: =Text!C8 -> Persona di contatto | D3: =IF(Projektformular!G10="",A3&" "&B3&": "&C3,"") -> Pagina 1 A01: Persona di contatto | E3: 2 | F3: =IF(D3="","",E3) -> 2 | G3: =SMALL($F$2:$F$51,E3) -> #DIV/0! | H3: =IF(ISERROR(G3)=TRUE,"",OFFSET($A$1,G3,3))
A4: =Text!C$5 -> Pagina 1 | B4: A01 | C4: =Text!C9 -> Indirizzo | D4: =IF(Projektformular!G11="",A4&" "&B4&": "&C4,"") -> Pagina 1 A01: Indirizzo | E4: 3 | F4: =IF(D4="","",E4) -> 3 | G4: =SMALL($F$2:$F$51,E4) -> #DIV/0! | H4: =IF(ISERROR(G4)=TRUE,"",OFFSET($A$1,G4,3))
A5: =Text!C$5 -> Pagina 1 | B5: A01 | C5: =Text!C10 -> Telefono | D5: =IF(Projektformular!G12="",A5&" "&B5&": "&C5,"") -> Pagina 1 A01: Telefono | E5: 4 | F5: =IF(D5="","",E5) -> 4 | G5: =SMALL($F$2:$F$51,E5) -> #DIV/0! | H5: =IF(ISERROR(G5)=TRUE,"",OFFSET($A$1,G5,3))
A6: =Text!C$5 -> Pagina 1 | B6: A01 | C6: =Text!C11 -> E-Mail | D6: =IF(Projektformular!G13="",A6&" "&B6&": "&C6,"") -> Pagina 1 A01: E-Mail | E6: 5 | F6: =IF(D6="","",E6) -> 5 | G6: =SMALL($F$2:$F$51,E6) -> #DIV/0! | H6: =IF(ISERROR(G6)=TRUE,"",OFFSET($A$1,G6,3))
A7: =Text!C$5 -> Pagina 1 | B7: A01 | C7: =Text!C12 -> NAP, Luogo | D7: =IF(Projektformular!N11="",A7&" "&B7&": "&C7,"") -> Pagina 1 A01: NAP, Luogo | E7: 6 | F7: =IF(D7="","",E7) -> 6 | G7: =SMALL($F$2:$F$51,E7) -> #DIV/0! | H7: =IF(ISERROR(G7)=TRUE,"",OFFSET($A$1,G7,3))
A8: =Text!C$5 -> Pagina 1 | B8: A02 | C8: =Text!C14 -> Responsabile per i presenti dati di progetto | D8: =IF(Projektformular!G17="",A8&" "&B8&": "&C8,"") -> Pagina 1 A02: Responsabile per i presenti dati di progetto | E8: 7 | F8: =IF(D8="","",E8) -> 7 | G8: =SMALL($F$2:$F$51,E8) -> #DIV/0! | H8: =IF(ISERROR(G8)=TRUE,"",OFFSET($A$1,G8,3))
A9: =Text!C$5 -> Pagina 1 | B9: A02 | C9: =Text!C8 -> Persona di contatto | D9: =IF(Projektformular!G18="",A9&" "&B9&": "&C9,"") -> Pagina 1 A02: Persona di contatto | E9: 8 | F9: =IF(D9="","",E9) -> 8 | G9: =SMALL($F$2:$F$51,E9) -> #DIV/0! | H9: =IF(ISERROR(G9)=TRUE,"",OFFSET($A$1,G9,3))
A10: =Text!C$5 -> Pagina 1 | B10: A02 | C10: =Text!C9 -> Indirizzo | D10: =IF(Projektformular!G19="",A10&" "&B10&": "&C10,"") -> Pagina 1 A02: Indirizzo | E10: 9 | F10: =IF(D10="","",E10) -> 9 | G10: =SMALL($F$2:$F$51,E10) -> #DIV/0! | H10: =IF(ISERROR(G10)=TRUE,"",OFFSET($A$1,G10,3))
A11: =Text!C$5 -> Pagina 1 | B11: A02 | C11: =Text!C10 -> Telefono | D11: =IF(Projektformular!G20="",A11&" "&B11&": "&C11,"") -> Pagina 1 A02: Telefono | E11: 10 | F11: =IF(D11="","",E11) -> 10 | G11: =SMALL($F$2:$F$51,E11) -> #DIV/0! | H11: =IF(ISERROR(G11)=TRUE,"",OFFSET($A$1,G11,3))
A12: =Text!C$5 -> Pagina 1 | B12: A02 | C12: =Text!C11 -> E-Mail | D12: =IF(Projektformular!G21="",A12&" "&B12&": "&C12,"") -> Pagina 1 A02: E-Mail | E12: 11 | F12: =IF(D12="","",E12) -> 11 | G12: =SMALL($F$2:$F$51,E12) -> #DIV/0! | H12: =IF(ISERROR(G12)=TRUE,"",OFFSET($A$1,G12,3))
A13: =Text!C$5 -> Pagina 1 | B13: A02 | C13: =Text!C12 -> NAP, Luogo | D13: =IF(Projektformular!N19="",A13&" "&B13&": "&C13,"") -> Pagina 1 A02: NAP, Luogo | E13: 12 | F13: =IF(D13="","",E13) -> 12 | G13: =SMALL($F$2:$F$51,E13) -> #DIV/0! | H13: =IF(ISERROR(G13)=TRUE,"",OFFSET($A$1,G13,3))
A14: =Text!C$5 -> Pagina 1 | B14: A02 | C14: =Text!C15 -> Funzione | D14: =IF(Projektformular!N20="",A14&" "&B14&": "&C14,"") -> Pagina 1 A02: Funzione | E14: 13 | F14: =IF(D14="","",E14) -> 13 | G14: =SMALL($F$2:$F$51,E14) -> #DIV/0! | H14: =IF(ISERROR(G14)=TRUE,"",OFFSET($A$1,G14,3))
A15: =Text!C$5 -> Pagina 1 | B15: A02 | C15: =Text!C16 -> Denominazione dell'impianto | D15: =IF(Projektformular!G22="",A15&" "&B15&": "&C15,"") -> Pagina 1 A02: Denominazione dell'impianto | E15: 14 | F15: =IF(D15="","",E15) -> 14 | G15: =SMALL($F$2:$F$51,E15) -> #DIV/0! | H15: =IF(ISERROR(G15)=TRUE,"",OFFSET($A$1,G15,3))
A16: =Text!C$5 -> Pagina 1 | B16: A03 | C16: =Text!C57 -> Data | D16: =IF(Projektformular!B40="",A16&" "&B16&": "&C16,"") -> Pagina 1 A03: Data | E16: 15 | F16: =IF(D16="","",E16) -> 15 | G16: =SMALL($F$2:$F$51,E16) -> #DIV/0! | H16: =IF(ISERROR(G16)=TRUE,"",OFFSET($A$1,G16,3))
A17: =Text!C$64 -> Pagina 2 | B17: A05 | C17: =Text!C66 -> Data prevista per inizio dei lavori | D17: =IF(Projektformular!AA9="",A17&" "&B17&": "&C17,"") -> Pagina 2 A05: Data prevista per inizio dei lavori | E17: 16 | F17: =IF(D17="","",E17) -> 16 | G17: =SMALL($F$2:$F$51,E17) -> #DIV/0! | H17: =IF(ISERROR(G17)=TRUE,"",OFFSET($A$1,G17,3))
A18: =Text!C$64 -> Pagina 2 | B18: A05 | C18: =Text!C67 -> Data prevista per messa in servizio completa | D18: =IF(Projektformular!AA10="",A18&" "&B18&": "&C18,"") -> Pagina 2 A05: Data prevista per messa in servizio completa | E18: 17 | F18: =IF(D18="","",E18) -> 17 | G18: =SMALL($F$2:$F$51,E18) -> #DIV/0! | H18: =IF(ISERROR(G18)=TRUE,"",OFFSET($A$1,G18,3))
A19: =Text!C$64 -> Pagina 2 | B19: A05 | C19: =Text!C68 -> Indirizzo | D19: =IF(Projektformular!AA11="",A19&" "&B19&": "&C19,"") -> Pagina 2 A05: Indirizzo | E19: 18 | F19: =IF(D19="","",E19) -> 18 | G19: =SMALL($F$2:$F$51,E19) -> #DIV/0! | H19: =IF(ISERROR(G19)=TRUE,"",OFFSET($A$1,G19,3))
A20: =Text!C$64 -> Pagina 2 | B20: A05 | C20: =Text!C69 -> NAP, Luogo | D20: =IF(Projektformular!AA12="",A20&" "&B20&": "&C20,"") -> Pagina 2 A05: NAP, Luogo | E20: 19 | F20: =IF(D20="","",E20) -> 19 | G20: =SMALL($F$2:$F$51,E20) -> #DIV/0! | H20: =IF(ISERROR(G20)=TRUE,"",OFFSET($A$1,G20,3))
A21: =Text!C$64 -> Pagina 2 | B21: A05 | C21: =Text!C70 -> Cantone | D21: =IF(Projektformular!AA13="",A21&" "&B21&": "&C21,"") -> Pagina 2 A05: Cantone | E21: 20 | F21: =IF(D21="","",E21) -> 20 | G21: =SMALL($F$2:$F$51,E21) -> #DIV/0! | H21: =IF(ISERROR(G21)=TRUE,"",OFFSET($A$1,G21,3))
A22: =Text!C$64 -> Pagina 2 | B22: A05 | C22: =Text!C97 -> Regione climatica | D22: =IF(Projektformular!AA14="",A22&" "&B22&": "&C22,"") -> Pagina 2 A05: Regione climatica | E22: 21 | F22: =IF(D22="","",E22) -> 21 | G22: =SMALL($F$2:$F$51,E22) -> #DIV/0! | H22: =IF(ISERROR(G22)=TRUE,"",OFFSET($A$1,G22,3))
A23: =Text!C$64 -> Pagina 2 | B23: A05 | C23: =Text!C104 -> Sovvenzione da parte di: | D23: =IF(Projektformular!AA16="",A23&" "&B23&": "&C23,"") -> Pagina 2 A05: Sovvenzione da parte di: | E23: 22 | F23: =IF(D23="","",E23) -> 22 | G23: =SMALL($F$2:$F$51,E23) -> #DIV/0! | H23: =IF(ISERROR(G23)=TRUE,"",OFFSET($A$1,G23,3))
A24: =Text!C$64 -> Pagina 2 | B24: A06 | C24: =Text!C109 -> Caldaie | D24: =IF(Projektformular!AA21="",A24&" "&B24&": "&C24,"") -> Pagina 2 A06: Caldaie | E24: 23 | F24: =IF(D24="","",E24) -> 23 | G24: =SMALL($F$2:$F$51,E24) -> #DIV/0! | H24: =IF(ISERROR(G24)=TRUE,"",OFFSET($A$1,G24,3))
A25: =Text!C$64 -> Pagina 2 | B25: A07 | C25: =Text!C121 -> Rete di teleriscaldamento | D25: =IF(Projektformular!AC33="",A25&" "&B25&": "&C25,"") -> Pagina 2 A07: Rete di teleriscaldamento | E25: 24 | F25: =IF(D25="","",E25) -> 24 | G25: =SMALL($F$2:$F$51,E25) -> #DIV/0! | H25: =IF(ISERROR(G25)=TRUE,"",OFFSET($A$1,G25,3))
A26: =Text!C$64 -> Pagina 2 | B26: A07 | C26: =Text!C122 -> Esercizio tutto l'anno | D26: =IF(Projektformular!AC34="",A26&" "&B26&": "&C26,"") -> Pagina 2 A07: Esercizio tutto l'anno | E26: 25 | F26: =IF(D26="","",E26) -> 25 | G26: =SMALL($F$2:$F$51,E26) -> #DIV/0! | H26: =IF(ISERROR(G26)=TRUE,"",OFFSET($A$1,G26,3))
A27: =Text!C$64 -> Pagina 2 | B27: A07 | C27: =Text!C124 -> Ulteriori vettori o sistemi a energie rinnovabili | D27: =IF(Projektformular!AC35="",A27&" "&B27&": "&C27,"") -> Pagina 2 A07: Ulteriori vettori o sistemi a energie rinnovabili | E27: 26 | F27: =IF(D27="","",E27) -> 26 | G27: =SMALL($F$2:$F$51,E27) -> #DIV/0! | H27: =IF(ISERROR(G27)=TRUE,"",OFFSET($A$1,G27,3))
A28: =Text!C$64 -> Pagina 2 | B28: A07 | C28: =Text!C125 -> Configurazione caldaie | D28: =IF(Projektformular!AC36="",A28&" "&B28&": "&C28,"") -> Pagina 2 A07: Configurazione caldaie | E28: 27 | F28: =IF(D28="","",E28) -> 27 | G28: =SMALL($F$2:$F$51,E28) -> #DIV/0! | H28: =IF(ISERROR(G28)=TRUE,"",OFFSET($A$1,G28,3))
A29: =Text!C$64 -> Pagina 2 | B29: A07 | C29: =Text!C134 -> Filtro per polveri sottili | D29: =IF(Projektformular!AC37="",A29&" "&B29&": "&C29,"") -> Pagina 2 A07: Filtro per polveri sottili | E29: 28 | F29: =IF(D29="","",E29) -> 28 | G29: =SMALL($F$2:$F$51,E29) -> #DIV/0! | H29: =IF(ISERROR(G29)=TRUE,"",OFFSET($A$1,G29,3))
A30: =Text!C$64 -> Pagina 2 | B30: A07 | C30: =Text!C126 -> Scelta del combustibile: | D30: =IF(Projektformular!AC38="",A30&" "&B30&": "&C30,"") -> Pagina 2 A07: Scelta del combustibile: | E30: 29 | F30: =IF(D30="","",E30) -> 29 | G30: =SMALL($F$2:$F$51,E30) -> #DIV/0! | H30: =IF(ISERROR(G30)=TRUE,"",OFFSET($A$1,G30,3))
A31: =Text!C$64 -> Pagina 2 | B31: A07 | C31: =Text!C129 -> Ore di funzionamento | D31: =IF(Projektformular!AI34="",A31&" "&B31&": "&C31,"") | E31: 30 | F31: =IF(D31="","",E31) | G31: =SMALL($F$2:$F$51,E31) -> #DIV/0! | H31: =IF(ISERROR(G31)=TRUE,"",OFFSET($A$1,G31,3))
A32: =Text!C145 -> Pagina 3 | B32: A08 | C32: =Text!C184 -> Riserva: Compilare tutti i dettagli | D32: =IF(OR(AND(ISBLANK(Projektformular!AV36)=TRUE,ISBLANK(Projektformular!AZ36)=TRUE,ISBLANK(Projektformular!BB36)=TRUE),AND(ISBLANK(Projektformular!AV36)=FALSE,ISBLANK(Projektformular!AZ36)=FALSE,ISBLANK(Projektformular!BB36)=FALSE)),"",A32&" "&B32&": "&C32) | E32: 31 | F32: =IF(D32="","",E32) | G32: =SMALL($F$2:$F$51,E32) -> #DIV/0! | H32: =IF(ISERROR(G32)=TRUE,"",OFFSET($A$1,G32,3))
A33: =Text!C145 -> Pagina 3 | B33: A09 | C33: =Text!C186 -> Giustificazione: | D33: =IF(AND(Berechnungen!AV40>0,Berechnungen!AX40=Dropdown!A20),A33&" "&B33&": "&C33,"") | E33: 32 | F33: =IF(D33="","",E33) | G33: =SMALL($F$2:$F$51,E33) -> #DIV/0! | H33: =IF(ISERROR(G33)=TRUE,"",OFFSET($A$1,G33,3))
A34: =Text!C$187 -> Pagina 4 | B34: A10 | C34: =Text!C189 -> Lunghezza del tracciato della | D34: =IF(Projektformular!AC33=Dropdown!A20,"",IF(ISBLANK(Projektformular!BH12)=TRUE,A34&" "&B34&": "&C34,"")) -> Pagina 4 A10: Lunghezza del tracciato della | E34: 33 | F34: =IF(D34="","",E34) -> 33 | G34: =SMALL($F$2:$F$51,E34) -> #DIV/0! | H34: =IF(ISERROR(G34)=TRUE,"",OFFSET($A$1,G34,3))
A35: =Text!C$187 -> Pagina 4 | B35: A10 | C35: =Text!C196&" "&Text!C197 -> Temperature della rete, °C Mandata | D35: =IF(Projektformular!AC33=Dropdown!A20,"",IF(ISBLANK(Projektformular!BP12)=TRUE,A35&" "&B35&": "&C35,"")) -> Pagina 4 A10: Temperature della rete, °C Mandata | E35: 34 | F35: =IF(D35="","",E35) -> 34 | G35: =SMALL($F$2:$F$51,E35) -> #DIV/0! | H35: =IF(ISERROR(G35)=TRUE,"",OFFSET($A$1,G35,3))
A36: =Text!C$187 -> Pagina 4 | B36: A10 | C36: =Text!C196&" "&Text!C198 -> Temperature della rete, °C Ritorno | D36: =IF(Projektformular!AC33=Dropdown!A20,"",IF(ISBLANK(Projektformular!BQ12)=TRUE,A36&" "&B36&": "&C36,"")) -> Pagina 4 A10: Temperature della rete, °C Ritorno | E36: 35 | F36: =IF(D36="","",E36) -> 35 | G36: =SMALL($F$2:$F$51,E36) -> #DIV/0! | H36: =IF(ISERROR(G36)=TRUE,"",OFFSET($A$1,G36,3))
A37: =Text!C$187 -> Pagina 4 | B37: A10 | C37: =Text!C203 -> Giustificazione: | D37: =IF(ISTEXT(Projektformular!BJ14)=TRUE,"",IF(Projektformular!AC33="",A37&" "&B37&": "&C37,IF(Projektformular!AC33=Dropdown!A20,"",IF(Projektformular!BI14=Text!C203,A37&" "&B37&": "&C37,"")))) -> Pagina 4 A10: Giustificazione: | E37: 36 | F37: =IF(D37="","",E37) -> 36 | G37: =SMALL($F$2:$F$51,E37) -> #DIV/0! | H37: =IF(ISERROR(G37)=TRUE,"",OFFSET($A$1,G37,3))
A38: =Text!C$187 -> Pagina 4 | B38: A11 | C38: =Text!C208 -> Potenza nominale | D38: =IF(Projektformular!BL21="",A38&" "&B38&": "&C38,"") -> Pagina 4 A11: Potenza nominale | E38: 37 | F38: =IF(D38="","",E38) -> 37 | G38: =SMALL($F$2:$F$51,E38) -> #DIV/0! | H38: =IF(ISERROR(G38)=TRUE,"",OFFSET($A$1,G38,3))
A39: =Text!C$187 -> Pagina 4 | B39: A11 | C39: =Text!C209 -> Potenza minima | D39: =IF(Projektformular!BV21="",A39&" "&B39&": "&C39,"") -> Pagina 4 A11: Potenza minima | E39: 38 | F39: =IF(D39="","",E39) -> 38 | G39: =SMALL($F$2:$F$51,E39) -> #DIV/0! | H39: =IF(ISERROR(G39)=TRUE,"",OFFSET($A$1,G39,3))
A40: =Text!C$187 -> Pagina 4 | B40: A11 | C40: =Text!C212 -> Altre caldaie - somma delle potenze nominali | D40: =IF(AND(Projektformular!BL22="",Projektformular!AC36=Dropdown!A41),A40&" "&B40&": "&C40,"") | E40: 39 | F40: =IF(D40="","",E40) | G40: =SMALL($F$2:$F$51,E40) -> #DIV/0! | H40: =IF(ISERROR(G40)=TRUE,"",OFFSET($A$1,G40,3))
A41: =Text!C$187 -> Pagina 4 | B41: A11 | C41: =Text!C215 -> Designazione del tipo | D41: =IF(AND(Projektformular!BL19=Dropdown!A19,Projektformular!BL25=""),A41&" "&B41&": "&C41,"") | E41: 40 | F41: =IF(D41="","",E41) | G41: =SMALL($F$2:$F$51,E41) -> #DIV/0! | H41: =IF(ISERROR(G41)=TRUE,"",OFFSET($A$1,G41,3))
A42: =Text!C$187 -> Pagina 4 | B42: A11 | C42: =Text!C216 -> Fabbricante / fornitore | D42: =IF(AND(Projektformular!BL19=Dropdown!A19,Projektformular!BL26=""),A42&" "&B42&": "&C42,"") | E42: 41 | F42: =IF(D42="","",E42) | G42: =SMALL($F$2:$F$51,E42) -> #DIV/0! | H42: =IF(ISERROR(G42)=TRUE,"",OFFSET($A$1,G42,3))
A43: =Text!C$187 -> Pagina 4 | B43: A11 | C43: =Text!C218 -> Sovradimensionamento della caldaia | D43: =IF(ISTEXT(Projektformular!BQ28)=TRUE,"",IF(Projektformular!BP28=Text!C203,A43&" "&B43&": "&C43,"")) -> #DIV/0! | E43: 42 | F43: =IF(D43="","",E43) -> #DIV/0! | G43: =SMALL($F$2:$F$51,E43) -> #DIV/0!
A44: =Text!C$187 -> Pagina 4 | B44: A12 | C44: =Text!C203 -> Giustificazione: | D44: =IF(ISTEXT(Projektformular!BP42)=TRUE,"",IF(Projektformular!BO42=Text!C203,A44&" "&B44&": "&C44,"")) -> #VALUE! | E44: 43 | F44: =IF(D44="","",E44) -> #VALUE! | G44: =SMALL($F$2:$F$51,E44) -> #DIV/0! | H44: =IF(ISERROR(G44)=TRUE,"",OFFSET($A$1,G44,3))
A45: =Text!C$187 -> Pagina 4 | B45: A12 | C45: =Text!C238 -> Temp. andata | D45: =IF(Projektformular!BL45="",A45&" "&B45&": "&C45,"") -> Pagina 4 A12: Temp. andata | E45: 44 | F45: =IF(D45="","",E45) -> 44 | G45: =SMALL($F$2:$F$51,E45) -> #DIV/0! | H45: =IF(ISERROR(G45)=TRUE,"",OFFSET($A$1,G45,3))
A46: =Text!C$187 -> Pagina 4 | B46: A12 | C46: =Text!C286 -> Temperatura di mandata di rete > caldaia | D46: =IF(Projektformular!BP12>Projektformular!BL45,A46&" "&B46&": "&C46,"") | E46: 45 | F46: =IF(D46="","",E46) | G46: =SMALL($F$2:$F$51,E46) -> #DIV/0! | H46: =IF(ISERROR(G46)=TRUE,"",OFFSET($A$1,G46,3))
A47: =Text!C$187 -> Pagina 4 | B47: A12 | C47: =Text!C239 -> Temp. max ritorno | D47: =IF(Projektformular!BT45="",A47&" "&B47&": "&C47,"") -> Pagina 4 A12: Temp. max ritorno | E47: 46 | F47: =IF(D47="","",E47) -> 46 | G47: =SMALL($F$2:$F$51,E47) -> #DIV/0! | H47: =IF(ISERROR(G47)=TRUE,"",OFFSET($A$1,G47,3))
A48: =Text!C$187 -> Pagina 4 | B48: A12 | C48: =Text!C245 -> Specificare il volume previsto dell'accumulatore in metri cubi | D48: =IF(Projektformular!BL48>99,A48&" "&B48&": "&C48,"") | E48: 47 | F48: =IF(D48="","",E48) | G48: =SMALL($F$2:$F$51,E48) -> #DIV/0! | H48: =IF(ISERROR(G48)=TRUE,"",OFFSET($A$1,G48,3))
A49: =Text!C$187 -> Pagina 4 | B49: A12 | C49: =Text!C203 -> Giustificazione: | D49: =IF(ISTEXT(Projektformular!BP49)=TRUE,"",IF(Projektformular!BO49=Text!C203,A49&" "&B49&": "&C49,"")) | E49: 48 | F49: =IF(D49="","",E49) | G49: =SMALL($F$2:$F$51,E49) -> #DIV/0! | H49: =IF(ISERROR(G49)=TRUE,"",OFFSET($A$1,G49,3))
A50: =Text!C$187 -> Pagina 4 | B50: A12 | C50: =Text!C242 -> Volume previsto dell'accumulatore | D50: =IF(Projektformular!BL48="",A50&" "&B50&": "&C50,"") -> Pagina 4 A12: Volume previsto dell'accumulatore | E50: 49 | F50: =IF(D50="","",E50) -> 49 | G50: =SMALL($F$2:$F$51,E50) -> #DIV/0! | H50: =IF(ISERROR(G50)=TRUE,"",OFFSET($A$1,G50,3))
A51: =Text!C$187 -> Pagina 4 | B51: A12 | C51: =Text!C247 -> Capienza netta | D51: =IF(Projektformular!BL53="",A51&" "&B51&": "&C51,"") -> Pagina 4 A12: Capienza netta | E51: 50 | F51: =IF(D51="","",E51) -> 50 | G51: =SMALL($F$2:$F$51,E51) -> #DIV/0! | H51: =IF(ISERROR(G51)=TRUE,"",OFFSET($A$1,G51,3))
D52: =A52&" "&B52&" "&C52 | F52: =COUNT(F2:F51) -> 39

Sheet Berechnungen
A2: Grundlagen für Berechnung | C2: Wohnen mit WW | I2: Wohnen ohne WW | O2: Schule und Verwaltung ohne WW | V2: Werte für Anzeige Richtwerte | X2: Wohnen mit WW | AA2: Wohnen ohne WW | AD2: Schule und Verwaltung ohne WW
C3: WmWW | D3: WmWW | E3: WmWW | F3: WmWW | G3: WmWW | H3: WmWW | I3: WoWW | J3: WoWW | K3: WoWW | L3: WoWW | M3: WoWW | N3: WoWW | O3: SVoWW | P3: SVoWW | Q3: SVoWW | R3: SVoWW | S3: SVoWW | T3: SVoWW
A4: Heizgrenze | B4: °C | C4: 15 | D4: 15 | E4: 13 | F4: 13 | G4: 11 | H4: 11 | I4: 15 | J4: 15 | K4: 13 | L4: 13 | M4: 11 | N4: 11 | O4: 15 | P4: 15 | Q4: 13 | R4: 13 | S4: 11 | T4: 11 | V4: Heizgrenze | W4: °C | X4: WmWW 15 | Y4: WmWW 13 | Z4: WmWW 11 | AA4: WoWW 15 | AB4: WoWW 13 | AC4: WoWW 11 | AD4: SVoWW 15 | AE4: SVoWW 13 | AF4: SVoWW 11
A5: Grenzwerte | C5: Unten | D5: Oben | E5: Unten | F5: Oben | G5: Unten | H5: Oben | I5: Unten | J5: Oben | K5: Unten | L5: Oben | M5: Unten | N5: Oben | O5: Unten | P5: Oben | Q5: Unten | R5: Oben | S5: Unten | T5: Oben
A6: Mittelland | B6: h/a | C6: 2000 | D6: 2500 | E6: 1600 | F6: 2000 | G6: 1300 | H6: 1700 | I6: 1800 | J6: 2200 | K6: 1200 | L6: 1800 | M6: 900 | N6: 1300 | O6: 1400 | P6: 1800 | Q6: 1000 | R6: 1400 | S6: 800 | T6: 1100 | V6: Mittelland VBZ | W6: h/a | X6: =TEXT(C6,"#")&" - "&TEXT(D6,"#") -> 2000 - 2500 | Y6: =TEXT(E6,"#")&" - "&TEXT(F6,"#") -> 1600 - 2000 | Z6: =TEXT(G6,"#")&" - "&TEXT(H6,"#") -> 1300 - 1700 | AA6: =TEXT(I6,"#")&" - "&TEXT(J6,"#") -> 1800 - 2200 | AB6: =TEXT(K6,"#")&" - "&TEXT(L6,"#") -> 1200 - 1800 | AC6: =TEXT(M6,"#")&" - "&TEXT(N6,"#") -> 900 - 1300 | AD6: =TEXT(O6,"#")&" - "&TEXT(P6,"#") -> 1400 - 1800 | AE6: =TEXT(Q6,"#")&" - "&TEXT(R6,"#") -> 1000 - 1400 | AF6: =TEXT(S6,"#")&" - "&TEXT(T6,"#") -> 800 - 1100
A7: 350...800 m.ü.M. | B7: kWh/(m2a) | C7: 80 | D7: 120 | E7: 50 | F7: 80 | G7: 40 | H7: 60 | I7: 60 | J7: 100 | K7: 30 | L7: 60 | M7: 20 | N7: 40 | O7: 60 | P7: 100 | Q7: 30 | R7: 60 | S7: 20 | T7: 40 | V7: Mittelland Energie | W7: kWh/(m2a) | X7: =TEXT(C7,"#")&" - "&TEXT(D7,"#") -> 80 - 120 | Y7: =TEXT(E7,"#")&" - "&TEXT(F7,"#") -> 50 - 80 | Z7: =TEXT(G7,"#")&" - "&TEXT(H7,"#") -> 40 - 60 | AA7: =TEXT(I7,"#")&" - "&TEXT(J7,"#") -> 60 - 100 | AB7: =TEXT(K7,"#")&" - "&TEXT(L7,"#") -> 30 - 60 | AC7: =TEXT(M7,"#")&" - "&TEXT(N7,"#") -> 20 - 40 | AD7: =TEXT(O7,"#")&" - "&TEXT(P7,"#") -> 60 - 100 | AE7: =TEXT(Q7,"#")&" - "&TEXT(R7,"#") -> 30 - 60 | AF7: =TEXT(S7,"#")&" - "&TEXT(T7,"#") -> 20 - 40
A8: (Zürich) | B8: W/m2 | C8: 35 | D8: 55 | E8: 30 | F8: 45 | G8: 25 | H8: 40 | I8: 30 | J8: 50 | K8: 20 | L8: 40 | M8: 20 | N8: 35 | O8: 35 | P8: 60 | Q8: 25 | R8: 50 | S8: 25 | T8: 40 | V8: Mittelland Leistung | W8: W/m2 | X8: =TEXT(C8,"#")&" - "&TEXT(D8,"#") -> 35 - 55 | Y8: =TEXT(E8,"#")&" - "&TEXT(F8,"#") -> 30 - 45 | Z8: =TEXT(G8,"#")&" - "&TEXT(H8,"#") -> 25 - 40 | AA8: =TEXT(I8,"#")&" - "&TEXT(J8,"#") -> 30 - 50 | AB8: =TEXT(K8,"#")&" - "&TEXT(L8,"#") -> 20 - 40 | AC8: =TEXT(M8,"#")&" - "&TEXT(N8,"#") -> 20 - 35 | AD8: =TEXT(O8,"#")&" - "&TEXT(P8,"#") -> 35 - 60 | AE8: =TEXT(Q8,"#")&" - "&TEXT(R8,"#") -> 25 - 50 | AF8: =TEXT(S8,"#")&" - "&TEXT(T8,"#") -> 25 - 40
A9: Bergregion | B9: h/a | C9: 2300 | D9: 2800 | E9: 1900 | F9: 2300 | G9: 1600 | H9: 2000 | I9: 2100 | J9: 2600 | K9: 1500 | L9: 2100 | M9: 1200 | N9: 1600 | O9: 1700 | P9: 2200 | Q9: 1300 | R9: 1700 | S9: 1000 | T9: 1400 | V9: Bergregion VBZ | W9: h/a | X9: =TEXT(C9,"#")&" - "&TEXT(D9,"#") -> 2300 - 2800 | Y9: =TEXT(E9,"#")&" - "&TEXT(F9,"#") -> 1900 - 2300 | Z9: =TEXT(G9,"#")&" - "&TEXT(H9,"#") -> 1600 - 2000 | AA9: =TEXT(I9,"#")&" - "&TEXT(J9,"#") -> 2100 - 2600 | AB9: =TEXT(K9,"#")&" - "&TEXT(L9,"#") -> 1500 - 2100 | AC9: =TEXT(M9,"#")&" - "&TEXT(N9,"#") -> 1200 - 1600 | AD9: =TEXT(O9,"#")&" - "&TEXT(P9,"#") -> 1700 - 2200 | AE9: =TEXT(Q9,"#")&" - "&TEXT(R9,"#") -> 1300 - 1700 | AF9: =TEXT(S9,"#")&" - "&TEXT(T9,"#") -> 1000 - 1400
A10: 800..1200 m.ü.M. | B10: kWh/(m2a) | C10: 95 | D10: 140 | E10: 55 | F10: 95 | G10: 45 | H10: 65 | I10: 75 | J10: 120 | K10: 35 | L10: 75 | M10: 25 | N10: 45 | O10: 75 | P10: 120 | Q10: 35 | R10: 75 | S10: 25 | T10: 45 | V10: Bergregion Energie | W10: kWh/(m2a) | X10: =TEXT(C10,"#")&" - "&TEXT(D10,"#") -> 95 - 140 | Y10: =TEXT(E10,"#")&" - "&TEXT(F10,"#") -> 55 - 95 | Z10: =TEXT(G10,"#")&" - "&TEXT(H10,"#") -> 45 - 65 | AA10: =TEXT(I10,"#")&" - "&TEXT(J10,"#") -> 75 - 120 | AB10: =TEXT(K10,"#")&" - "&TEXT(L10,"#") -> 35 - 75 | AC10: =TEXT(M10,"#")&" - "&TEXT(N10,"#") -> 25 - 45 | AD10: =TEXT(O10,"#")&" - "&TEXT(P10,"#") -> 75 - 120 | AE10: =TEXT(Q10,"#")&" - "&TEXT(R10,"#") -> 35 - 75 | AF10: =TEXT(S10,"#")&" - "&TEXT(T10,"#") -> 25 - 45
A11: (Engelberg) | B11: W/m2 | C11: 35 | D11: 55 | E11: 30 | F11: 45 | G11: 25 | H11: 40 | I11: 30 | J11: 50 | K11: 20 | L11: 40 | M11: 20 | N11: 35 | O11: 35 | P11: 60 | Q11: 25 | R11: 50 | S11: 25 | T11: 40 | V11: Bergregion Leistung | W11: W/m2 | X11: =TEXT(C11,"#")&" - "&TEXT(D11,"#") -> 35 - 55 | Y11: =TEXT(E11,"#")&" - "&TEXT(F11,"#") -> 30 - 45 | Z11: =TEXT(G11,"#")&" - "&TEXT(H11,"#") -> 25 - 40 | AA11: =TEXT(I11,"#")&" - "&TEXT(J11,"#") -> 30 - 50 | AB11: =TEXT(K11,"#")&" - "&TEXT(L11,"#") -> 20 - 40 | AC11: =TEXT(M11,"#")&" - "&TEXT(N11,"#") -> 20 - 35 | AD11: =TEXT(O11,"#")&" - "&TEXT(P11,"#") -> 35 - 60 | AE11: =TEXT(Q11,"#")&" - "&TEXT(R11,"#") -> 25 - 50 | AF11: =TEXT(S11,"#")&" - "&TEXT(T11,"#") -> 25 - 40
A12: Südschweiz | B12: h/a | C12: 1700 | D12: 2200 | E12: 1400 | F12: 1700 | G12: 1400 | H12: 1800 | I12: 1400 | J12: 1900 | K12: 1100 | L12: 1400 | M12: 900 | N12: 1200 | O12: 1300 | P12: 1600 | Q12: 1000 | R12: 1300 | S12: 800 | T12: 1100 | V12: Südschweiz VBZ | W12: h/a | X12: =TEXT(C12,"#")&" - "&TEXT(D12,"#") -> 1700 - 2200 | Y12: =TEXT(E12,"#")&" - "&TEXT(F12,"#") -> 1400 - 1700 | Z12: =TEXT(G12,"#")&" - "&TEXT(H12,"#") -> 1400 - 1800 | AA12: =TEXT(I12,"#")&" - "&TEXT(J12,"#") -> 1400 - 1900 | AB12: =TEXT(K12,"#")&" - "&TEXT(L12,"#") -> 1100 - 1400 | AC12: =TEXT(M12,"#")&" - "&TEXT(N12,"#") -> 900 - 1200 | AD12: =TEXT(O12,"#")&" - "&TEXT(P12,"#") -> 1300 - 1600 | AE12: =TEXT(Q12,"#")&" - "&TEXT(R12,"#") -> 1000 - 1300 | AF12: =TEXT(S12,"#")&" - "&TEXT(T12,"#") -> 800 - 1100
A13: 200...600 m.ü.M. | B13: kWh/(m2a) | C13: 70 | D13: 105 | E13: 45 | F13: 70 | G13: 40 | H13: 55 | I13: 50 | J13: 85 | K13: 25 | L13: 50 | M13: 20 | N13: 35 | O13: 50 | P13: 85 | Q13: 25 | R13: 50 | S13: 20 | T13: 35 | V13: Südschweiz Energie | W13: kWh/(m2a) | X13: =TEXT(C13,"#")&" - "&TEXT(D13,"#") -> 70 - 105 | Y13: =TEXT(E13,"#")&" - "&TEXT(F13,"#") -> 45 - 70 | Z13: =TEXT(G13,"#")&" - "&TEXT(H13,"#") -> 40 - 55 | AA13: =TEXT(I13,"#")&" - "&TEXT(J13,"#") -> 50 - 85 | AB13: =TEXT(K13,"#")&" - "&TEXT(L13,"#") -> 25 - 50 | AC13: =TEXT(M13,"#")&" - "&TEXT(N13,"#") -> 20 - 35 | AD13: =TEXT(O13,"#")&" - "&TEXT(P13,"#") -> 50 - 85 | AE13: =TEXT(Q13,"#")&" - "&TEXT(R13,"#") -> 25 - 50 | AF13: =TEXT(S13,"#")&" - "&TEXT(T13,"#") -> 20 - 35
A14: (Locarno) | B14: W/m2 | C14: 35 | D14: 55 | E14: 30 | F14: 45 | G14: 25 | H14: 40 | I14: 30 | J14: 50 | K14: 20 | L14: 40 | M14: 20 | N14: 35 | O14: 35 | P14: 60 | Q14: 25 | R14: 50 | S14: 25 | T14: 40 | V14: Südschweiz Leistung | W14: W/m2 | X14: =TEXT(C14,"#")&" - "&TEXT(D14,"#") -> 35 - 55 | Y14: =TEXT(E14,"#")&" - "&TEXT(F14,"#") -> 30 - 45 | Z14: =TEXT(G14,"#")&" - "&TEXT(H14,"#") -> 25 - 40 | AA14: =TEXT(I14,"#")&" - "&TEXT(J14,"#") -> 30 - 50 | AB14: =TEXT(K14,"#")&" - "&TEXT(L14,"#") -> 20 - 40 | AC14: =TEXT(M14,"#")&" - "&TEXT(N14,"#") -> 20 - 35 | AD14: =TEXT(O14,"#")&" - "&TEXT(P14,"#") -> 35 - 60 | AE14: =TEXT(Q14,"#")&" - "&TEXT(R14,"#") -> 25 - 50 | AF14: =TEXT(S14,"#")&" - "&TEXT(T14,"#") -> 25 - 40
W16: =IF(Projektformular!AA14=Dropdown!A29,Text!D98,IF(Projektformular!AA14=Dropdown!A30,Text!D99,Text!D100)) -> Südschweiz | AL16: Kontrolle
AD17: VBZ berechnet | AE17: spez. Energie | AF17: spez. Leistung | AG17: Suchkriterium | AH17: Suchkriterium | AI17: Richtwerte gemäss Tabelle | AL17: Vollbetriebs- | AO17: kWh/(m2 a) | AR17: W/m2 | AU17: Overall
W18: Abnehmer | X18: Gebäude- bzw. | Y18: Wärme- | Z18: Leistung | AA18: Energiebezugsfläche | AB18: Nutzenergie | AC18: davon WW | AH18: GW oben | AI18: Vollbetriebs- | AJ18: kWh/(m2 a) | AK18: W/m2 | AL18: stundenzahl
W19: Nr. | X19: Nutzungsart | Y19: dämmung | Z19: kW | AA19: m2 | AB19: kWh/a | AC19: kWh/a | AI19: stundenzahl | AL19: Unten | AM19: Oben | AN19: Check | AO19: Unten | AP19: Oben | AQ19: Check | AR19: Unten | AS19: Oben | AT19: Check
A20: Angaben für Kontrolle | C20: Wohnen mit WW | I20: Wohnen ohne WW | O20: Schule und Verwaltung ohne WW | W20: 1 | X20: =IF(ISBLANK(Projektformular!AV13)=TRUE,NA(),Projektformular!AV13) -> #N/A | Y20: =IF(ISBLANK(Projektformular!AX13)=TRUE,NA(),Projektformular!AX13) -> #N/A | Z20: =IF(ISBLANK(Projektformular!AZ13)=TRUE,NA(),Projektformular!AZ13) -> #N/A | AA20: =IF(ISBLANK(Projektformular!BA13)=TRUE,NA(),Projektformular!BA13) -> #N/A | AB20: =IF(ISBLANK(Projektformular!BB13)=TRUE,NA(),Projektformular!BB13) -> #N/A | AC20: =IF(ISBLANK(Projektformular!BC13)=TRUE,NA(),Projektformular!BC13) | AD20: =AB20/Z20 -> #N/A | AE20: =AB20/AA20 -> #N/A | AF20: =Z20*1000/AA20 -> #N/A | AG20: =IF(AND(X20=Dropdown!$A$64,Y20=Dropdown!$A$71),$X$4,IF(AND(X20=Dropdown!$A$64,Y20=Dropdown!$A$72),$Y$4,IF(AND(X20=Dropdown!$A$64,Y20=Dropdown!$A$73),$Z$4, IF(AND(X20=Dropdown!$A$65,Y20=Dropdown!$A$71),$AA$4,IF(AND(X20=Dropdown!$A$65,Y20=Dropdown!$A$72),$AB$4,IF(AND(X20=Dropdown!$A$65,Y20=Dropdown!$A$73),$AC$4, IF(AND(X20=Dropdown!$A$66,Y20=Dropdown!$A$71),$AD$4,IF(AND(X20=Dropdown!$A$66,Y20=Dropdown!$A$72),$AE$4,IF(AND(X20=Dropdown!$A$66,Y20=Dropdown!$A$73),$AF$4, IF(AND(X20=Dropdown!$A$67,Y20=Dropdown!$A$71),$AD$4,IF(AND(X20=Dropdown!$A$67,Y20=Dropdown!$A$72),$AE$4,IF(AND(X20=Dropdown!$A$67,Y20=Dropdown!$A$73),$AF$4, NA())))))))))))) -> #N/A | AH20: =AG20&" up" -> #N/A | AI20: =HLOOKUP(AG20,$X$4:$AF$14,MATCH(TEXT($W$16,"#")&" VBZ",$V$4:$V$14,0),FALSE) -> #N/A | AJ20: =HLOOKUP(AG20,$X$4:$AF$14,MATCH(TEXT($W$16,"#")&" Energie",$V$4:$V$14,0),FALSE) -> #N/A | AK20: =HLOOKUP(AG20,$X$4:$AF$14,MATCH(TEXT($W$16,"#")&" Leistung",$V$4:$V$14,0),FALSE) -> #N/A | AL20: =HLOOKUP(AG20,$C$22:$T$32,MATCH(TEXT($W$16,"#")&" VBZ",$A$22:$A$32,0),FALSE) -> #N/A | AM20: =HLOOKUP(AH20,$C$22:$T$32,MATCH(TEXT($W$16,"#")&" VBZ",$A$22:$A$32,0),FALSE) -> #N/A | AN20: =IF(AND(AD20>=AL20,AD20<=AM20),Dropdown!$A$19,Dropdown!$A$20) -> #N/A | AO20: =HLOOKUP(AG20,$C$22:$T$32,MATCH(TEXT($W$16,"#")&" Energie",$A$22:$A$32,0),FALSE) -> #N/A | AP20: =HLOOKUP(AH20,$C$22:$T$32,MATCH(TEXT($W$16,"#")&" Energie",$A$22:$A$32,0),FALSE) -> #N/A | AQ20: =IF(AND(AE20>=AO20,AE20<=AP20),Dropdown!$A$19,Dropdown!$A$20) -> #N/A | AR20: =HLOOKUP(AG20,$C$22:$T$32,MATCH(TEXT($W$16,"#")&" Leistung",$A$22:$A$32,0),FALSE) -> #N/A | AS20: =HLOOKUP(AH20,$C$22:$T$32,MATCH(TEXT($W$16,"#")&" Leistung",$A$22:$A$32,0),FALSE) -> #N/A | AT20: =IF(AND(AF20>=AR20,AF20<=AS20),Dropdown!$A$19,Dropdown!$A$20) -> #N/A | AU20: =IF(AND(AN20=Dropdown!$A$19,AQ20=Dropdown!$A$19,AT20=Dropdown!$A$19),Dropdown!$A$19,Dropdown!$A$20) -> #N/A | AV20: =IF(Projektformular!AX45="",Dropdown!A$19,Projektformular!AX45) -> Si | AW20: =IF(Projektformular!AY45="","",Projektformular!AY45)
W21: 2 | X21: =IF(ISBLANK(Projektformular!AV14)=TRUE,NA(),Projektformular!AV14) -> #N/A | Y21: =IF(ISBLANK(Projektformular!AX14)=TRUE,NA(),Projektformular!AX14) -> #N/A | Z21: =IF(ISBLANK(Projektformular!AZ14)=TRUE,NA(),Projektformular!AZ14) -> #N/A | AA21: =IF(ISBLANK(Projektformular!BA14)=TRUE,NA(),Projektformular!BA14) -> #N/A | AB21: =IF(ISBLANK(Projektformular!BB14)=TRUE,NA(),Projektformular!BB14) -> #N/A | AC21: =IF(ISBLANK(Projektformular!BC14)=TRUE,NA(),Projektformular!BC14) | AD21: =AB21/Z21 -> #N/A | AE21: =AB21/AA21 -> #N/A | AF21: =Z21*1000/AA21 -> #N/A | AG21: =IF(AND(X21=Dropdown!$A$64,Y21=Dropdown!$A$71),$X$4,IF(AND(X21=Dropdown!$A$64,Y21=Dropdown!$A$72),$Y$4,IF(AND(X21=Dropdown!$A$64,Y21=Dropdown!$A$73),$Z$4, IF(AND(X21=Dropdown!$A$65,Y21=Dropdown!$A$71),$AA$4,IF(AND(X21=Dropdown!$A$65,Y21=Dropdown!$A$72),$AB$4,IF(AND(X21=Dropdown!$A$65,Y21=Dropdown!$A$73),$AC$4, IF(AND(X21=Dropdown!$A$66,Y21=Dropdown!$A$71),$AD$4,IF(AND(X21=Dropdown!$A$66,Y21=Dropdown!$A$72),$AE$4,IF(AND(X21=Dropdown!$A$66,Y21=Dropdown!$A$73),$AF$4, IF(AND(X21=Dropdown!$A$67,Y21=Dropdown!$A$71),$AD$4,IF(AND(X21=Dropdown!$A$67,Y21=Dropdown!$A$72),$AE$4,IF(AND(X21=Dropdown!$A$67,Y21=Dropdown!$A$73),$AF$4, NA())))))))))))) -> #N/A | AH21: =AG21&" up" -> #N/A | AI21: =HLOOKUP(AG21,$X$4:$AF$14,MATCH(TEXT($W$16,"#")&" VBZ",$V$4:$V$14,0),FALSE) -> #N/A | AJ21: =HLOOKUP(AG21,$X$4:$AF$14,MATCH(TEXT($W$16,"#")&" Energie",$V$4:$V$14,0),FALSE) -> #N/A | AK21: =HLOOKUP(AG21,$X$4:$AF$14,MATCH(TEXT($W$16,"#")&" Leistung",$V$4:$V$14,0),FALSE) -> #N/A | AL21: =HLOOKUP(AG21,$C$22:$T$32,MATCH(TEXT($W$16,"#")&" VBZ",$A$22:$A$32,0),FALSE) -> #N/A | AM21: =HLOOKUP(AH21,$C$22:$T$32,MATCH(TEXT($W$16,"#")&" VBZ",$A$22:$A$32,0),FALSE) -> #N/A | AN21: =IF(AND(AD21>=AL21,AD21<=AM21),Dropdown!$A$19,Dropdown!$A$20) -> #N/A | AO21: =HLOOKUP(AG21,$C$22:$T$32,MATCH(TEXT($W$16,"#")&" Energie",$A$22:$A$32,0),FALSE) -> #N/A | AP21: =HLOOKUP(AH21,$C$22:$T$32,MATCH(TEXT($W$16,"#")&" Energie",$A$22:$A$32,0),FALSE) -> #N/A | AQ21: =IF(AND(AE21>=AO21,AE21<=AP21),Dropdown!$A$19,Dropdown!$A$20) -> #N/A | AR21: =HLOOKUP(AG21,$C$22:$T$32,MATCH(TEXT($W$16,"#")&" Leistung",$A$22:$A$32,0),FALSE) -> #N/A | AS21: =HLOOKUP(AH21,$C$22:$T$32,MATCH(TEXT($W$16,"#")&" Leistung",$A$22:$A$32,0),FALSE) -> #N/A | AT21: =IF(AND(AF21>=AR21,AF21<=AS21),Dropdown!$A$19,Dropdown!$A$20) -> #N/A | AU21: =IF(AND(AN21=Dropdown!$A$19,AQ21=Dropdown!$A$19,AT21=Dropdown!$A$19),Dropdown!$A$19,Dropdown!$A$20) -> #N/A | AV21: =IF(Projektformular!AX46="",Dropdown!A$19,Projektformular!AX46) -> Si | AW21: =IF(Projektformular!AY46="","",Projektformular!AY46)
A22: Heizgrenze | B22: °C | C22: WmWW 15 | D22: WmWW 15 up | E22: WmWW 13 | F22: WmWW 13 up | G22: WmWW 11 | H22: WmWW 11 up | I22: WoWW 15 | J22: WoWW 15 up | K22: WoWW 13 | L22: WoWW 13 up | M22: WoWW 11 | N22: WoWW 11 up | O22: SVoWW 15 | P22: SVoWW 15 up | Q22: SVoWW 13 | R22: SVoWW 13 up | S22: SVoWW 11 | T22: SVoWW 11 up | W22: 3 | X22: =IF(ISBLANK(Projektformular!AV15)=TRUE,NA(),Projektformular!AV15) -> #N/A | Y22: =IF(ISBLANK(Projektformular!AX15)=TRUE,NA(),Projektformular!AX15) -> #N/A | Z22: =IF(ISBLANK(Projektformular!AZ15)=TRUE,NA(),Projektformular!AZ15) -> #N/A | AA22: =IF(ISBLANK(Projektformular!BA15)=TRUE,NA(),Projektformular!BA15) -> #N/A | AB22: =IF(ISBLANK(Projektformular!BB15)=TRUE,NA(),Projektformular!BB15) -> #N/A | AC22: =IF(ISBLANK(Projektformular!BC15)=TRUE,NA(),Projektformular!BC15) | AD22: =AB22/Z22 -> #N/A | AE22: =AB22/AA22 -> #N/A | AF22: =Z22*1000/AA22 -> #N/A | AG22: =IF(AND(X22=Dropdown!$A$64,Y22=Dropdown!$A$71),$X$4,IF(AND(X22=Dropdown!$A$64,Y22=Dropdown!$A$72),$Y$4,IF(AND(X22=Dropdown!$A$64,Y22=Dropdown!$A$73),$Z$4, IF(AND(X22=Dropdown!$A$65,Y22=Dropdown!$A$71),$AA$4,IF(AND(X22=Dropdown!$A$65,Y22=Dropdown!$A$72),$AB$4,IF(AND(X22=Dropdown!$A$65,Y22=Dropdown!$A$73),$AC$4, IF(AND(X22=Dropdown!$A$66,Y22=Dropdown!$A$71),$AD$4,IF(AND(X22=Dropdown!$A$66,Y22=Dropdown!$A$72),$AE$4,IF(AND(X22=Dropdown!$A$66,Y22=Dropdown!$A$73),$AF$4, IF(AND(X22=Dropdown!$A$67,Y22=Dropdown!$A$71),$AD$4,IF(AND(X22=Dropdown!$A$67,Y22=Dropdown!$A$72),$AE$4,IF(AND(X22=Dropdown!$A$67,Y22=Dropdown!$A$73),$AF$4, NA())))))))))))) -> #N/A | AH22: =AG22&" up" -> #N/A | AI22: =HLOOKUP(AG22,$X$4:$AF$14,MATCH(TEXT($W$16,"#")&" VBZ",$V$4:$V$14,0),FALSE) -> #N/A | AJ22: =HLOOKUP(AG22,$X$4:$AF$14,MATCH(TEXT($W$16,"#")&" Energie",$V$4:$V$14,0),FALSE) -> #N/A | AK22: =HLOOKUP(AG22,$X$4:$AF$14,MATCH(TEXT($W$16,"#")&" Leistung",$V$4:$V$14,0),FALSE) -> #N/A | AL22: =HLOOKUP(AG22,$C$22:$T$32,MATCH(TEXT($W$16,"#")&" VBZ",$A$22:$A$32,0),FALSE) -> #N/A | AM22: =HLOOKUP(AH22,$C$22:$T$32,MATCH(TEXT($W$16,"#")&" VBZ",$A$22:$A$32,0),FALSE) -> #N/A | AN22: =IF(AND(AD22>=AL22,AD22<=AM22),Dropdown!$A$19,Dropdown!$A$20) -> #N/A | AO22: =HLOOKUP(AG22,$C$22:$T$32,MATCH(TEXT($W$16,"#")&" Energie",$A$22:$A$32,0),FALSE) -> #N/A | AP22: =HLOOKUP(AH22,$C$22:$T$32,MATCH(TEXT($W$16,"#")&" Energie",$A$22:$A$32,0),FALSE) -> #N/A | AQ22: =IF(AND(AE22>=AO22,AE22<=AP22),Dropdown!$A$19,Dropdown!$A$20) -> #N/A | AR22: =HLOOKUP(AG22,$C$22:$T$32,MATCH(TEXT($W$16,"#")&" Leistung",$A$22:$A$32,0),FALSE) -> #N/A | AS22: =HLOOKUP(AH22,$C$22:$T$32,MATCH(TEXT($W$16,"#")&" Leistung",$A$22:$A$32,0),FALSE) -> #N/A | AT22: =IF(AND(AF22>=AR22,AF22<=AS22),Dropdown!$A$19,Dropdown!$A$20) -> #N/A | AU22: =IF(AND(AN22=Dropdown!$A$19,AQ22=Dropdown!$A$19,AT22=Dropdown!$A$19),Dropdown!$A$19,Dropdown!$A$20) -> #N/A | AV22: =IF(Projektformular!AX47="",Dropdown!A$19,Projektformular!AX47) -> Si | AW22: =IF(Projektformular!AY47="","",Projektformular!AY47)
A23: Grenzwerte | C23: Unten | D23: Oben | E23: Unten | F23: Oben | G23: Unten | H23: Oben | I23: Unten | J23: Oben | K23: Unten | L23: Oben | M23: Unten | N23: Oben | O23: Unten | P23: Oben | Q23: Unten | R23: Oben | S23: Unten | T23: Oben | W23: 4 | X23: =IF(ISBLANK(Projektformular!AV16)=TRUE,NA(),Projektformular!AV16) -> #N/A | Y23: =IF(ISBLANK(Projektformular!AX16)=TRUE,NA(),Projektformular!AX16) -> #N/A | Z23: =IF(ISBLANK(Projektformular!AZ16)=TRUE,NA(),Projektformular!AZ16) -> #N/A | AA23: =IF(ISBLANK(Projektformular!BA16)=TRUE,NA(),Projektformular!BA16) -> #N/A | AB23: =IF(ISBLANK(Projektformular!BB16)=TRUE,NA(),Projektformular!BB16) -> #N/A | AC23: =IF(ISBLANK(Projektformular!BC16)=TRUE,NA(),Projektformular!BC16) | AD23: =AB23/Z23 -> #N/A | AE23: =AB23/AA23 -> #N/A | AF23: =Z23*1000/AA23 -> #N/A | AG23: =IF(AND(X23=Dropdown!$A$64,Y23=Dropdown!$A$71),$X$4,IF(AND(X23=Dropdown!$A$64,Y23=Dropdown!$A$72),$Y$4,IF(AND(X23=Dropdown!$A$64,Y23=Dropdown!$A$73),$Z$4, IF(AND(X23=Dropdown!$A$65,Y23=Dropdown!$A$71),$AA$4,IF(AND(X23=Dropdown!$A$65,Y23=Dropdown!$A$72),$AB$4,IF(AND(X23=Dropdown!$A$65,Y23=Dropdown!$A$73),$AC$4, IF(AND(X23=Dropdown!$A$66,Y23=Dropdown!$A$71),$AD$4,IF(AND(X23=Dropdown!$A$66,Y23=Dropdown!$A$72),$AE$4,IF(AND(X23=Dropdown!$A$66,Y23=Dropdown!$A$73),$AF$4, IF(AND(X23=Dropdown!$A$67,Y23=Dropdown!$A$71),$AD$4,IF(AND(X23=Dropdown!$A$67,Y23=Dropdown!$A$72),$AE$4,IF(AND(X23=Dropdown!$A$67,Y23=Dropdown!$A$73),$AF$4, NA())))))))))))) -> #N/A | AH23: =AG23&" up" -> #N/A | AI23: =HLOOKUP(AG23,$X$4:$AF$14,MATCH(TEXT($W$16,"#")&" VBZ",$V$4:$V$14,0),FALSE) -> #N/A | AJ23: =HLOOKUP(AG23,$X$4:$AF$14,MATCH(TEXT($W$16,"#")&" Energie",$V$4:$V$14,0),FALSE) -> #N/A | AK23: =HLOOKUP(AG23,$X$4:$AF$14,MATCH(TEXT($W$16,"#")&" Leistung",$V$4:$V$14,0),FALSE) -> #N/A | AL23: =HLOOKUP(AG23,$C$22:$T$32,MATCH(TEXT($W$16,"#")&" VBZ",$A$22:$A$32,0),FALSE) -> #N/A | AM23: =HLOOKUP(AH23,$C$22:$T$32,MATCH(TEXT($W$16,"#")&" VBZ",$A$22:$A$32,0),FALSE) -> #N/A | AN23: =IF(AND(AD23>=AL23,AD23<=AM23),Dropdown!$A$19,Dropdown!$A$20) -> #N/A | AO23: =HLOOKUP(AG23,$C$22:$T$32,MATCH(TEXT($W$16,"#")&" Energie",$A$22:$A$32,0),FALSE) -> #N/A | AP23: =HLOOKUP(AH23,$C$22:$T$32,MATCH(TEXT($W$16,"#")&" Energie",$A$22:$A$32,0),FALSE) -> #N/A | AQ23: =IF(AND(AE23>=AO23,AE23<=AP23),Dropdown!$A$19,Dropdown!$A$20) -> #N/A | AR23: =HLOOKUP(AG23,$C$22:$T$32,MATCH(TEXT($W$16,"#")&" Leistung",$A$22:$A$32,0),FALSE) -> #N/A | AS23: =HLOOKUP(AH23,$C$22:$T$32,MATCH(TEXT($W$16,"#")&" Leistung",$A$22:$A$32,0),FALSE) -> #N/A | AT23: =IF(AND(AF23>=AR23,AF23<=AS23),Dropdown!$A$19,Dropdown!$A$20) -> #N/A | AU23: =IF(AND(AN23=Dropdown!$A$19,AQ23=Dropdown!$A$19,AT23=Dropdown!$A$19),Dropdown!$A$19,Dropdown!$A$20) -> #N/A | AV23: =IF(Projektformular!AX48="",Dropdown!A$19,Projektformular!AX48) -> Si | AW23: =IF(Projektformular!AY48="","",Projektformular!AY48)
A24: Mittelland VBZ | B24: h/a | C24: =C6 -> 2000 | D24: =D6 -> 2500 | E24: =E6 -> 1600 | F24: =F6 -> 2000 | G24: =G6 -> 1300 | H24: =H6 -> 1700 | I24: =I6 -> 1800 | J24: =J6 -> 2200 | ... T24: =T6 -> 1100 | W24: 5 | X24: =IF(ISBLANK(Projektformular!AV17)=TRUE,NA(),Projektformular!AV17) -> #N/A | Y24: =IF(ISBLANK(Projektformular!AX17)=TRUE,NA(),Projektformular!AX17) -> #N/A | Z24: =IF(ISBLANK(Projektformular!AZ17)=TRUE,NA(),Projektformular!AZ17) -> #N/A | AA24: =IF(ISBLANK(Projektformular!BA17)=TRUE,NA(),Projektformular!BA17) -> #N/A | AB24: =IF(ISBLANK(Projektformular!BB17)=TRUE,NA(),Projektformular!BB17) -> #N/A | AC24: =IF(ISBLANK(Projektformular!BC17)=TRUE,NA(),Projektformular!BC17) | AD24: =AB24/Z24 -> #N/A | AE24: =AB24/AA24 -> #N/A | AF24: =Z24*1000/AA24 -> #N/A | AG24: =IF(AND(X24=Dropdown!$A$64,Y24=Dropdown!$A$71),$X$4,IF(AND(X24=Dropdown!$A$64,Y24=Dropdown!$A$72),$Y$4,IF(AND(X24=Dropdown!$A$64,Y24=Dropdown!$A$73),$Z$4, IF(AND(X24=Dropdown!$A$65,Y24=Dropdown!$A$71),$AA$4,IF(AND(X24=Dropdown!$A$65,Y24=Dropdown!$A$72),$AB$4,IF(AND(X24=Dropdown!$A$65,Y24=Dropdown!$A$73),$AC$4, IF(AND(X24=Dropdown!$A$66,Y24=Dropdown!$A$71),$AD$4,IF(AND(X24=Dropdown!$A$66,Y24=Dropdown!$A$72),$AE$4,IF(AND(X24=Dropdown!$A$66,Y24=Dropdown!$A$73),$AF$4, IF(AND(X24=Dropdown!$A$67,Y24=Dropdown!$A$71),$AD$4,IF(AND(X24=Dropdown!$A$67,Y24=Dropdown!$A$72),$AE$4,IF(AND(X24=Dropdown!$A$67,Y24=Dropdown!$A$73),$AF$4, NA())))))))))))) -> #N/A | AH24: =AG24&" up" -> #N/A | AI24: =HLOOKUP(AG24,$X$4:$AF$14,MATCH(TEXT($W$16,"#")&" VBZ",$V$4:$V$14,0),FALSE) -> #N/A | AJ24: =HLOOKUP(AG24,$X$4:$AF$14,MATCH(TEXT($W$16,"#")&" Energie",$V$4:$V$14,0),FALSE) -> #N/A | AK24: =HLOOKUP(AG24,$X$4:$AF$14,MATCH(TEXT($W$16,"#")&" Leistung",$V$4:$V$14,0),FALSE) -> #N/A | AL24: =HLOOKUP(AG24,$C$22:$T$32,MATCH(TEXT($W$16,"#")&" VBZ",$A$22:$A$32,0),FALSE) -> #N/A | AM24: =HLOOKUP(AH24,$C$22:$T$32,MATCH(TEXT($W$16,"#")&" VBZ",$A$22:$A$32,0),FALSE) -> #N/A | AN24: =IF(AND(AD24>=AL24,AD24<=AM24),Dropdown!$A$19,Dropdown!$A$20) -> #N/A | AO24: =HLOOKUP(AG24,$C$22:$T$32,MATCH(TEXT($W$16,"#")&" Energie",$A$22:$A$32,0),FALSE) -> #N/A | AP24: =HLOOKUP(AH24,$C$22:$T$32,MATCH(TEXT($W$16,"#")&" Energie",$A$22:$A$32,0),FALSE) -> #N/A | AQ24: =IF(AND(AE24>=AO24,AE24<=AP24),Dropdown!$A$19,Dropdown!$A$20) -> #N/A | AR24: =HLOOKUP(AG24,$C$22:$T$32,MATCH(TEXT($W$16,"#")&" Leistung",$A$22:$A$32,0),FALSE) -> #N/A | AS24: =HLOOKUP(AH24,$C$22:$T$32,MATCH(TEXT($W$16,"#")&" Leistung",$A$22:$A$32,0),FALSE) -> #N/A | AT24: =IF(AND(AF24>=AR24,AF24<=AS24),Dropdown!$A$19,Dropdown!$A$20) -> #N/A | AU24: =IF(AND(AN24=Dropdown!$A$19,AQ24=Dropdown!$A$19,AT24=Dropdown!$A$19),Dropdown!$A$19,Dropdown!$A$20) -> #N/A | AV24: =IF(Projektformular!AX49="",Dropdown!A$19,Projektformular!AX49) -> Si | AW24: =IF(Projektformular!AY49="","",Projektformular!AY49)
A25: Mittelland Energie | B25: kWh/(m2a) | C25: =C7 -> 80 | D25: =D7 -> 120 | E25: =E7 -> 50 | F25: =F7 -> 80 | G25: =G7 -> 40 | H25: =H7 -> 60 | I25: =I7 -> 60 | J25: =J7 -> 100 | ... T25: =T7 -> 40 | W25: 6 | X25: =IF(ISBLANK(Projektformular!AV18)=TRUE,NA(),Projektformular!AV18) -> #N/A | Y25: =IF(ISBLANK(Projektformular!AX18)=TRUE,NA(),Projektformular!AX18) -> #N/A | Z25: =IF(ISBLANK(Projektformular!AZ18)=TRUE,NA(),Projektformular!AZ18) -> #N/A | AA25: =IF(ISBLANK(Projektformular!BA18)=TRUE,NA(),Projektformular!BA18) -> #N/A | AB25: =IF(ISBLANK(Projektformular!BB18)=TRUE,NA(),Projektformular!BB18) -> #N/A | AC25: =IF(ISBLANK(Projektformular!BC18)=TRUE,NA(),Projektformular!BC18) | AD25: =AB25/Z25 -> #N/A | AE25: =AB25/AA25 -> #N/A | AF25: =Z25*1000/AA25 -> #N/A | AG25: =IF(AND(X25=Dropdown!$A$64,Y25=Dropdown!$A$71),$X$4,IF(AND(X25=Dropdown!$A$64,Y25=Dropdown!$A$72),$Y$4,IF(AND(X25=Dropdown!$A$64,Y25=Dropdown!$A$73),$Z$4, IF(AND(X25=Dropdown!$A$65,Y25=Dropdown!$A$71),$AA$4,IF(AND(X25=Dropdown!$A$65,Y25=Dropdown!$A$72),$AB$4,IF(AND(X25=Dropdown!$A$65,Y25=Dropdown!$A$73),$AC$4, IF(AND(X25=Dropdown!$A$66,Y25=Dropdown!$A$71),$AD$4,IF(AND(X25=Dropdown!$A$66,Y25=Dropdown!$A$72),$AE$4,IF(AND(X25=Dropdown!$A$66,Y25=Dropdown!$A$73),$AF$4, IF(AND(X25=Dropdown!$A$67,Y25=Dropdown!$A$71),$AD$4,IF(AND(X25=Dropdown!$A$67,Y25=Dropdown!$A$72),$AE$4,IF(AND(X25=Dropdown!$A$67,Y25=Dropdown!$A$73),$AF$4, NA())))))))))))) -> #N/A | AH25: =AG25&" up" -> #N/A | AI25: =HLOOKUP(AG25,$X$4:$AF$14,MATCH(TEXT($W$16,"#")&" VBZ",$V$4:$V$14,0),FALSE) -> #N/A | AJ25: =HLOOKUP(AG25,$X$4:$AF$14,MATCH(TEXT($W$16,"#")&" Energie",$V$4:$V$14,0),FALSE) -> #N/A | AK25: =HLOOKUP(AG25,$X$4:$AF$14,MATCH(TEXT($W$16,"#")&" Leistung",$V$4:$V$14,0),FALSE) -> #N/A | AL25: =HLOOKUP(AG25,$C$22:$T$32,MATCH(TEXT($W$16,"#")&" VBZ",$A$22:$A$32,0),FALSE) -> #N/A | AM25: =HLOOKUP(AH25,$C$22:$T$32,MATCH(TEXT($W$16,"#")&" VBZ",$A$22:$A$32,0),FALSE) -> #N/A | AN25: =IF(AND(AD25>=AL25,AD25<=AM25),Dropdown!$A$19,Dropdown!$A$20) -> #N/A | AO25: =HLOOKUP(AG25,$C$22:$T$32,MATCH(TEXT($W$16,"#")&" Energie",$A$22:$A$32,0),FALSE) -> #N/A | AP25: =HLOOKUP(AH25,$C$22:$T$32,MATCH(TEXT($W$16,"#")&" Energie",$A$22:$A$32,0),FALSE) -> #N/A | AQ25: =IF(AND(AE25>=AO25,AE25<=AP25),Dropdown!$A$19,Dropdown!$A$20) -> #N/A | AR25: =HLOOKUP(AG25,$C$22:$T$32,MATCH(TEXT($W$16,"#")&" Leistung",$A$22:$A$32,0),FALSE) -> #N/A | AS25: =HLOOKUP(AH25,$C$22:$T$32,MATCH(TEXT($W$16,"#")&" Leistung",$A$22:$A$32,0),FALSE) -> #N/A | AT25: =IF(AND(AF25>=AR25,AF25<=AS25),Dropdown!$A$19,Dropdown!$A$20) -> #N/A | AU25: =IF(AND(AN25=Dropdown!$A$19,AQ25=Dropdown!$A$19,AT25=Dropdown!$A$19),Dropdown!$A$19,Dropdown!$A$20) -> #N/A | AV25: =IF(Projektformular!AX50="",Dropdown!A$19,Projektformular!AX50) -> Si | AW25: =IF(Projektformular!AY50="","",Projektformular!AY50)
A26: Mittelland Leistung | B26: W/m2 | C26: =C8 -> 35 | D26: =D8 -> 55 | E26: =E8 -> 30 | F26: =F8 -> 45 | G26: =G8 -> 25 | H26: =H8 -> 40 | I26: =I8 -> 30 | J26: =J8 -> 50 | ... T26: =T8 -> 40 | W26: 7 | X26: =IF(ISBLANK(Projektformular!AV19)=TRUE,NA(),Projektformular!AV19) -> #N/A | Y26: =IF(ISBLANK(Projektformular!AX19)=TRUE,NA(),Projektformular!AX19) -> #N/A | Z26: =IF(ISBLANK(Projektformular!AZ19)=TRUE,NA(),Projektformular!AZ19) -> #N/A | AA26: =IF(ISBLANK(Projektformular!BA19)=TRUE,NA(),Projektformular!BA19) -> #N/A | AB26: =IF(ISBLANK(Projektformular!BB19)=TRUE,NA(),Projektformular!BB19) -> #N/A | AC26: =IF(ISBLANK(Projektformular!BC19)=TRUE,NA(),Projektformular!BC19) | AD26: =AB26/Z26 -> #N/A | AE26: =AB26/AA26 -> #N/A | AF26: =Z26*1000/AA26 -> #N/A | AG26: =IF(AND(X26=Dropdown!$A$64,Y26=Dropdown!$A$71),$X$4,IF(AND(X26=Dropdown!$A$64,Y26=Dropdown!$A$72),$Y$4,IF(AND(X26=Dropdown!$A$64,Y26=Dropdown!$A$73),$Z$4, IF(AND(X26=Dropdown!$A$65,Y26=Dropdown!$A$71),$AA$4,IF(AND(X26=Dropdown!$A$65,Y26=Dropdown!$A$72),$AB$4,IF(AND(X26=Dropdown!$A$65,Y26=Dropdown!$A$73),$AC$4, IF(AND(X26=Dropdown!$A$66,Y26=Dropdown!$A$71),$AD$4,IF(AND(X26=Dropdown!$A$66,Y26=Dropdown!$A$72),$AE$4,IF(AND(X26=Dropdown!$A$66,Y26=Dropdown!$A$73),$AF$4, IF(AND(X26=Dropdown!$A$67,Y26=Dropdown!$A$71),$AD$4,IF(AND(X26=Dropdown!$A$67,Y26=Dropdown!$A$72),$AE$4,IF(AND(X26=Dropdown!$A$67,Y26=Dropdown!$A$73),$AF$4, NA())))))))))))) -> #N/A | AH26: =AG26&" up" -> #N/A | AI26: =HLOOKUP(AG26,$X$4:$AF$14,MATCH(TEXT($W$16,"#")&" VBZ",$V$4:$V$14,0),FALSE) -> #N/A | AJ26: =HLOOKUP(AG26,$X$4:$AF$14,MATCH(TEXT($W$16,"#")&" Energie",$V$4:$V$14,0),FALSE) -> #N/A | AK26: =HLOOKUP(AG26,$X$4:$AF$14,MATCH(TEXT($W$16,"#")&" Leistung",$V$4:$V$14,0),FALSE) -> #N/A | AL26: =HLOOKUP(AG26,$C$22:$T$32,MATCH(TEXT($W$16,"#")&" VBZ",$A$22:$A$32,0),FALSE) -> #N/A | AM26: =HLOOKUP(AH26,$C$22:$T$32,MATCH(TEXT($W$16,"#")&" VBZ",$A$22:$A$32,0),FALSE) -> #N/A | AN26: =IF(AND(AD26>=AL26,AD26<=AM26),Dropdown!$A$19,Dropdown!$A$20) -> #N/A | AO26: =HLOOKUP(AG26,$C$22:$T$32,MATCH(TEXT($W$16,"#")&" Energie",$A$22:$A$32,0),FALSE) -> #N/A | AP26: =HLOOKUP(AH26,$C$22:$T$32,MATCH(TEXT($W$16,"#")&" Energie",$A$22:$A$32,0),FALSE) -> #N/A | AQ26: =IF(AND(AE26>=AO26,AE26<=AP26),Dropdown!$A$19,Dropdown!$A$20) -> #N/A | AR26: =HLOOKUP(AG26,$C$22:$T$32,MATCH(TEXT($W$16,"#")&" Leistung",$A$22:$A$32,0),FALSE) -> #N/A | AS26: =HLOOKUP(AH26,$C$22:$T$32,MATCH(TEXT($W$16,"#")&" Leistung",$A$22:$A$32,0),FALSE) -> #N/A | AT26: =IF(AND(AF26>=AR26,AF26<=AS26),Dropdown!$A$19,Dropdown!$A$20) -> #N/A | AU26: =IF(AND(AN26=Dropdown!$A$19,AQ26=Dropdown!$A$19,AT26=Dropdown!$A$19),Dropdown!$A$19,Dropdown!$A$20) -> #N/A | AV26: =IF(Projektformular!AX51="",Dropdown!A$19,Projektformular!AX51) -> Si | AW26: =IF(Projektformular!AY51="","",Projektformular!AY51)
A27: Bergregion VBZ | B27: h/a | C27: =C9 -> 2300 | D27: =D9 -> 2800 | E27: =E9 -> 1900 | F27: =F9 -> 2300 | G27: =G9 -> 1600 | H27: =H9 -> 2000 | I27: =I9 -> 2100 | J27: =J9 -> 2600 | ... T27: =T9 -> 1400 | W27: 8 | X27: =IF(ISBLANK(Projektformular!AV20)=TRUE,NA(),Projektformular!AV20) -> #N/A | Y27: =IF(ISBLANK(Projektformular!AX20)=TRUE,NA(),Projektformular!AX20) -> #N/A | Z27: =IF(ISBLANK(Projektformular!AZ20)=TRUE,NA(),Projektformular!AZ20) -> #N/A | AA27: =IF(ISBLANK(Projektformular!BA20)=TRUE,NA(),Projektformular!BA20) -> #N/A | AB27: =IF(ISBLANK(Projektformular!BB20)=TRUE,NA(),Projektformular!BB20) -> #N/A | AC27: =IF(ISBLANK(Projektformular!BC20)=TRUE,NA(),Projektformular!BC20) | AD27: =AB27/Z27 -> #N/A | AE27: =AB27/AA27 -> #N/A | AF27: =Z27*1000/AA27 -> #N/A | AG27: =IF(AND(X27=Dropdown!$A$64,Y27=Dropdown!$A$71),$X$4,IF(AND(X27=Dropdown!$A$64,Y27=Dropdown!$A$72),$Y$4,IF(AND(X27=Dropdown!$A$64,Y27=Dropdown!$A$73),$Z$4, IF(AND(X27=Dropdown!$A$65,Y27=Dropdown!$A$71),$AA$4,IF(AND(X27=Dropdown!$A$65,Y27=Dropdown!$A$72),$AB$4,IF(AND(X27=Dropdown!$A$65,Y27=Dropdown!$A$73),$AC$4, IF(AND(X27=Dropdown!$A$66,Y27=Dropdown!$A$71),$AD$4,IF(AND(X27=Dropdown!$A$66,Y27=Dropdown!$A$72),$AE$4,IF(AND(X27=Dropdown!$A$66,Y27=Dropdown!$A$73),$AF$4, IF(AND(X27=Dropdown!$A$67,Y27=Dropdown!$A$71),$AD$4,IF(AND(X27=Dropdown!$A$67,Y27=Dropdown!$A$72),$AE$4,IF(AND(X27=Dropdown!$A$67,Y27=Dropdown!$A$73),$AF$4, NA())))))))))))) -> #N/A | AH27: =AG27&" up" -> #N/A | AI27: =HLOOKUP(AG27,$X$4:$AF$14,MATCH(TEXT($W$16,"#")&" VBZ",$V$4:$V$14,0),FALSE) -> #N/A | AJ27: =HLOOKUP(AG27,$X$4:$AF$14,MATCH(TEXT($W$16,"#")&" Energie",$V$4:$V$14,0),FALSE) -> #N/A | AK27: =HLOOKUP(AG27,$X$4:$AF$14,MATCH(TEXT($W$16,"#")&" Leistung",$V$4:$V$14,0),FALSE) -> #N/A | AL27: =HLOOKUP(AG27,$C$22:$T$32,MATCH(TEXT($W$16,"#")&" VBZ",$A$22:$A$32,0),FALSE) -> #N/A | AM27: =HLOOKUP(AH27,$C$22:$T$32,MATCH(TEXT($W$16,"#")&" VBZ",$A$22:$A$32,0),FALSE) -> #N/A | AN27: =IF(AND(AD27>=AL27,AD27<=AM27),Dropdown!$A$19,Dropdown!$A$20) -> #N/A | AO27: =HLOOKUP(AG27,$C$22:$T$32,MATCH(TEXT($W$16,"#")&" Energie",$A$22:$A$32,0),FALSE) -> #N/A | AP27: =HLOOKUP(AH27,$C$22:$T$32,MATCH(TEXT($W$16,"#")&" Energie",$A$22:$A$32,0),FALSE) -> #N/A | AQ27: =IF(AND(AE27>=AO27,AE27<=AP27),Dropdown!$A$19,Dropdown!$A$20) -> #N/A | AR27: =HLOOKUP(AG27,$C$22:$T$32,MATCH(TEXT($W$16,"#")&" Leistung",$A$22:$A$32,0),FALSE) -> #N/A | AS27: =HLOOKUP(AH27,$C$22:$T$32,MATCH(TEXT($W$16,"#")&" Leistung",$A$22:$A$32,0),FALSE) -> #N/A | AT27: =IF(AND(AF27>=AR27,AF27<=AS27),Dropdown!$A$19,Dropdown!$A$20) -> #N/A | AU27: =IF(AND(AN27=Dropdown!$A$19,AQ27=Dropdown!$A$19,AT27=Dropdown!$A$19),Dropdown!$A$19,Dropdown!$A$20) -> #N/A | AV27: =IF(Projektformular!AX52="",Dropdown!A$19,Projektformular!AX52) -> Si | AW27: =IF(Projektformular!AY52="","",Projektformular!AY52)
A28: Bergregion Energie | B28: kWh/(m2a) | C28: =C10 -> 95 | D28: =D10 -> 140 | E28: =E10 -> 55 | F28: =F10 -> 95 | G28: =G10 -> 45 | H28: =H10 -> 65 | I28: =I10 -> 75 | J28: =J10 -> 120 | ... T28: =T10 -> 45 | W28: 9 | X28: =IF(ISBLANK(Projektformular!AV21)=TRUE,NA(),Projektformular!AV21) -> #N/A | Y28: =IF(ISBLANK(Projektformular!AX21)=TRUE,NA(),Projektformular!AX21) -> #N/A | Z28: =IF(ISBLANK(Projektformular!AZ21)=TRUE,NA(),Projektformular!AZ21) -> #N/A | AA28: =IF(ISBLANK(Projektformular!BA21)=TRUE,NA(),Projektformular!BA21) -> #N/A | AB28: =IF(ISBLANK(Projektformular!BB21)=TRUE,NA(),Projektformular!BB21) -> #N/A | AC28: =IF(ISBLANK(Projektformular!BC21)=TRUE,NA(),Projektformular!BC21) | AD28: =AB28/Z28 -> #N/A | AE28: =AB28/AA28 -> #N/A | AF28: =Z28*1000/AA28 -> #N/A | AG28: =IF(AND(X28=Dropdown!$A$64,Y28=Dropdown!$A$71),$X$4,IF(AND(X28=Dropdown!$A$64,Y28=Dropdown!$A$72),$Y$4,IF(AND(X28=Dropdown!$A$64,Y28=Dropdown!$A$73),$Z$4, IF(AND(X28=Dropdown!$A$65,Y28=Dropdown!$A$71),$AA$4,IF(AND(X28=Dropdown!$A$65,Y28=Dropdown!$A$72),$AB$4,IF(AND(X28=Dropdown!$A$65,Y28=Dropdown!$A$73),$AC$4, IF(AND(X28=Dropdown!$A$66,Y28=Dropdown!$A$71),$AD$4,IF(AND(X28=Dropdown!$A$66,Y28=Dropdown!$A$72),$AE$4,IF(AND(X28=Dropdown!$A$66,Y28=Dropdown!$A$73),$AF$4, IF(AND(X28=Dropdown!$A$67,Y28=Dropdown!$A$71),$AD$4,IF(AND(X28=Dropdown!$A$67,Y28=Dropdown!$A$72),$AE$4,IF(AND(X28=Dropdown!$A$67,Y28=Dropdown!$A$73),$AF$4, NA())))))))))))) -> #N/A | AH28: =AG28&" up" -> #N/A | AI28: =HLOOKUP(AG28,$X$4:$AF$14,MATCH(TEXT($W$16,"#")&" VBZ",$V$4:$V$14,0),FALSE) -> #N/A | AJ28: =HLOOKUP(AG28,$X$4:$AF$14,MATCH(TEXT($W$16,"#")&" Energie",$V$4:$V$14,0),FALSE) -> #N/A | AK28: =HLOOKUP(AG28,$X$4:$AF$14,MATCH(TEXT($W$16,"#")&" Leistung",$V$4:$V$14,0),FALSE) -> #N/A | AL28: =HLOOKUP(AG28,$C$22:$T$32,MATCH(TEXT($W$16,"#")&" VBZ",$A$22:$A$32,0),FALSE) -> #N/A | AM28: =HLOOKUP(AH28,$C$22:$T$32,MATCH(TEXT($W$16,"#")&" VBZ",$A$22:$A$32,0),FALSE) -> #N/A | AN28: =IF(AND(AD28>=AL28,AD28<=AM28),Dropdown!$A$19,Dropdown!$A$20) -> #N/A | AO28: =HLOOKUP(AG28,$C$22:$T$32,MATCH(TEXT($W$16,"#")&" Energie",$A$22:$A$32,0),FALSE) -> #N/A | AP28: =HLOOKUP(AH28,$C$22:$T$32,MATCH(TEXT($W$16,"#")&" Energie",$A$22:$A$32,0),FALSE) -> #N/A | AQ28: =IF(AND(AE28>=AO28,AE28<=AP28),Dropdown!$A$19,Dropdown!$A$20) -> #N/A | AR28: =HLOOKUP(AG28,$C$22:$T$32,MATCH(TEXT($W$16,"#")&" Leistung",$A$22:$A$32,0),FALSE) -> #N/A | AS28: =HLOOKUP(AH28,$C$22:$T$32,MATCH(TEXT($W$16,"#")&" Leistung",$A$22:$A$32,0),FALSE) -> #N/A | AT28: =IF(AND(AF28>=AR28,AF28<=AS28),Dropdown!$A$19,Dropdown!$A$20) -> #N/A | AU28: =IF(AND(AN28=Dropdown!$A$19,AQ28=Dropdown!$A$19,AT28=Dropdown!$A$19),Dropdown!$A$19,Dropdown!$A$20) -> #N/A | AV28: =IF(Projektformular!AX53="",Dropdown!A$19,Projektformular!AX53) -> Si | AW28: =IF(Projektformular!AY53="","",Projektformular!AY53)
A29: Bergregion Leistung | B29: W/m2 | C29: =C11 -> 35 | D29: =D11 -> 55 | E29: =E11 -> 30 | F29: =F11 -> 45 | G29: =G11 -> 25 | H29: =H11 -> 40 | I29: =I11 -> 30 | J29: =J11 -> 50 | ... T29: =T11 -> 40 | W29: 10 | X29: =IF(ISBLANK(Projektformular!AV22)=TRUE,NA(),Projektformular!AV22) -> #N/A | Y29: =IF(ISBLANK(Projektformular!AX22)=TRUE,NA(),Projektformular!AX22) -> #N/A | Z29: =IF(ISBLANK(Projektformular!AZ22)=TRUE,NA(),Projektformular!AZ22) -> #N/A | AA29: =IF(ISBLANK(Projektformular!BA22)=TRUE,NA(),Projektformular!BA22) -> #N/A | AB29: =IF(ISBLANK(Projektformular!BB22)=TRUE,NA(),Projektformular!BB22) -> #N/A | AC29: =IF(ISBLANK(Projektformular!BC22)=TRUE,NA(),Projektformular!BC22) | AD29: =AB29/Z29 -> #N/A | AE29: =AB29/AA29 -> #N/A | AF29: =Z29*1000/AA29 -> #N/A | AG29: =IF(AND(X29=Dropdown!$A$64,Y29=Dropdown!$A$71),$X$4,IF(AND(X29=Dropdown!$A$64,Y29=Dropdown!$A$72),$Y$4,IF(AND(X29=Dropdown!$A$64,Y29=Dropdown!$A$73),$Z$4, IF(AND(X29=Dropdown!$A$65,Y29=Dropdown!$A$71),$AA$4,IF(AND(X29=Dropdown!$A$65,Y29=Dropdown!$A$72),$AB$4,IF(AND(X29=Dropdown!$A$65,Y29=Dropdown!$A$73),$AC$4, IF(AND(X29=Dropdown!$A$66,Y29=Dropdown!$A$71),$AD$4,IF(AND(X29=Dropdown!$A$66,Y29=Dropdown!$A$72),$AE$4,IF(AND(X29=Dropdown!$A$66,Y29=Dropdown!$A$73),$AF$4, IF(AND(X29=Dropdown!$A$67,Y29=Dropdown!$A$71),$AD$4,IF(AND(X29=Dropdown!$A$67,Y29=Dropdown!$A$72),$AE$4,IF(AND(X29=Dropdown!$A$67,Y29=Dropdown!$A$73),$AF$4, NA())))))))))))) -> #N/A | AH29: =AG29&" up" -> #N/A | AI29: =HLOOKUP(AG29,$X$4:$AF$14,MATCH(TEXT($W$16,"#")&" VBZ",$V$4:$V$14,0),FALSE) -> #N/A | AJ29: =HLOOKUP(AG29,$X$4:$AF$14,MATCH(TEXT($W$16,"#")&" Energie",$V$4:$V$14,0),FALSE) -> #N/A | AK29: =HLOOKUP(AG29,$X$4:$AF$14,MATCH(TEXT($W$16,"#")&" Leistung",$V$4:$V$14,0),FALSE) -> #N/A | AL29: =HLOOKUP(AG29,$C$22:$T$32,MATCH(TEXT($W$16,"#")&" VBZ",$A$22:$A$32,0),FALSE) -> #N/A | AM29: =HLOOKUP(AH29,$C$22:$T$32,MATCH(TEXT($W$16,"#")&" VBZ",$A$22:$A$32,0),FALSE) -> #N/A | AN29: =IF(AND(AD29>=AL29,AD29<=AM29),Dropdown!$A$19,Dropdown!$A$20) -> #N/A | AO29: =HLOOKUP(AG29,$C$22:$T$32,MATCH(TEXT($W$16,"#")&" Energie",$A$22:$A$32,0),FALSE) -> #N/A | AP29: =HLOOKUP(AH29,$C$22:$T$32,MATCH(TEXT($W$16,"#")&" Energie",$A$22:$A$32,0),FALSE) -> #N/A | AQ29: =IF(AND(AE29>=AO29,AE29<=AP29),Dropdown!$A$19,Dropdown!$A$20) -> #N/A | AR29: =HLOOKUP(AG29,$C$22:$T$32,MATCH(TEXT($W$16,"#")&" Leistung",$A$22:$A$32,0),FALSE) -> #N/A | AS29: =HLOOKUP(AH29,$C$22:$T$32,MATCH(TEXT($W$16,"#")&" Leistung",$A$22:$A$32,0),FALSE) -> #N/A | AT29: =IF(AND(AF29>=AR29,AF29<=AS29),Dropdown!$A$19,Dropdown!$A$20) -> #N/A | AU29: =IF(AND(AN29=Dropdown!$A$19,AQ29=Dropdown!$A$19,AT29=Dropdown!$A$19),Dropdown!$A$19,Dropdown!$A$20) -> #N/A | AV29: =IF(Projektformular!AX54="",Dropdown!A$19,Projektformular!AX54) -> Si | AW29: =IF(Projektformular!AY54="","",Projektformular!AY54)
A30: Südschweiz VBZ | B30: h/a | C30: =C12 -> 1700 | D30: =D12 -> 2200 | E30: =E12 -> 1400 | F30: =F12 -> 1700 | G30: =G12 -> 1400 | H30: =H12 -> 1800 | I30: =I12 -> 1400 | J30: =J12 -> 1900 | ... T30: =T12 -> 1100 | W30: 11 | X30: =IF(ISBLANK(Projektformular!AV23)=TRUE,NA(),Projektformular!AV23) -> #N/A | Y30: =IF(ISBLANK(Projektformular!AX23)=TRUE,NA(),Projektformular!AX23) -> #N/A | Z30: =IF(ISBLANK(Projektformular!AZ23)=TRUE,NA(),Projektformular!AZ23) -> #N/A | AA30: =IF(ISBLANK(Projektformular!BA23)=TRUE,NA(),Projektformular!BA23) -> #N/A | AB30: =IF(ISBLANK(Projektformular!BB23)=TRUE,NA(),Projektformular!BB23) -> #N/A | AC30: =IF(ISBLANK(Projektformular!BC23)=TRUE,NA(),Projektformular!BC23) | AD30: =AB30/Z30 -> #N/A | AE30: =AB30/AA30 -> #N/A | AF30: =Z30*1000/AA30 -> #N/A | AG30: =IF(AND(X30=Dropdown!$A$64,Y30=Dropdown!$A$71),$X$4,IF(AND(X30=Dropdown!$A$64,Y30=Dropdown!$A$72),$Y$4,IF(AND(X30=Dropdown!$A$64,Y30=Dropdown!$A$73),$Z$4, IF(AND(X30=Dropdown!$A$65,Y30=Dropdown!$A$71),$AA$4,IF(AND(X30=Dropdown!$A$65,Y30=Dropdown!$A$72),$AB$4,IF(AND(X30=Dropdown!$A$65,Y30=Dropdown!$A$73),$AC$4, IF(AND(X30=Dropdown!$A$66,Y30=Dropdown!$A$71),$AD$4,IF(AND(X30=Dropdown!$A$66,Y30=Dropdown!$A$72),$AE$4,IF(AND(X30=Dropdown!$A$66,Y30=Dropdown!$A$73),$AF$4, IF(AND(X30=Dropdown!$A$67,Y30=Dropdown!$A$71),$AD$4,IF(AND(X30=Dropdown!$A$67,Y30=Dropdown!$A$72),$AE$4,IF(AND(X30=Dropdown!$A$67,Y30=Dropdown!$A$73),$AF$4, NA())))))))))))) -> #N/A | AH30: =AG30&" up" -> #N/A | AI30: =HLOOKUP(AG30,$X$4:$AF$14,MATCH(TEXT($W$16,"#")&" VBZ",$V$4:$V$14,0),FALSE) -> #N/A | AJ30: =HLOOKUP(AG30,$X$4:$AF$14,MATCH(TEXT($W$16,"#")&" Energie",$V$4:$V$14,0),FALSE) -> #N/A | AK30: =HLOOKUP(AG30,$X$4:$AF$14,MATCH(TEXT($W$16,"#")&" Leistung",$V$4:$V$14,0),FALSE) -> #N/A | AL30: =HLOOKUP(AG30,$C$22:$T$32,MATCH(TEXT($W$16,"#")&" VBZ",$A$22:$A$32,0),FALSE) -> #N/A | AM30: =HLOOKUP(AH30,$C$22:$T$32,MATCH(TEXT($W$16,"#")&" VBZ",$A$22:$A$32,0),FALSE) -> #N/A | AN30: =IF(AND(AD30>=AL30,AD30<=AM30),Dropdown!$A$19,Dropdown!$A$20) -> #N/A | AO30: =HLOOKUP(AG30,$C$22:$T$32,MATCH(TEXT($W$16,"#")&" Energie",$A$22:$A$32,0),FALSE) -> #N/A | AP30: =HLOOKUP(AH30,$C$22:$T$32,MATCH(TEXT($W$16,"#")&" Energie",$A$22:$A$32,0),FALSE) -> #N/A | AQ30: =IF(AND(AE30>=AO30,AE30<=AP30),Dropdown!$A$19,Dropdown!$A$20) -> #N/A | AR30: =HLOOKUP(AG30,$C$22:$T$32,MATCH(TEXT($W$16,"#")&" Leistung",$A$22:$A$32,0),FALSE) -> #N/A | AS30: =HLOOKUP(AH30,$C$22:$T$32,MATCH(TEXT($W$16,"#")&" Leistung",$A$22:$A$32,0),FALSE) -> #N/A | AT30: =IF(AND(AF30>=AR30,AF30<=AS30),Dropdown!$A$19,Dropdown!$A$20) -> #N/A | AU30: =IF(AND(AN30=Dropdown!$A$19,AQ30=Dropdown!$A$19,AT30=Dropdown!$A$19),Dropdown!$A$19,Dropdown!$A$20) -> #N/A | AV30: =IF(Projektformular!AX55="",Dropdown!A$19,Projektformular!AX55) -> Si | AW30: =IF(Projektformular!AY55="","",Projektformular!AY55)
A31: Südschweiz Energie | B31: kWh/(m2a) | C31: =C13 -> 70 | D31: =D13 -> 105 | E31: =E13 -> 45 | F31: =F13 -> 70 | G31: =G13 -> 40 | H31: =H13 -> 55 | I31: =I13 -> 50 | J31: =J13 -> 85 | ... T31: =T13 -> 35 | W31: 12 | X31: =IF(ISBLANK(Projektformular!AV24)=TRUE,NA(),Projektformular!AV24) -> #N/A | Y31: =IF(ISBLANK(Projektformular!AX24)=TRUE,NA(),Projektformular!AX24) -> #N/A | Z31: =IF(ISBLANK(Projektformular!AZ24)=TRUE,NA(),Projektformular!AZ24) -> #N/A | AA31: =IF(ISBLANK(Projektformular!BA24)=TRUE,NA(),Projektformular!BA24) -> #N/A | AB31: =IF(ISBLANK(Projektformular!BB24)=TRUE,NA(),Projektformular!BB24) -> #N/A | AC31: =IF(ISBLANK(Projektformular!BC24)=TRUE,NA(),Projektformular!BC24) | AD31: =AB31/Z31 -> #N/A | AE31: =AB31/AA31 -> #N/A | AF31: =Z31*1000/AA31 -> #N/A | AG31: =IF(AND(X31=Dropdown!$A$64,Y31=Dropdown!$A$71),$X$4,IF(AND(X31=Dropdown!$A$64,Y31=Dropdown!$A$72),$Y$4,IF(AND(X31=Dropdown!$A$64,Y31=Dropdown!$A$73),$Z$4, IF(AND(X31=Dropdown!$A$65,Y31=Dropdown!$A$71),$AA$4,IF(AND(X31=Dropdown!$A$65,Y31=Dropdown!$A$72),$AB$4,IF(AND(X31=Dropdown!$A$65,Y31=Dropdown!$A$73),$AC$4, IF(AND(X31=Dropdown!$A$66,Y31=Dropdown!$A$71),$AD$4,IF(AND(X31=Dropdown!$A$66,Y31=Dropdown!$A$72),$AE$4,IF(AND(X31=Dropdown!$A$66,Y31=Dropdown!$A$73),$AF$4, IF(AND(X31=Dropdown!$A$67,Y31=Dropdown!$A$71),$AD$4,IF(AND(X31=Dropdown!$A$67,Y31=Dropdown!$A$72),$AE$4,IF(AND(X31=Dropdown!$A$67,Y31=Dropdown!$A$73),$AF$4, NA())))))))))))) -> #N/A | AH31: =AG31&" up" -> #N/A | AI31: =HLOOKUP(AG31,$X$4:$AF$14,MATCH(TEXT($W$16,"#")&" VBZ",$V$4:$V$14,0),FALSE) -> #N/A | AJ31: =HLOOKUP(AG31,$X$4:$AF$14,MATCH(TEXT($W$16,"#")&" Energie",$V$4:$V$14,0),FALSE) -> #N/A | AK31: =HLOOKUP(AG31,$X$4:$AF$14,MATCH(TEXT($W$16,"#")&" Leistung",$V$4:$V$14,0),FALSE) -> #N/A | AL31: =HLOOKUP(AG31,$C$22:$T$32,MATCH(TEXT($W$16,"#")&" VBZ",$A$22:$A$32,0),FALSE) -> #N/A | AM31: =HLOOKUP(AH31,$C$22:$T$32,MATCH(TEXT($W$16,"#")&" VBZ",$A$22:$A$32,0),FALSE) -> #N/A | AN31: =IF(AND(AD31>=AL31,AD31<=AM31),Dropdown!$A$19,Dropdown!$A$20) -> #N/A | AO31: =HLOOKUP(AG31,$C$22:$T$32,MATCH(TEXT($W$16,"#")&" Energie",$A$22:$A$32,0),FALSE) -> #N/A | AP31: =HLOOKUP(AH31,$C$22:$T$32,MATCH(TEXT($W$16,"#")&" Energie",$A$22:$A$32,0),FALSE) -> #N/A | AQ31: =IF(AND(AE31>=AO31,AE31<=AP31),Dropdown!$A$19,Dropdown!$A$20) -> #N/A | AR31: =HLOOKUP(AG31,$C$22:$T$32,MATCH(TEXT($W$16,"#")&" Leistung",$A$22:$A$32,0),FALSE) -> #N/A | AS31: =HLOOKUP(AH31,$C$22:$T$32,MATCH(TEXT($W$16,"#")&" Leistung",$A$22:$A$32,0),FALSE) -> #N/A | AT31: =IF(AND(AF31>=AR31,AF31<=AS31),Dropdown!$A$19,Dropdown!$A$20) -> #N/A | AU31: =IF(AND(AN31=Dropdown!$A$19,AQ31=Dropdown!$A$19,AT31=Dropdown!$A$19),Dropdown!$A$19,Dropdown!$A$20) -> #N/A | AV31: =IF(Projektformular!AX56="",Dropdown!A$19,Projektformular!AX56) -> Si | AW31: =IF(Projektformular!AY56="","",Projektformular!AY56)
A32: Südschweiz Leistung | B32: W/m2 | C32: =C14 -> 35 | D32: =D14 -> 55 | E32: =E14 -> 30 | F32: =F14 -> 45 | G32: =G14 -> 25 | H32: =H14 -> 40 | I32: =I14 -> 30 | J32: =J14 -> 50 | ... T32: =T14 -> 40 | W32: 13 | X32: =IF(ISBLANK(Projektformular!AV25)=TRUE,NA(),Projektformular!AV25) -> #N/A | Y32: =IF(ISBLANK(Projektformular!AX25)=TRUE,NA(),Projektformular!AX25) -> #N/A | Z32: =IF(ISBLANK(Projektformular!AZ25)=TRUE,NA(),Projektformular!AZ25) -> #N/A | AA32: =IF(ISBLANK(Projektformular!BA25)=TRUE,NA(),Projektformular!BA25) -> #N/A | AB32: =IF(ISBLANK(Projektformular!BB25)=TRUE,NA(),Projektformular!BB25) -> #N/A | AC32: =IF(ISBLANK(Projektformular!BC25)=TRUE,NA(),Projektformular!BC25) | AD32: =AB32/Z32 -> #N/A | AE32: =AB32/AA32 -> #N/A | AF32: =Z32*1000/AA32 -> #N/A | AG32: =IF(AND(X32=Dropdown!$A$64,Y32=Dropdown!$A$71),$X$4,IF(AND(X32=Dropdown!$A$64,Y32=Dropdown!$A$72),$Y$4,IF(AND(X32=Dropdown!$A$64,Y32=Dropdown!$A$73),$Z$4, IF(AND(X32=Dropdown!$A$65,Y32=Dropdown!$A$71),$AA$4,IF(AND(X32=Dropdown!$A$65,Y32=Dropdown!$A$72),$AB$4,IF(AND(X32=Dropdown!$A$65,Y32=Dropdown!$A$73),$AC$4, IF(AND(X32=Dropdown!$A$66,Y32=Dropdown!$A$71),$AD$4,IF(AND(X32=Dropdown!$A$66,Y32=Dropdown!$A$72),$AE$4,IF(AND(X32=Dropdown!$A$66,Y32=Dropdown!$A$73),$AF$4, IF(AND(X32=Dropdown!$A$67,Y32=Dropdown!$A$71),$AD$4,IF(AND(X32=Dropdown!$A$67,Y32=Dropdown!$A$72),$AE$4,IF(AND(X32=Dropdown!$A$67,Y32=Dropdown!$A$73),$AF$4, NA())))))))))))) -> #N/A | AH32: =AG32&" up" -> #N/A | AI32: =HLOOKUP(AG32,$X$4:$AF$14,MATCH(TEXT($W$16,"#")&" VBZ",$V$4:$V$14,0),FALSE) -> #N/A | AJ32: =HLOOKUP(AG32,$X$4:$AF$14,MATCH(TEXT($W$16,"#")&" Energie",$V$4:$V$14,0),FALSE) -> #N/A | AK32: =HLOOKUP(AG32,$X$4:$AF$14,MATCH(TEXT($W$16,"#")&" Leistung",$V$4:$V$14,0),FALSE) -> #N/A | AL32: =HLOOKUP(AG32,$C$22:$T$32,MATCH(TEXT($W$16,"#")&" VBZ",$A$22:$A$32,0),FALSE) -> #N/A | AM32: =HLOOKUP(AH32,$C$22:$T$32,MATCH(TEXT($W$16,"#")&" VBZ",$A$22:$A$32,0),FALSE) -> #N/A | AN32: =IF(AND(AD32>=AL32,AD32<=AM32),Dropdown!$A$19,Dropdown!$A$20) -> #N/A | AO32: =HLOOKUP(AG32,$C$22:$T$32,MATCH(TEXT($W$16,"#")&" Energie",$A$22:$A$32,0),FALSE) -> #N/A | AP32: =HLOOKUP(AH32,$C$22:$T$32,MATCH(TEXT($W$16,"#")&" Energie",$A$22:$A$32,0),FALSE) -> #N/A | AQ32: =IF(AND(AE32>=AO32,AE32<=AP32),Dropdown!$A$19,Dropdown!$A$20) -> #N/A | AR32: =HLOOKUP(AG32,$C$22:$T$32,MATCH(TEXT($W$16,"#")&" Leistung",$A$22:$A$32,0),FALSE) -> #N/A | AS32: =HLOOKUP(AH32,$C$22:$T$32,MATCH(TEXT($W$16,"#")&" Leistung",$A$22:$A$32,0),FALSE) -> #N/A | AT32: =IF(AND(AF32>=AR32,AF32<=AS32),Dropdown!$A$19,Dropdown!$A$20) -> #N/A | AU32: =IF(AND(AN32=Dropdown!$A$19,AQ32=Dropdown!$A$19,AT32=Dropdown!$A$19),Dropdown!$A$19,Dropdown!$A$20) -> #N/A | AV32: =IF(Projektformular!AX57="",Dropdown!A$19,Projektformular!AX57) -> Si | AW32: =IF(Projektformular!AY57="","",Projektformular!AY57)
W33: 14 | X33: =IF(ISBLANK(Projektformular!AV26)=TRUE,NA(),Projektformular!AV26) -> #N/A | Y33: =IF(ISBLANK(Projektformular!AX26)=TRUE,NA(),Projektformular!AX26) -> #N/A | Z33: =IF(ISBLANK(Projektformular!AZ26)=TRUE,NA(),Projektformular!AZ26) -> #N/A | AA33: =IF(ISBLANK(Projektformular!BA26)=TRUE,NA(),Projektformular!BA26) -> #N/A | AB33: =IF(ISBLANK(Projektformular!BB26)=TRUE,NA(),Projektformular!BB26) -> #N/A | AC33: =IF(ISBLANK(Projektformular!BC26)=TRUE,NA(),Projektformular!BC26) | AD33: =AB33/Z33 -> #N/A | AE33: =AB33/AA33 -> #N/A | AF33: =Z33*1000/AA33 -> #N/A | AG33: =IF(AND(X33=Dropdown!$A$64,Y33=Dropdown!$A$71),$X$4,IF(AND(X33=Dropdown!$A$64,Y33=Dropdown!$A$72),$Y$4,IF(AND(X33=Dropdown!$A$64,Y33=Dropdown!$A$73),$Z$4, IF(AND(X33=Dropdown!$A$65,Y33=Dropdown!$A$71),$AA$4,IF(AND(X33=Dropdown!$A$65,Y33=Dropdown!$A$72),$AB$4,IF(AND(X33=Dropdown!$A$65,Y33=Dropdown!$A$73),$AC$4, IF(AND(X33=Dropdown!$A$66,Y33=Dropdown!$A$71),$AD$4,IF(AND(X33=Dropdown!$A$66,Y33=Dropdown!$A$72),$AE$4,IF(AND(X33=Dropdown!$A$66,Y33=Dropdown!$A$73),$AF$4, IF(AND(X33=Dropdown!$A$67,Y33=Dropdown!$A$71),$AD$4,IF(AND(X33=Dropdown!$A$67,Y33=Dropdown!$A$72),$AE$4,IF(AND(X33=Dropdown!$A$67,Y33=Dropdown!$A$73),$AF$4, NA())))))))))))) -> #N/A | AH33: =AG33&" up" -> #N/A | AI33: =HLOOKUP(AG33,$X$4:$AF$14,MATCH(TEXT($W$16,"#")&" VBZ",$V$4:$V$14,0),FALSE) -> #N/A | AJ33: =HLOOKUP(AG33,$X$4:$AF$14,MATCH(TEXT($W$16,"#")&" Energie",$V$4:$V$14,0),FALSE) -> #N/A | AK33: =HLOOKUP(AG33,$X$4:$AF$14,MATCH(TEXT($W$16,"#")&" Leistung",$V$4:$V$14,0),FALSE) -> #N/A | AL33: =HLOOKUP(AG33,$C$22:$T$32,MATCH(TEXT($W$16,"#")&" VBZ",$A$22:$A$32,0),FALSE) -> #N/A | AM33: =HLOOKUP(AH33,$C$22:$T$32,MATCH(TEXT($W$16,"#")&" VBZ",$A$22:$A$32,0),FALSE) -> #N/A | AN33: =IF(AND(AD33>=AL33,AD33<=AM33),Dropdown!$A$19,Dropdown!$A$20) -> #N/A | AO33: =HLOOKUP(AG33,$C$22:$T$32,MATCH(TEXT($W$16,"#")&" Energie",$A$22:$A$32,0),FALSE) -> #N/A | AP33: =HLOOKUP(AH33,$C$22:$T$32,MATCH(TEXT($W$16,"#")&" Energie",$A$22:$A$32,0),FALSE) -> #N/A | AQ33: =IF(AND(AE33>=AO33,AE33<=AP33),Dropdown!$A$19,Dropdown!$A$20) -> #N/A | AR33: =HLOOKUP(AG33,$C$22:$T$32,MATCH(TEXT($W$16,"#")&" Leistung",$A$22:$A$32,0),FALSE) -> #N/A | AS33: =HLOOKUP(AH33,$C$22:$T$32,MATCH(TEXT($W$16,"#")&" Leistung",$A$22:$A$32,0),FALSE) -> #N/A | AT33: =IF(AND(AF33>=AR33,AF33<=AS33),Dropdown!$A$19,Dropdown!$A$20) -> #N/A | AU33: =IF(AND(AN33=Dropdown!$A$19,AQ33=Dropdown!$A$19,AT33=Dropdown!$A$19),Dropdown!$A$19,Dropdown!$A$20) -> #N/A | AV33: =IF(Projektformular!AX58="",Dropdown!A$19,Projektformular!AX58) -> Si | AW33: =IF(Projektformular!AY58="","",Projektformular!AY58)
W34: 15 | X34: =IF(ISBLANK(Projektformular!AV27)=TRUE,NA(),Projektformular!AV27) -> #N/A | Y34: =IF(ISBLANK(Projektformular!AX27)=TRUE,NA(),Projektformular!AX27) -> #N/A | Z34: =IF(ISBLANK(Projektformular!AZ27)=TRUE,NA(),Projektformular!AZ27) -> #N/A | AA34: =IF(ISBLANK(Projektformular!BA27)=TRUE,NA(),Projektformular!BA27) -> #N/A | AB34: =IF(ISBLANK(Projektformular!BB27)=TRUE,NA(),Projektformular!BB27) -> #N/A | AC34: =IF(ISBLANK(Projektformular!BC27)=TRUE,NA(),Projektformular!BC27) | AD34: =AB34/Z34 -> #N/A | AE34: =AB34/AA34 -> #N/A | AF34: =Z34*1000/AA34 -> #N/A | AG34: =IF(AND(X34=Dropdown!$A$64,Y34=Dropdown!$A$71),$X$4,IF(AND(X34=Dropdown!$A$64,Y34=Dropdown!$A$72),$Y$4,IF(AND(X34=Dropdown!$A$64,Y34=Dropdown!$A$73),$Z$4, IF(AND(X34=Dropdown!$A$65,Y34=Dropdown!$A$71),$AA$4,IF(AND(X34=Dropdown!$A$65,Y34=Dropdown!$A$72),$AB$4,IF(AND(X34=Dropdown!$A$65,Y34=Dropdown!$A$73),$AC$4, IF(AND(X34=Dropdown!$A$66,Y34=Dropdown!$A$71),$AD$4,IF(AND(X34=Dropdown!$A$66,Y34=Dropdown!$A$72),$AE$4,IF(AND(X34=Dropdown!$A$66,Y34=Dropdown!$A$73),$AF$4, IF(AND(X34=Dropdown!$A$67,Y34=Dropdown!$A$71),$AD$4,IF(AND(X34=Dropdown!$A$67,Y34=Dropdown!$A$72),$AE$4,IF(AND(X34=Dropdown!$A$67,Y34=Dropdown!$A$73),$AF$4, NA())))))))))))) -> #N/A | AH34: =AG34&" up" -> #N/A | AI34: =HLOOKUP(AG34,$X$4:$AF$14,MATCH(TEXT($W$16,"#")&" VBZ",$V$4:$V$14,0),FALSE) -> #N/A | AJ34: =HLOOKUP(AG34,$X$4:$AF$14,MATCH(TEXT($W$16,"#")&" Energie",$V$4:$V$14,0),FALSE) -> #N/A | AK34: =HLOOKUP(AG34,$X$4:$AF$14,MATCH(TEXT($W$16,"#")&" Leistung",$V$4:$V$14,0),FALSE) -> #N/A | AL34: =HLOOKUP(AG34,$C$22:$T$32,MATCH(TEXT($W$16,"#")&" VBZ",$A$22:$A$32,0),FALSE) -> #N/A | AM34: =HLOOKUP(AH34,$C$22:$T$32,MATCH(TEXT($W$16,"#")&" VBZ",$A$22:$A$32,0),FALSE) -> #N/A | AN34: =IF(AND(AD34>=AL34,AD34<=AM34),Dropdown!$A$19,Dropdown!$A$20) -> #N/A | AO34: =HLOOKUP(AG34,$C$22:$T$32,MATCH(TEXT($W$16,"#")&" Energie",$A$22:$A$32,0),FALSE) -> #N/A | AP34: =HLOOKUP(AH34,$C$22:$T$32,MATCH(TEXT($W$16,"#")&" Energie",$A$22:$A$32,0),FALSE) -> #N/A | AQ34: =IF(AND(AE34>=AO34,AE34<=AP34),Dropdown!$A$19,Dropdown!$A$20) -> #N/A | AR34: =HLOOKUP(AG34,$C$22:$T$32,MATCH(TEXT($W$16,"#")&" Leistung",$A$22:$A$32,0),FALSE) -> #N/A | AS34: =HLOOKUP(AH34,$C$22:$T$32,MATCH(TEXT($W$16,"#")&" Leistung",$A$22:$A$32,0),FALSE) -> #N/A | AT34: =IF(AND(AF34>=AR34,AF34<=AS34),Dropdown!$A$19,Dropdown!$A$20) -> #N/A | AU34: =IF(AND(AN34=Dropdown!$A$19,AQ34=Dropdown!$A$19,AT34=Dropdown!$A$19),Dropdown!$A$19,Dropdown!$A$20) -> #N/A | AV34: =IF(Projektformular!AX59="",Dropdown!A$19,Projektformular!AX59) -> Si | AW34: =IF(Projektformular!AY59="","",Projektformular!AY59)
W35: 16 | X35: =IF(ISBLANK(Projektformular!AV28)=TRUE,NA(),Projektformular!AV28) -> #N/A | Y35: =IF(ISBLANK(Projektformular!AX28)=TRUE,NA(),Projektformular!AX28) -> #N/A | Z35: =IF(ISBLANK(Projektformular!AZ28)=TRUE,NA(),Projektformular!AZ28) -> #N/A | AA35: =IF(ISBLANK(Projektformular!BA28)=TRUE,NA(),Projektformular!BA28) -> #N/A | AB35: =IF(ISBLANK(Projektformular!BB28)=TRUE,NA(),Projektformular!BB28) -> #N/A | AC35: =IF(ISBLANK(Projektformular!BC28)=TRUE,NA(),Projektformular!BC28) | AD35: =AB35/Z35 -> #N/A | AE35: =AB35/AA35 -> #N/A | AF35: =Z35*1000/AA35 -> #N/A | AG35: =IF(AND(X35=Dropdown!$A$64,Y35=Dropdown!$A$71),$X$4,IF(AND(X35=Dropdown!$A$64,Y35=Dropdown!$A$72),$Y$4,IF(AND(X35=Dropdown!$A$64,Y35=Dropdown!$A$73),$Z$4, IF(AND(X35=Dropdown!$A$65,Y35=Dropdown!$A$71),$AA$4,IF(AND(X35=Dropdown!$A$65,Y35=Dropdown!$A$72),$AB$4,IF(AND(X35=Dropdown!$A$65,Y35=Dropdown!$A$73),$AC$4, IF(AND(X35=Dropdown!$A$66,Y35=Dropdown!$A$71),$AD$4,IF(AND(X35=Dropdown!$A$66,Y35=Dropdown!$A$72),$AE$4,IF(AND(X35=Dropdown!$A$66,Y35=Dropdown!$A$73),$AF$4, IF(AND(X35=Dropdown!$A$67,Y35=Dropdown!$A$71),$AD$4,IF(AND(X35=Dropdown!$A$67,Y35=Dropdown!$A$72),$AE$4,IF(AND(X35=Dropdown!$A$67,Y35=Dropdown!$A$73),$AF$4, NA())))))))))))) -> #N/A | AH35: =AG35&" up" -> #N/A | AI35: =HLOOKUP(AG35,$X$4:$AF$14,MATCH(TEXT($W$16,"#")&" VBZ",$V$4:$V$14,0),FALSE) -> #N/A | AJ35: =HLOOKUP(AG35,$X$4:$AF$14,MATCH(TEXT($W$16,"#")&" Energie",$V$4:$V$14,0),FALSE) -> #N/A | AK35: =HLOOKUP(AG35,$X$4:$AF$14,MATCH(TEXT($W$16,"#")&" Leistung",$V$4:$V$14,0),FALSE) -> #N/A | AL35: =HLOOKUP(AG35,$C$22:$T$32,MATCH(TEXT($W$16,"#")&" VBZ",$A$22:$A$32,0),FALSE) -> #N/A | AM35: =HLOOKUP(AH35,$C$22:$T$32,MATCH(TEXT($W$16,"#")&" VBZ",$A$22:$A$32,0),FALSE) -> #N/A | AN35: =IF(AND(AD35>=AL35,AD35<=AM35),Dropdown!$A$19,Dropdown!$A$20) -> #N/A | AO35: =HLOOKUP(AG35,$C$22:$T$32,MATCH(TEXT($W$16,"#")&" Energie",$A$22:$A$32,0),FALSE) -> #N/A | AP35: =HLOOKUP(AH35,$C$22:$T$32,MATCH(TEXT($W$16,"#")&" Energie",$A$22:$A$32,0),FALSE) -> #N/A | AQ35: =IF(AND(AE35>=AO35,AE35<=AP35),Dropdown!$A$19,Dropdown!$A$20) -> #N/A | AR35: =HLOOKUP(AG35,$C$22:$T$32,MATCH(TEXT($W$16,"#")&" Leistung",$A$22:$A$32,0),FALSE) -> #N/A | AS35: =HLOOKUP(AH35,$C$22:$T$32,MATCH(TEXT($W$16,"#")&" Leistung",$A$22:$A$32,0),FALSE) -> #N/A | AT35: =IF(AND(AF35>=AR35,AF35<=AS35),Dropdown!$A$19,Dropdown!$A$20) -> #N/A | AU35: =IF(AND(AN35=Dropdown!$A$19,AQ35=Dropdown!$A$19,AT35=Dropdown!$A$19),Dropdown!$A$19,Dropdown!$A$20) -> #N/A | AV35: =IF(Projektformular!AX60="",Dropdown!A$19,Projektformular!AX60) -> Si | AW35: =IF(Projektformular!AY60="","",Projektformular!AY60)
W36: 17 | X36: =IF(ISBLANK(Projektformular!AV29)=TRUE,NA(),Projektformular!AV29) -> #N/A | Y36: =IF(ISBLANK(Projektformular!AX29)=TRUE,NA(),Projektformular!AX29) -> #N/A | Z36: =IF(ISBLANK(Projektformular!AZ29)=TRUE,NA(),Projektformular!AZ29) -> #N/A | AA36: =IF(ISBLANK(Projektformular!BA29)=TRUE,NA(),Projektformular!BA29) -> #N/A | AB36: =IF(ISBLANK(Projektformular!BB29)=TRUE,NA(),Projektformular!BB29) -> #N/A | AC36: =IF(ISBLANK(Projektformular!BC29)=TRUE,NA(),Projektformular!BC29) | AD36: =AB36/Z36 -> #N/A | AE36: =AB36/AA36 -> #N/A | AF36: =Z36*1000/AA36 -> #N/A | AG36: =IF(AND(X36=Dropdown!$A$64,Y36=Dropdown!$A$71),$X$4,IF(AND(X36=Dropdown!$A$64,Y36=Dropdown!$A$72),$Y$4,IF(AND(X36=Dropdown!$A$64,Y36=Dropdown!$A$73),$Z$4, IF(AND(X36=Dropdown!$A$65,Y36=Dropdown!$A$71),$AA$4,IF(AND(X36=Dropdown!$A$65,Y36=Dropdown!$A$72),$AB$4,IF(AND(X36=Dropdown!$A$65,Y36=Dropdown!$A$73),$AC$4, IF(AND(X36=Dropdown!$A$66,Y36=Dropdown!$A$71),$AD$4,IF(AND(X36=Dropdown!$A$66,Y36=Dropdown!$A$72),$AE$4,IF(AND(X36=Dropdown!$A$66,Y36=Dropdown!$A$73),$AF$4, IF(AND(X36=Dropdown!$A$67,Y36=Dropdown!$A$71),$AD$4,IF(AND(X36=Dropdown!$A$67,Y36=Dropdown!$A$72),$AE$4,IF(AND(X36=Dropdown!$A$67,Y36=Dropdown!$A$73),$AF$4, NA())))))))))))) -> #N/A | AH36: =AG36&" up" -> #N/A | AI36: =HLOOKUP(AG36,$X$4:$AF$14,MATCH(TEXT($W$16,"#")&" VBZ",$V$4:$V$14,0),FALSE) -> #N/A | AJ36: =HLOOKUP(AG36,$X$4:$AF$14,MATCH(TEXT($W$16,"#")&" Energie",$V$4:$V$14,0),FALSE) -> #N/A | AK36: =HLOOKUP(AG36,$X$4:$AF$14,MATCH(TEXT($W$16,"#")&" Leistung",$V$4:$V$14,0),FALSE) -> #N/A | AL36: =HLOOKUP(AG36,$C$22:$T$32,MATCH(TEXT($W$16,"#")&" VBZ",$A$22:$A$32,0),FALSE) -> #N/A | AM36: =HLOOKUP(AH36,$C$22:$T$32,MATCH(TEXT($W$16,"#")&" VBZ",$A$22:$A$32,0),FALSE) -> #N/A | AN36: =IF(AND(AD36>=AL36,AD36<=AM36),Dropdown!$A$19,Dropdown!$A$20) -> #N/A | AO36: =HLOOKUP(AG36,$C$22:$T$32,MATCH(TEXT($W$16,"#")&" Energie",$A$22:$A$32,0),FALSE) -> #N/A | AP36: =HLOOKUP(AH36,$C$22:$T$32,MATCH(TEXT($W$16,"#")&" Energie",$A$22:$A$32,0),FALSE) -> #N/A | AQ36: =IF(AND(AE36>=AO36,AE36<=AP36),Dropdown!$A$19,Dropdown!$A$20) -> #N/A | AR36: =HLOOKUP(AG36,$C$22:$T$32,MATCH(TEXT($W$16,"#")&" Leistung",$A$22:$A$32,0),FALSE) -> #N/A | AS36: =HLOOKUP(AH36,$C$22:$T$32,MATCH(TEXT($W$16,"#")&" Leistung",$A$22:$A$32,0),FALSE) -> #N/A | AT36: =IF(AND(AF36>=AR36,AF36<=AS36),Dropdown!$A$19,Dropdown!$A$20) -> #N/A | AU36: =IF(AND(AN36=Dropdown!$A$19,AQ36=Dropdown!$A$19,AT36=Dropdown!$A$19),Dropdown!$A$19,Dropdown!$A$20) -> #N/A | AV36: =IF(Projektformular!AX61="",Dropdown!A$19,Projektformular!AX61) -> Si | AW36: =IF(Projektformular!AY61="","",Projektformular!AY61)
W37: 18 | X37: =IF(ISBLANK(Projektformular!AV30)=TRUE,NA(),Projektformular!AV30) -> #N/A | Y37: =IF(ISBLANK(Projektformular!AX30)=TRUE,NA(),Projektformular!AX30) -> #N/A | Z37: =IF(ISBLANK(Projektformular!AZ30)=TRUE,NA(),Projektformular!AZ30) -> #N/A | AA37: =IF(ISBLANK(Projektformular!BA30)=TRUE,NA(),Projektformular!BA30) -> #N/A | AB37: =IF(ISBLANK(Projektformular!BB30)=TRUE,NA(),Projektformular!BB30) -> #N/A | AC37: =IF(ISBLANK(Projektformular!BC30)=TRUE,NA(),Projektformular!BC30) | AD37: =AB37/Z37 -> #N/A | AE37: =AB37/AA37 -> #N/A | AF37: =Z37*1000/AA37 -> #N/A | AG37: =IF(AND(X37=Dropdown!$A$64,Y37=Dropdown!$A$71),$X$4,IF(AND(X37=Dropdown!$A$64,Y37=Dropdown!$A$72),$Y$4,IF(AND(X37=Dropdown!$A$64,Y37=Dropdown!$A$73),$Z$4, IF(AND(X37=Dropdown!$A$65,Y37=Dropdown!$A$71),$AA$4,IF(AND(X37=Dropdown!$A$65,Y37=Dropdown!$A$72),$AB$4,IF(AND(X37=Dropdown!$A$65,Y37=Dropdown!$A$73),$AC$4, IF(AND(X37=Dropdown!$A$66,Y37=Dropdown!$A$71),$AD$4,IF(AND(X37=Dropdown!$A$66,Y37=Dropdown!$A$72),$AE$4,IF(AND(X37=Dropdown!$A$66,Y37=Dropdown!$A$73),$AF$4, IF(AND(X37=Dropdown!$A$67,Y37=Dropdown!$A$71),$AD$4,IF(AND(X37=Dropdown!$A$67,Y37=Dropdown!$A$72),$AE$4,IF(AND(X37=Dropdown!$A$67,Y37=Dropdown!$A$73),$AF$4, NA())))))))))))) -> #N/A | AH37: =AG37&" up" -> #N/A | AI37: =HLOOKUP(AG37,$X$4:$AF$14,MATCH(TEXT($W$16,"#")&" VBZ",$V$4:$V$14,0),FALSE) -> #N/A | AJ37: =HLOOKUP(AG37,$X$4:$AF$14,MATCH(TEXT($W$16,"#")&" Energie",$V$4:$V$14,0),FALSE) -> #N/A | AK37: =HLOOKUP(AG37,$X$4:$AF$14,MATCH(TEXT($W$16,"#")&" Leistung",$V$4:$V$14,0),FALSE) -> #N/A | AL37: =HLOOKUP(AG37,$C$22:$T$32,MATCH(TEXT($W$16,"#")&" VBZ",$A$22:$A$32,0),FALSE) -> #N/A | AM37: =HLOOKUP(AH37,$C$22:$T$32,MATCH(TEXT($W$16,"#")&" VBZ",$A$22:$A$32,0),FALSE) -> #N/A | AN37: =IF(AND(AD37>=AL37,AD37<=AM37),Dropdown!$A$19,Dropdown!$A$20) -> #N/A | AO37: =HLOOKUP(AG37,$C$22:$T$32,MATCH(TEXT($W$16,"#")&" Energie",$A$22:$A$32,0),FALSE) -> #N/A | AP37: =HLOOKUP(AH37,$C$22:$T$32,MATCH(TEXT($W$16,"#")&" Energie",$A$22:$A$32,0),FALSE) -> #N/A | AQ37: =IF(AND(AE37>=AO37,AE37<=AP37),Dropdown!$A$19,Dropdown!$A$20) -> #N/A | AR37: =HLOOKUP(AG37,$C$22:$T$32,MATCH(TEXT($W$16,"#")&" Leistung",$A$22:$A$32,0),FALSE) -> #N/A | AS37: =HLOOKUP(AH37,$C$22:$T$32,MATCH(TEXT($W$16,"#")&" Leistung",$A$22:$A$32,0),FALSE) -> #N/A | AT37: =IF(AND(AF37>=AR37,AF37<=AS37),Dropdown!$A$19,Dropdown!$A$20) -> #N/A | AU37: =IF(AND(AN37=Dropdown!$A$19,AQ37=Dropdown!$A$19,AT37=Dropdown!$A$19),Dropdown!$A$19,Dropdown!$A$20) -> #N/A | AV37: =IF(Projektformular!AX62="",Dropdown!A$19,Projektformular!AX62) -> Si | AW37: =IF(Projektformular!AY62="","",Projektformular!AY62)
W38: 19 | X38: =IF(ISBLANK(Projektformular!AV31)=TRUE,NA(),Projektformular!AV31) -> #N/A | Y38: =IF(ISBLANK(Projektformular!AX31)=TRUE,NA(),Projektformular!AX31) -> #N/A | Z38: =IF(ISBLANK(Projektformular!AZ31)=TRUE,NA(),Projektformular!AZ31) -> #N/A | AA38: =IF(ISBLANK(Projektformular!BA31)=TRUE,NA(),Projektformular!BA31) -> #N/A | AB38: =IF(ISBLANK(Projektformular!BB31)=TRUE,NA(),Projektformular!BB31) -> #N/A | AC38: =IF(ISBLANK(Projektformular!BC31)=TRUE,NA(),Projektformular!BC31) | AD38: =AB38/Z38 -> #N/A | AE38: =AB38/AA38 -> #N/A | AF38: =Z38*1000/AA38 -> #N/A | AG38: =IF(AND(X38=Dropdown!$A$64,Y38=Dropdown!$A$71),$X$4,IF(AND(X38=Dropdown!$A$64,Y38=Dropdown!$A$72),$Y$4,IF(AND(X38=Dropdown!$A$64,Y38=Dropdown!$A$73),$Z$4, IF(AND(X38=Dropdown!$A$65,Y38=Dropdown!$A$71),$AA$4,IF(AND(X38=Dropdown!$A$65,Y38=Dropdown!$A$72),$AB$4,IF(AND(X38=Dropdown!$A$65,Y38=Dropdown!$A$73),$AC$4, IF(AND(X38=Dropdown!$A$66,Y38=Dropdown!$A$71),$AD$4,IF(AND(X38=Dropdown!$A$66,Y38=Dropdown!$A$72),$AE$4,IF(AND(X38=Dropdown!$A$66,Y38=Dropdown!$A$73),$AF$4, IF(AND(X38=Dropdown!$A$67,Y38=Dropdown!$A$71),$AD$4,IF(AND(X38=Dropdown!$A$67,Y38=Dropdown!$A$72),$AE$4,IF(AND(X38=Dropdown!$A$67,Y38=Dropdown!$A$73),$AF$4, NA())))))))))))) -> #N/A | AH38: =AG38&" up" -> #N/A | AI38: =HLOOKUP(AG38,$X$4:$AF$14,MATCH(TEXT($W$16,"#")&" VBZ",$V$4:$V$14,0),FALSE) -> #N/A | AJ38: =HLOOKUP(AG38,$X$4:$AF$14,MATCH(TEXT($W$16,"#")&" Energie",$V$4:$V$14,0),FALSE) -> #N/A | AK38: =HLOOKUP(AG38,$X$4:$AF$14,MATCH(TEXT($W$16,"#")&" Leistung",$V$4:$V$14,0),FALSE) -> #N/A | AL38: =HLOOKUP(AG38,$C$22:$T$32,MATCH(TEXT($W$16,"#")&" VBZ",$A$22:$A$32,0),FALSE) -> #N/A | AM38: =HLOOKUP(AH38,$C$22:$T$32,MATCH(TEXT($W$16,"#")&" VBZ",$A$22:$A$32,0),FALSE) -> #N/A | AN38: =IF(AND(AD38>=AL38,AD38<=AM38),Dropdown!$A$19,Dropdown!$A$20) -> #N/A | AO38: =HLOOKUP(AG38,$C$22:$T$32,MATCH(TEXT($W$16,"#")&" Energie",$A$22:$A$32,0),FALSE) -> #N/A | AP38: =HLOOKUP(AH38,$C$22:$T$32,MATCH(TEXT($W$16,"#")&" Energie",$A$22:$A$32,0),FALSE) -> #N/A | AQ38: =IF(AND(AE38>=AO38,AE38<=AP38),Dropdown!$A$19,Dropdown!$A$20) -> #N/A | AR38: =HLOOKUP(AG38,$C$22:$T$32,MATCH(TEXT($W$16,"#")&" Leistung",$A$22:$A$32,0),FALSE) -> #N/A | AS38: =HLOOKUP(AH38,$C$22:$T$32,MATCH(TEXT($W$16,"#")&" Leistung",$A$22:$A$32,0),FALSE) -> #N/A | AT38: =IF(AND(AF38>=AR38,AF38<=AS38),Dropdown!$A$19,Dropdown!$A$20) -> #N/A | AU38: =IF(AND(AN38=Dropdown!$A$19,AQ38=Dropdown!$A$19,AT38=Dropdown!$A$19),Dropdown!$A$19,Dropdown!$A$20) -> #N/A | AV38: =IF(Projektformular!AX63="",Dropdown!A$19,Projektformular!AX63) -> Si | AW38: =IF(Projektformular!AY63="","",Projektformular!AY63)
W39: 20 | X39: =IF(ISBLANK(Projektformular!AV32)=TRUE,NA(),Projektformular!AV32) -> #N/A | Y39: =IF(ISBLANK(Projektformular!AX32)=TRUE,NA(),Projektformular!AX32) -> #N/A | Z39: =IF(ISBLANK(Projektformular!AZ32)=TRUE,NA(),Projektformular!AZ32) -> #N/A | AA39: =IF(ISBLANK(Projektformular!BA32)=TRUE,NA(),Projektformular!BA32) -> #N/A | AB39: =IF(ISBLANK(Projektformular!BB32)=TRUE,NA(),Projektformular!BB32) -> #N/A | AC39: =IF(ISBLANK(Projektformular!BC32)=TRUE,NA(),Projektformular!BC32) | AD39: =AB39/Z39 -> #N/A | AE39: =AB39/AA39 -> #N/A | AF39: =Z39*1000/AA39 -> #N/A | AG39: =IF(AND(X39=Dropdown!$A$64,Y39=Dropdown!$A$71),$X$4,IF(AND(X39=Dropdown!$A$64,Y39=Dropdown!$A$72),$Y$4,IF(AND(X39=Dropdown!$A$64,Y39=Dropdown!$A$73),$Z$4, IF(AND(X39=Dropdown!$A$65,Y39=Dropdown!$A$71),$AA$4,IF(AND(X39=Dropdown!$A$65,Y39=Dropdown!$A$72),$AB$4,IF(AND(X39=Dropdown!$A$65,Y39=Dropdown!$A$73),$AC$4, IF(AND(X39=Dropdown!$A$66,Y39=Dropdown!$A$71),$AD$4,IF(AND(X39=Dropdown!$A$66,Y39=Dropdown!$A$72),$AE$4,IF(AND(X39=Dropdown!$A$66,Y39=Dropdown!$A$73),$AF$4, IF(AND(X39=Dropdown!$A$67,Y39=Dropdown!$A$71),$AD$4,IF(AND(X39=Dropdown!$A$67,Y39=Dropdown!$A$72),$AE$4,IF(AND(X39=Dropdown!$A$67,Y39=Dropdown!$A$73),$AF$4, NA())))))))))))) -> #N/A | AH39: =AG39&" up" -> #N/A | AI39: =HLOOKUP(AG39,$X$4:$AF$14,MATCH(TEXT($W$16,"#")&" VBZ",$V$4:$V$14,0),FALSE) -> #N/A | AJ39: =HLOOKUP(AG39,$X$4:$AF$14,MATCH(TEXT($W$16,"#")&" Energie",$V$4:$V$14,0),FALSE) -> #N/A | AK39: =HLOOKUP(AG39,$X$4:$AF$14,MATCH(TEXT($W$16,"#")&" Leistung",$V$4:$V$14,0),FALSE) -> #N/A | AL39: =HLOOKUP(AG39,$C$22:$T$32,MATCH(TEXT($W$16,"#")&" VBZ",$A$22:$A$32,0),FALSE) -> #N/A | AM39: =HLOOKUP(AH39,$C$22:$T$32,MATCH(TEXT($W$16,"#")&" VBZ",$A$22:$A$32,0),FALSE) -> #N/A | AN39: =IF(AND(AD39>=AL39,AD39<=AM39),Dropdown!$A$19,Dropdown!$A$20) -> #N/A | AO39: =HLOOKUP(AG39,$C$22:$T$32,MATCH(TEXT($W$16,"#")&" Energie",$A$22:$A$32,0),FALSE) -> #N/A | AP39: =HLOOKUP(AH39,$C$22:$T$32,MATCH(TEXT($W$16,"#")&" Energie",$A$22:$A$32,0),FALSE) -> #N/A | AQ39: =IF(AND(AE39>=AO39,AE39<=AP39),Dropdown!$A$19,Dropdown!$A$20) -> #N/A | AR39: =HLOOKUP(AG39,$C$22:$T$32,MATCH(TEXT($W$16,"#")&" Leistung",$A$22:$A$32,0),FALSE) -> #N/A | AS39: =HLOOKUP(AH39,$C$22:$T$32,MATCH(TEXT($W$16,"#")&" Leistung",$A$22:$A$32,0),FALSE) -> #N/A | AT39: =IF(AND(AF39>=AR39,AF39<=AS39),Dropdown!$A$19,Dropdown!$A$20) -> #N/A | AU39: =IF(AND(AN39=Dropdown!$A$19,AQ39=Dropdown!$A$19,AT39=Dropdown!$A$19),Dropdown!$A$19,Dropdown!$A$20) -> #N/A | AV39: =IF(Projektformular!AX64="",Dropdown!A$19,Projektformular!AX64) -> Si | AW39: =IF(Projektformular!AY64="","",Projektformular!AY64)
AV40: =COUNTIF(AV20:AV39,Dropdown!A20) -> 0 | AW40: =20-COUNTIF(AW20:AW39,"") -> 0 | AX40: =IF(AV40=AW40,Dropdown!A19,Dropdown!A20) -> Si
A47: Verluste Wärmeverteilung
B48: QMmini 2.40 | D48: QMmini 2.40 angepasst | F48: Verwendete Werte, basierend auf Tool Holzenergieanlagen
A49: Binominal-Koeffizienten | B49: Heizperiode 2.40 | C49: Ganzjahresbetrieb 2.40 | D49: Heizperiode 2.40-2 | E49: Ganzjahresbetrieb 2.40-2 | F49: Heizperiode | G49: Ganzjahresbetrieb
A50: 6 | B50: 0.1765 | C50: 0.0317 | D50: 0.0369 | E50: 0.0135 | F50: 8.5 | G50: 16
A51: 5 | B51: 2.6016 | C51: 0.578 | D51: 0.7707 | E51: 0.3144 | F51: 0.85 | G51: 0.75
A52: 4 | B52: 15.462 | C52: 4.3825 | D52: 6.3828 | E52: 2.9608
A53: 3 | B53: 47.666 | C53: 18.017 | D53: 26.714 | E53: 14.497
A54: 2 | B54: 81.94 | C54: 43.643 | D54: 59.818 | E54: 39.703 | F54: 8.9669 | G54: 16.288
A55: 1 | B55: 78.692 | C55: 62.644 | D55: 70.02 | E55: 61.022 | F55: 0.929 | G55: 0.869 | I55: Vergleich | P55: Erneuerung Holzenergieanlagen | W55: QMmini 2.40
A56: 0 | B56: 40.193 | C56: 50.43 | D56: 39.669 | E56: 50.326
A58: Anschlussdichte | B58: =B49 -> Heizperiode 2.40 | C58: =C49 -> Ganzjahresbetrieb 2.40 | D58: =D49 -> Heizperiode 2.40-2 | E58: =E49 -> Ganzjahresbetrieb 2.40-2 | F58: =F49 -> Heizperiode | G58: =G49 -> Ganzjahresbetrieb
A59: 0.2 | B59: =B$50*$A59^6-B$51*$A59^5+B$52*$A59^4-B$53*$A59^3+B$54*$A59^2-B$55*$A59+B$56 -> 27.37479 | C59: =C$50*$A59^6-C$51*$A59^5+C$52*$A59^4-C$53*$A59^3+C$54*$A59^2-C$55*$A59+C$56 -> 39.509613 | D59: =D$50*$A59^6-D$51*$A59^5+D$52*$A59^4-D$53*$A59^3+D$54*$A59^2-D$55*$A59+D$56 -> 27.853976 | E59: =E$50*$A59^6-E$51*$A59^5+E$52*$A59^4-E$53*$A59^3+E$54*$A59^2-E$55*$A59+E$56 -> 39.598382 | F59: =F$50*$A59^-F$51 -> 33.384389 | G59: =G$50*$A59^-G$51 -> 53.499224
A60: 0.4 | B60: =B$50*$A60^6-B$51*$A60^5+B$52*$A60^4-B$53*$A60^3+B$54*$A60^2-B$55*$A60+B$56 -> 19.145886 | C60: =C$50*$A60^6-C$51*$A60^5+C$52*$A60^4-C$53*$A60^3+C$54*$A60^2-C$55*$A60+C$56 -> 31.308595 | D60: =D$50*$A60^6-D$51*$A60^5+D$52*$A60^4-D$53*$A60^3+D$54*$A60^2-D$55*$A60+D$56 -> 19.677843 | E60: =E$50*$A60^6-E$51*$A60^5+E$52*$A60^4-E$53*$A60^3+E$54*$A60^2-E$55*$A60+E$56 -> 31.414504 | F60: =F$50*$A60^-F$51 -> 18.521149 | G60: =G$50*$A60^-G$51 -> 31.810829
A61: 0.6 | B61: =B$50*$A61^6-B$51*$A61^5+B$52*$A61^4-B$53*$A61^3+B$54*$A61^2-B$55*$A61+B$56 -> 13.990154 | C61: =C$50*$A61^6-C$51*$A61^5+C$52*$A61^4-C$53*$A61^3+C$54*$A61^2-C$55*$A61+C$56 -> 25.187914 | D61: =D$50*$A61^6-D$51*$A61^5+D$52*$A61^4-D$53*$A61^3+D$54*$A61^2-D$55*$A61+D$56 -> 14.190259 | E61: =E$50*$A61^6-E$51*$A61^5+E$52*$A61^4-E$53*$A61^3+E$54*$A61^2-E$55*$A61+E$56 -> 25.23443 | F61: =F$50*$A61^-F$51 -> 13.121708 | G61: =G$50*$A61^-G$51 -> 23.469646
A62: 0.8 | B62: =B$50*$A62^6-B$51*$A62^5+B$52*$A62^4-B$53*$A62^3+B$54*$A62^2-B$55*$A62+B$56 -> 10.803019 | C62: =C$50*$A62^6-C$51*$A62^5+C$52*$A62^4-C$53*$A62^3+C$54*$A62^2-C$55*$A62+C$56 -> 20.635599 | D62: =D$50*$A62^6-D$51*$A62^5+D$52*$A62^4-D$53*$A62^3+D$54*$A62^2-D$55*$A62+D$56 -> 10.630477 | E62: =E$50*$A62^6-E$51*$A62^5+E$52*$A62^4-E$53*$A62^3+E$54*$A62^2-E$55*$A62+E$56 -> 20.609116 | F62: =F$50*$A62^-F$51 -> 10.275251 | G62: =G$50*$A62^-G$51 -> 18.914832
A63: 1 | B63: =B$50*$A63^6-B$51*$A63^5+B$52*$A63^4-B$53*$A63^3+B$54*$A63^2-B$55*$A63+B$56 -> 8.8119 | C63: =C$50*$A63^6-C$51*$A63^5+C$52*$A63^4-C$53*$A63^3+C$54*$A63^2-C$55*$A63+C$56 -> 17.2482 | D63: =D$50*$A63^6-D$51*$A63^5+D$52*$A63^4-D$53*$A63^3+D$54*$A63^2-D$55*$A63+D$56 -> 8.402 | E63: =E$50*$A63^6-E$51*$A63^5+E$52*$A63^4-E$53*$A63^3+E$54*$A63^2-E$55*$A63+E$56 -> 17.1699 | F63: =F$50*$A63^-F$51 -> 8.5 | G63: =G$50*$A63^-G$51 -> 16
A64: 1.2 | B64: =B$50*$A64^6-B$51*$A64^5+B$52*$A64^4-B$53*$A64^3+B$54*$A64^2-B$55*$A64+B$56 -> 7.5047681 | C64: =C$50*$A64^6-C$51*$A64^5+C$52*$A64^4-C$53*$A64^3+C$54*$A64^2-C$55*$A64+C$56 -> 14.713703 | D64: =D$50*$A64^6-D$51*$A64^5+D$52*$A64^4-D$53*$A64^3+D$54*$A64^2-D$55*$A64+D$56 -> 7.0489367 | E64: =E$50*$A64^6-E$51*$A64^5+E$52*$A64^4-E$53*$A64^3+E$54*$A64^2-E$55*$A64+E$56 -> 14.618602 | F64: =F$50*$A64^-F$51 -> 7.2797232 | G64: =G$50*$A64^-G$51 -> 13.955135
A65: 1.4 | B65: =B$50*$A65^6-B$51*$A65^5+B$52*$A65^4-B$53*$A65^3+B$54*$A65^2-B$55*$A65+B$56 -> 6.5668491 | C65: =C$50*$A65^6-C$51*$A65^5+C$52*$A65^4-C$53*$A65^3+C$54*$A65^2-C$55*$A65+C$56 -> 12.795908 | D65: =D$50*$A65^6-D$51*$A65^5+D$52*$A65^4-D$53*$A65^3+D$54*$A65^2-D$55*$A65+D$56 -> 6.2340588 | E65: =E$50*$A65^6-E$51*$A65^5+E$52*$A65^4-E$53*$A65^3+E$54*$A65^2-E$55*$A65+E$56 -> 12.718251 | F65: =F$50*$A65^-F$51 -> 6.3857233 | G65: =G$50*$A65^-G$51 -> 12.431512
A66: 1.6 | B66: =B$50*$A66^6-B$51*$A66^5+B$52*$A66^4-B$53*$A66^3+B$54*$A66^2-B$55*$A66+B$56 -> 5.8254526 | C66: =C$50*$A66^6-C$51*$A66^5+C$52*$A66^4-C$53*$A66^3+C$54*$A66^2-C$55*$A66+C$56 -> 11.320268 | D66: =D$50*$A66^6-D$51*$A66^5+D$52*$A66^4-D$53*$A66^3+D$54*$A66^2-D$55*$A66+D$56 -> 5.7185581 | E66: =E$50*$A66^6-E$51*$A66^5+E$52*$A66^4-E$53*$A66^3+E$54*$A66^2-E$55*$A66+E$56 -> 11.284436 | F66: =F$50*$A66^-F$51 -> 5.7005524 | G66: =G$50*$A66^-G$51 -> 11.246827
A67: 1.8 | B67: =B$50*$A67^6-B$51*$A67^5+B$52*$A67^4-B$53*$A67^3+B$54*$A67^2-B$55*$A67+B$56 -> 5.2029356 | C67: =C$50*$A67^6-C$51*$A67^5+C$52*$A67^4-C$53*$A67^3+C$54*$A67^2-C$55*$A67+C$56 -> 10.161192 | D67: =D$50*$A67^6-D$51*$A67^5+D$52*$A67^4-D$53*$A67^3+D$54*$A67^2-D$55*$A67+D$56 -> 5.3435038 | E67: =E$50*$A67^6-E$51*$A67^5+E$52*$A67^4-E$53*$A67^3+E$54*$A67^2-E$55*$A67+E$56 -> 10.177273 | F67: =F$50*$A67^-F$51 -> 5.157477 | G67: =G$50*$A67^-G$51 -> 10.295931
A68: 2 | B68: =B$50*$A68^6-B$51*$A68^5+B$52*$A68^4-B$53*$A68^3+B$54*$A68^2-B$55*$A68+B$56 -> 4.6778 | C68: =C$50*$A68^6-C$51*$A68^5+C$52*$A68^4-C$53*$A68^3+C$54*$A68^2-C$55*$A68+C$56 -> 9.2308 | D68: =D$50*$A68^6-D$51*$A68^5+D$52*$A68^4-D$53*$A68^3+D$54*$A68^2-D$55*$A68+D$56 -> 5.013 | E68: =E$50*$A68^6-E$51*$A68^5+E$52*$A68^4-E$53*$A68^3+E$54*$A68^2-E$55*$A68+E$56 -> 9.294 | F68: =F$50*$A68^-F$51 -> 4.7156703 | G68: =G$50*$A68^-G$51 -> 9.5136569
A69: 2.2 | B69: =B$50*$A69^6-B$51*$A69^5+B$52*$A69^4-B$53*$A69^3+B$54*$A69^2-B$55*$A69+B$56 -> 4.2539221 | C69: =C$50*$A69^6-C$51*$A69^5+C$52*$A69^4-C$53*$A69^3+C$54*$A69^2-C$55*$A69+C$56 -> 8.469146 | D69: =D$50*$A69^6-D$51*$A69^5+D$52*$A69^4-D$53*$A69^3+D$54*$A69^2-D$55*$A69+D$56 -> 4.6790443 | E69: =E$50*$A69^6-E$51*$A69^5+E$52*$A69^4-E$53*$A69^3+E$54*$A69^2-E$55*$A69+E$56 -> 8.5621902 | F69: =F$50*$A69^-F$51 -> 4.348702 | G69: =G$50*$A69^-G$51 -> 8.857333
A70: 2.4 | B70: =B$50*$A70^6-B$51*$A70^5+B$52*$A70^4-B$53*$A70^3+B$54*$A70^2-B$55*$A70+B$56 -> 3.9379165 | C70: =C$50*$A70^6-C$51*$A70^5+C$52*$A70^4-C$53*$A70^3+C$54*$A70^2-C$55*$A70+C$56 -> 7.8359016 | D70: =D$50*$A70^6-D$51*$A70^5+D$52*$A70^4-D$53*$A70^3+D$54*$A70^2-D$55*$A70+D$56 -> 4.3280859 | E70: =E$50*$A70^6-E$51*$A70^5+E$52*$A70^4-E$53*$A70^3+E$54*$A70^2-E$55*$A70+E$56 -> 7.9335904 | F70: =F$50*$A70^-F$51 -> 4.0386793 | G70: =G$50*$A70^-G$51 -> 8.297773
... A78: 4 | B78: =B$50*$A78^6-B$51*$A78^5+B$52*$A78^4-B$53*$A78^3+B$54*$A78^2-B$55*$A78+B$56 -> 3.0186 | C78: =C$50*$A78^6-C$51*$A78^5+C$52*$A78^4-C$53*$A78^3+C$54*$A78^2-C$55*$A78+C$56 -> 4.9452 | D78: =D$50*$A78^6-D$51*$A78^5+D$52*$A78^4-D$53*$A78^3+D$54*$A78^2-D$55*$A78+D$56 -> 2.9234 | E78: =E$50*$A78^6-E$51*$A78^5+E$52*$A78^4-E$53*$A78^3+E$54*$A78^2-E$55*$A78+E$56 -> 4.9932 | F78: =F$50*$A78^-F$51 -> 2.6161819 | G78: =G$50*$A78^-G$51 -> 5.6568542
A79: 4.2 | B79: 2.95 | C79: 4.8 | D79: =D$50*$A79^6-D$51*$A79^5+D$52*$A79^4-D$53*$A79^3+D$54*$A79^2-D$55*$A79+D$56 -> 3.0289572 | E79: =E$50*$A79^6-E$51*$A79^5+E$52*$A79^4-E$53*$A79^3+E$54*$A79^2-E$55*$A79+E$56 -> 4.8604308 | F79: =F$50*$A79^-F$51 -> 2.5099035 | G79: =G$50*$A79^-G$51 -> 5.4535967
A80: 4.4 | B80: 2.9 | C80: 4.75 | D80: =D$50*$A80^6-D$51*$A80^5+D$52*$A80^4-D$53*$A80^3+D$54*$A80^2-D$55*$A80+D$56 -> 3.1354618 | E80: =E$50*$A80^6-E$51*$A80^5+E$52*$A80^4-E$53*$A80^3+E$54*$A80^2-E$55*$A80+E$56 -> 4.7667245 | F80: =F$50*$A80^-F$51 -> 2.4125935 | G80: =G$50*$A80^-G$51 -> 5.2666017
A81: 4.6 | B81: 2.87 | C81: 4.7 | D81: =D$50*$A81^6-D$51*$A81^5+D$52*$A81^4-D$53*$A81^3+D$54*$A81^2-D$55*$A81+D$56 -> 3.2074911 | E81: =E$50*$A81^6-E$51*$A81^5+E$52*$A81^4-E$53*$A81^3+E$54*$A81^2-E$55*$A81+E$56 -> 4.700872 | F81: =F$50*$A81^-F$51 -> 2.3231367 | G81: =G$50*$A81^-G$51 -> 5.093914
A82: 4.8 | B82: 2.86 | C82: 4.67 | D82: =D$50*$A82^6-D$51*$A82^5+D$52*$A82^4-D$53*$A82^3+D$54*$A82^2-D$55*$A82+D$56 -> 3.2154032 | E82: =E$50*$A82^6-E$51*$A82^5+E$52*$A82^4-E$53*$A82^3+E$54*$A82^2-E$55*$A82+E$56 -> 4.6504012 | F82: =F$50*$A82^-F$51 -> 2.2405976 | G82: =G$50*$A82^-G$51 -> 4.9338854
A83: 5 | B83: 2.85 | C83: 4.66 | D83: =D$50*$A83^6-D$51*$A83^5+D$52*$A83^4-D$53*$A83^3+D$54*$A83^2-D$55*$A83+D$56 -> 3.144 | E83: =E$50*$A83^6-E$51*$A83^5+E$52*$A83^4-E$53*$A83^3+E$54*$A83^2-E$55*$A83+E$56 -> 4.6035 | F83: =F$50*$A83^-F$51 -> 2.1641852 | G83: =G$50*$A83^-G$51 -> 4.7851161 | Q83: Heizperiode | R83: Ganzjahresbetrieb
A84: 5.2 | B84: 2.84 | C84: 4.65 | D84: =D$50*$A84^6-D$51*$A84^5+D$52*$A84^4-D$53*$A84^3+D$54*$A84^2-D$55*$A84+D$56 -> 3.0028905 | E84: =E$50*$A84^6-E$51*$A84^5+E$52*$A84^4-E$53*$A84^3+E$54*$A84^2-E$55*$A84+E$56 -> 4.5515631 | F84: =F$50*$A84^-F$51 -> 2.0932258 | G84: =G$50*$A84^-G$51 -> 4.6464094 | Q84: Fonctionnement pendant la période de chauffage | R84: Fonctionnement toute l'année
A85: 5.4 | B85: 2.83 | C85: 4.64 | D85: =D$50*$A85^6-D$51*$A85^5+D$52*$A85^4-D$53*$A85^3+D$54*$A85^2-D$55*$A85+D$56 -> 2.8385545 | E85: =E$50*$A85^6-E$51*$A85^5+E$52*$A85^4-E$53*$A85^3+E$54*$A85^2-E$55*$A85+E$56 -> 4.4923595 | F85: =F$50*$A85^-F$51 -> 2.0271423 | G85: =G$50*$A85^-G$51 -> 4.5167355 | Q85: Esercizio solo periodo riscaldamento | R85: Esercizio tutto l'anno
A86: 5.6 | B86: 2.82 | C86: 4.63 | D86: =D$50*$A86^6-D$51*$A86^5+D$52*$A86^4-D$53*$A86^3+D$54*$A86^2-D$55*$A86+D$56 -> 2.7481072 | E86: =E$50*$A86^6-E$51*$A86^5+E$52*$A86^4-E$53*$A86^3+E$54*$A86^2-E$55*$A86+E$56 -> 4.4338226 | F86: =F$50*$A86^-F$51 -> 1.9654369 | G86: =G$50*$A86^-G$51 -> 4.3952032 | Q86: Heating operation | R86: Year-round operation
A87: 5.8 | B87: 2.81 | C87: 4.62 | D87: =D$50*$A87^6-D$51*$A87^5+D$52*$A87^4-D$53*$A87^3+D$54*$A87^2-D$55*$A87+D$56 -> 2.8947628 | E87: =E$50*$A87^6-E$51*$A87^5+E$52*$A87^4-E$53*$A87^3+E$54*$A87^2-E$55*$A87+E$56 -> 4.3984624 | F87: =F$50*$A87^-F$51 -> 1.9076783 | G87: =G$50*$A87^-G$51 -> 4.2810371
A88: 6 | B88: 2.8 | C88: 4.61 | D88: =D$50*$A88^6-D$51*$A88^5+D$52*$A88^4-D$53*$A88^3+D$54*$A88^2-D$55*$A88+D$56 -> 3.525 | E88: =E$50*$A88^6-E$51*$A88^5+E$52*$A88^4-E$53*$A88^3+E$54*$A88^2-E$55*$A88+E$56 -> 4.4284 | F88: =F$50*$A88^-F$51 -> 1.8534905 | G88: =G$50*$A88^-G$51 -> 4.1735589
A90: Warnungen Wärmeverteilung
A91: Zielwert Anschlussdichte | B91: Wärmenetz | C91: Eingabe Trassenlänge | D91: Anschlussdichte erfüllt
A92: =IF(Projektformular!AC34=Dropdown!A19,1.3,1) -> 1 | B92: =Projektformular!AC33 -> 0 | C92: =ISBLANK(Projektformular!BH12) -> TRUE | D92: =IF(Projektformular!BJ12>=Berechnungen!A92,Dropdown!A19,Dropdown!A20) -> #DIV/0!
D93: DT erfüllt
D94: =IF(Projektformular!BT12>=30,Dropdown!A19,Dropdown!A20) -> No
D95: =IF(AND(D92=Dropdown!A20,D94=Dropdown!A20),1,2) -> #DIV/0!

Sheet Dropdown
A1: Funktion
A2: =Text!C17 -> Progettista
A3: =Text!C18 -> Installatore
A4: =Text!C19 -> Architetto
A5: =Text!C20 -> Committente
A6: =Text!C21 -> Altro:
A8: Sprache
A9: =IF(A10=1,"D",IF(A10=2,"F",IF(A10=3,"I","E"))) -> I
A10: 3
A11: Deutsch
A12: Français
A13: Italiano
A14: English
A15: Neu2
A16: Neu3
A17: Neu4
A19: =Text!C2 -> Si
A20: =Text!C3 -> No
A22: Prüfstelle | G22: =Projektformular!G51 -> Prüfstelle QMmini, c/o Verenum AG, Jürgen Good
A23: Prüfstelle QMmini, c/o Verenum AG, Stefan Thalmann | B23: Langmauerstrasse 109 | C23: 8006 Zürich | D23: 044 377 70 73 | E23: qmmini@verenum.ch | F23: Thalmann | G23: =IF(G22=A26,F26,IF(G22=A24,F24,IF(G22=A23,F23,F25))) -> Good
A24: Prüfstelle QMmini, c/o Verenum AG, Jürgen Good | B24: Langmauerstrasse 109 | C24: 8006 Zürich | D24: 044 377 70 72 | E24: qmmini@verenum.ch | F24: Good
A25: Prüfstelle QMmini, c/o Verenum AG, Daniel Zaugg | B25: Langmauerstrasse 109 | C25: 8006 Zürich | D25: 044 377 70 74 | E25: qmmini@verenum.ch | F25: Zaugg
A26: Prüfstelle QMmini, c/o Verenum AG, Peter Zotter | B26: Langmauerstrasse 109 | C26: 8006 Zürich | D26: 044 377 70 76 | E26: qmmini@verenum.ch | F26: Zotter
A28: Klimaregion
A29: =Text!C98 -> Altopiano svizzero
A30: =Text!C99 -> Regione di montagna
A31: =Text!C100 -> Sud delle Alpi (Svizzera meridionale)
A33: Förderung
A34: =Text!C105 -> Nessuno
A35: =Text!C106 -> Cantone
A36: =Text!C107 -> Energie Zukunft Schweiz
A37: =Text!C108 -> Altro:
A39: Kesselkonfiguration
A40: =Text!C132 -> Impianto con una caldaia
A41: =Text!C133 -> Impianto con più caldaie
A43: Zusätzliche Energieträger/Systeme
A44: =Text!C288 -> No
A45: =Text!C289 -> Solare termico
A46: =Text!C291 -> Altri:
A48: Rauchgasreinigung
A49: =Text!C135 -> Filtro elettrostatico integrato
A50: =Text!C136 -> Filtro elettrostatico separato
A51: =Text!C137 -> Nessun filtro previsto*
A52: =Text!C138 -> Altro:
A54: Brennstoffauswahl
A55: =Text!C142 -> Pellet
A56: =Text!C143 -> Cippato, pieno inverno M < 50%, altrimenti M < 35%**
A57: =Text!C144 -> Cippato, tutto l'anno M < 35%
A59: Bestand / Neubau
A60: =Text!C153 -> Esistente
A61: =Text!C154 -> Nuovo
A63: Gebäude- bzw. Nutzungsart
A64: =Text!C155 -> Abitazione con a.c.s.
A65: =Text!C156 -> Abitazione senza a.c.s.
A66: =Text!C157 -> Scuola senza a.c.s.
A67: =Text!C158 -> Amministrazione senza a.c.s.
A68: =Text!C159 -> a.c.s. separata
A70: Wärmedämmung
A71: =Text!C160 -> debole
A72: =Text!C161 -> buono
A73: =Text!C162 -> molto buono
A75: Kesseldimensionierung
A76: =Text!C220 -> Dimensionamento OK
A77: =Text!C221 -> Caldaia troppo piccola
A78: =Text!C222 -> Caldaia sovradimensionata
A80: Empfehlung Brennstofflager erfüllt
A81: =Text!C252 -> Deposito combustibile troppo piccolo
A82: =Text!C253 -> Deposito combustibile superiore al fabbisogno annuo
A83: =Text!C254 -> Deposito del combustibile più grande di quello raccomandato per il cippato
A84: =Text!C255 -> Il deposito del combustibile corrisponde alle dimensioni consigliate per il cippato
A85: =Text!C256 -> Il deposito del combustibile corrisponde alle dimensioni consigliate per il pellet
A87: =Text!C70 -> Cantone
A88: =Text!C71 -> Argovia | B88: AG | C88: =VLOOKUP(Projektformular!AA13,Dropdown!A88:B113,2) -> #N/A
A89: =Text!C72 -> Appenzello Esterno | B89: AR
A90: =Text!C73 -> Appenzello Interno | B90: AI
A91: =Text!C74 -> Basilea-Campagna | B91: BL
A92: =Text!C75 -> Basilea Città | B92: BS
A93: =Text!C76 -> Berna | B93: BE
A94: =Text!C77 -> Friburgo | B94: FR
A95: =Text!C78 -> Ginevra | B95: GE
A96: =Text!C79 -> Glarona | B96: GL
A97: =Text!C80 -> Grigioni | B97: GR
A98: =Text!C81 -> Giura | B98: JU
A99: =Text!C82 -> Lucerna | B99: LU
A100: =Text!C83 -> Neuchâtel | B100: NE
... A113: =Text!C96 -> Zurigo | B113: ZH

Sheet Bilder
G1: =IF(Projektformular!AC36=Dropdown!A40,1,2) -> 2
G5: =Dropdown!A10+4 -> 7
G9: =Dropdown!A10+8 -> 11

Sheet Datenbank
B1: Änderung gegenüber alter Version | C1: Zellen Kategorie | D1: Funktion | E1: Datenbank Version: QMmini_Uebersicht_V011.xlsx | G1: Datenbank Version: Neu
C2: Datum | D2: Manuel ausfüllen | E2: Abschluss Phase 1: Projektformular | G2: Abschluss Phase 1: Projektformular | H2: =Projektformular!D58 -> 0
C3: Datum | D3: Manuel ausfüllen | E3: Rechnung Phase 1 | G3: Rechnung Phase 1 | H3: =Projektformular!D58 -> 0
C4: Datum | D4: Manuel ausfüllen | E4: Abschluss Phase 2: Abschlussmeldung | G4: Abschluss Phase 2: Abschlussmeldung
C5: Datum | D5: Manuel ausfüllen | E5: Rechnung Phase 2 | G5: Rechnung Phase 2
A6: Übertrag aus Formular | B6: Unnötig für V3 | C6: Standard | D6: Unnötig für V3 | E6: Beitragszusicherung bis | G6: Beitragszusicherung bis
A7: Manuel ausfüllen | C7: Standard | D7: Berechnung | E7: IBN erfolgt? | G7: IBN erfolgt? | H7: =IF(ISBLANK(H52)=TRUE,"",IF($E$7<H52,"nein","ja")) -> ja
A8: Berechnung | B8: Unnötig für V3 | C8: Standard | D8: Unnötig für V3 | E8: Angefragt für Betriebsoptimierung | G8: Angefragt für Betriebsoptimierung
A9: Unnötig für V3 | C9: Datum | D9: Berechnung | E9: Vorausichtlicher Abschluss Phase 2 | G9: Vorausichtlicher Abschluss Phase 2 | H9: =IF(ISBLANK(H52)=TRUE,"",H52+365) -> 365
C10: Standard | D10: Berechnung | E10: Check für Abschlussmeldung | G10: Check für Abschlussmeldung | H10: =IF(ISERROR(TODAY()-H9=TRUE),NA(),TODAY()-H9) -> 45516
C11: Standard | D11: Berechnung | E11: Check für Abschlussmeldung | G11: Check für Abschlussmeldung | H11: =IF(ISERROR(H10)=TRUE,NA(),IF(H10>=0,1,0)) -> 1
C12: Datum | D12: Berechnung | E12: Fälligkeit Abschlussmeldung | G12: Fälligkeit Abschlussmeldung | H12: =IF(AND(ISNUMBER(H4)=TRUE,H11=1),"ok",IF(AND(ISNUMBER(H4)=FALSE,H11=1),"Pendent","Abwarten")) -> Pendent
B13: Unnötig für V3 | C13: Standard | D13: Berechnung | E13: Abschlussmeldung Detaillierungsgrad | G13: Abschlussmeldung Detaillierungsgrad | H13: =IF(H94=0,"",IF(H94<=200,"A",IF(H94>200,"B","Abklären"))) -> #DIV/0!
C15: Standard | D15: Manuel ausfüllen | E15: Jahr Phase 1 | G15: Jahr Phase 1
C16: Standard | D16: Manuel ausfüllen | E16: Jahr Phase 2 | G16: Jahr Phase 2
C17: Standard | D17: Manuel ausfüllen | E17: vc | G17: vc | H17: =Projektformular!C51 -> 0
C18: Standard | D18: Manuel ausfüllen | E18: QMmini_Version | G18: QMmini_Version | H18: =Projektformular!E6 -> Version 3.4-39
C19: Standard | D19: Übertrag aus Formular | E19: Kanton | G19: Kanton | H19: =Dropdown!C88 -> #N/A
C20: Standard | D20: Berechnung | E20: Check Kanton für die Auswertung Phase 1 | G20: Check Kanton für die Auswertung Phase 1 | H20: =IF(ISNUMBER(H2)=TRUE,H19,NA()) -> #N/A
C21: Standard | D21: Manuel ausfüllen | E21: Check Kanton für die Auswertung Phase 2 | G21: Check Kanton für die Auswertung Phase 2
C22: Text | D22: Übertrag aus Formular | E22: Ort der Anlage | G22: Ort der Anlage | H22: =Projektformular!AA12 -> 0
C23: Standard | D23: Übertrag aus Formular | E23: Planer | G23: Planer | H23: =TEXT(Projektformular!G17,"")&", "&TEXT(Projektformular!G18,"") -> ,
C24: Standard | D24: Übertrag aus Formular | E24: Bauherr | G24: Bauherr | H24: =TEXT(Projektformular!G9,"")&", "&TEXT(Projektformular!G10,"") -> ,
C25: Standard | D25: Übertrag aus Formular | E25: Prüfer | G25: Prüfer | H25: =Dropdown!G23 -> Good
B26: Umbenennen | C26: Text | D26: Übertrag aus Formular | E26: Projektbezeichnung | G26: Anlagenbeschrieb | H26: =Projektformular!G22 -> 0
B27: Unnötig für V3 | C27: Standard | D27: Unnötig für V3 | E27: Ordner | G27: Ordner
B28: Unnötig für V3 | C28: Standard | D28: Unnötig für V3 | E28: Förderentscheid | G28: Förderentscheid
B29: Unnötig für V3 | C29: Standard | D29: Unnötig für V3
C31: Standard | E31: A03. Ergebnis der Plausibilitätsprüfung durch QMmini | G31: A03. Ergebnis der Plausibilitätsprüfung durch QMmini
C32: Standard | D32: Übertrag aus Formular | E32: Situationserfassung der Abnehmer | G32: Situationserfassung der Abnehmer | H32: =IF(Berechnungen!AV40>1,"Nein","Ja") -> Ja
C33: Standard | D33: Übertrag aus Formular | E33: Leistungsreserve | G33: Leistungsreserve | H33: =IF(1-(Projektformular!AZ37/Projektformular!BL23)>=0.3,"Nein","Ja") -> #DIV/0!
C34: Standard | D34: Übertrag aus Formular | E34: Dimensionierung des Holzkessel | G34: Dimensionierung des Holzkessel | H34: =IF(Projektformular!BL28=Text!C220,"Ja","Nein") -> #DIV/0!
C35: Standard | D35: Übertrag aus Formular | E35: Wärmenetz | G35: Wärmenetz | H35: =IF(Projektformular!AC33=Dropdown!A20,"Ja",IF(Projektformular!BT12<30,"Nein","Ja")) -> Nein
C36: Standard | D36: Übertrag aus Formular | E36: Anschlussdichte | G36: Anschlussdichte | H36: =IF(Projektformular!AC33=Dropdown!A20,"Ja",IF(Berechnungen!D92=Dropdown!A20,"Nein","Ja")) -> #DIV/0!
C37: Standard | D37: Übertrag aus Formular | E37: Ganzjahresbetrieb | G37: Ganzjahresbetrieb | H37: =IF(Projektformular!AC34=Dropdown!A20,"Ja",IF(Projektformular!BL42=Dropdown!A20,"Nein","Ja")) -> #VALUE!
C38: Standard | D38: Übertrag aus Formular | E38: Speicher | G38: Speicher | H38: =IF(Projektformular!BL49=Dropdown!A20,"Nein","Ja") -> Nein
C39: Standard | D39: Übertrag aus Formular | E39: Empfehlung Brennstofflager erfüllt? | G39: Empfehlung Brennstofflager erfüllt? | H39: =IF(OR(Projektformular!BL57=Text!C255, Projektformular!BL57=Text!C256),"Ja","Nein") -> #DIV/0!
B40: Unnötig für V3 | C40: Standard | D40: Übertrag aus Formular | E40: Hydraulische Auslegung | G40: Hydraulische Auslegung
C41: Standard | D41: Übertrag aus Formular | E41: Verpflichtung des Projektverantwortlichen | G41: Verpflichtung des Projektverantwortlichen | H41: Ja
C42: Datum | D42: Übertrag aus Formular | E42: Datum Unterschrift | G42: Datum Unterschrift | H42: =Projektformular!D40 -> 0
C44: Standard | E44: A04. Beurteilung und Empfehlung der Prüfstelle QMmini | G44: A04. Beurteilung und Empfehlung der Prüfstelle QMmini
C45: Standard | D45: Manuel ausfüllen | E45: Anmerkungen | G45: Anmerkungen
C46: Datum | D46: Manuel ausfüllen | E46: Datum Unterschrift | G46: Datum Unterschrift | H46: =Projektformular!D58 -> 0
C47: Standard | D47: Manuel ausfüllen | E47: Empfehlung zur Förderung | G47: Empfehlung zur Förderung
C48: Standard | D48: Manuel ausfüllen | E48: Auflagen | G48: Auflagen
C50: Standard | E50: A05. Angaben zum Projekt | G50: A05. Angaben zum Projekt
C51: Datum | D51: Übertrag aus Formular | E51: Geplanter Baubeginn | G51: Geplanter Baubeginn | H51: =Projektformular!AA9 -> 0
C52: Datum | D52: Übertrag aus Formular | E52: Voraussichtliche Vollinbetriebnahme | G52: Voraussichtliche Vollinbetriebnahme | H52: =Projektformular!AA10 -> 0
B53: Neu | C53: Text | D53: Übertrag aus Formular | G53: Strasse | H53: =Projektformular!AA11 -> 0
B54: Umbenennen | C54: Standard | D54: Übertrag aus Formular | E54: Ort | G54: PLZ, Ort | H54: =Projektformular!AA12 -> 0
B55: Neu | C55: Standard | D55: Übertrag aus Formular | G55: Kanton | H55: =Projektformular!AA13 -> 0
C56: Standard | D56: Übertrag aus Formular | E56: Klimaregion | G56: Klimaregion | H56: =Projektformular!AA14 -> 0
C57: Standard | D57: Übertrag aus Formular | E57: Höhe m ü.M. | G57: Höhe m ü.M. | H57: =Projektformular!AA15 -> 0
B58: Unnötig für V3 | C58: Standard | D58: Übertrag aus Formular | E58: Heizgradtage | G58: Heizgradtage
B59: Umbenennen | C59: Text | D59: Übertrag aus Formular | E59: zusätzl. Förderung | G59: Förderung durch | H59: =Projektformular!AA16 -> 0
C62: Standard | E62: A06. Geplante Kosten | G62: A06. Geplante Kosten
C63: Standard | D63: Übertrag aus Formular | E63: Kesselanlage | G63: Kesselanlage | H63: =Projektformular!AA21 -> 0
C64: Standard | D64: Übertrag aus Formular | E64: Heizungstechnikinstallation | G64: Heizungstechnikinstallation | H64: =Projektformular!AA22 -> 0
C65: Standard | D65: Übertrag aus Formular | E65: Elektroinstallation | G65: Elektroinstallation | H65: =Projektformular!AA23 -> 0
C66: Standard | D66: Übertrag aus Formular | E66: Bauliche Massnahmen | G66: Bauliche Massnahmen | H66: =Projektformular!AA24 -> 0
C67: Standard | D67: Übertrag aus Formular | E67: Wärmenetz | G67: Wärmenetz | H67: =Projektformular!AA25 -> 0
C68: Standard | D68: Übertrag aus Formular | E68: Planung | G68: Planung | H68: =Projektformular!AA26 -> 0
C69: Standard | D69: Übertrag aus Formular | E69: Sonstiges | G69: Sonstiges | H69: =Projektformular!AA27 -> 0
C70: Standard | D70: Übertrag aus Formular | E70: Gesamt-Investitionskosten | G70: Gesamt-Investitionskosten | H70: =SUM(H63:H69) -> 0
C73: Standard | E73: A07. Technische Daten | G73: A07. Technische Daten
C74: Standard | D74: Übertrag aus Formular | E74: Wärmenetz | G74: Wärmenetz | H74: =IF(Projektformular!AC33=Dropdown!A19,Text!D2,Text!D3) -> Nein
C75: Standard | D75: Übertrag aus Formular | E75: Ganzjahresbetrieb | G75: Ganzjahresbetrieb | H75: =IF(Projektformular!AC34=Dropdown!A19,Text!D2,Text!D3) -> Nein
B76: Unnötig für V3 | C76: Standard | D76: Unnötig für V3 | E76: Speicher | G76: Speicher | H76: Ja
B77: Neu | C77: Standard | D77: Übertrag aus Formular | G77: Zusätzliche erneuerbare Energieträger oder Systeme | H77: =IF(Projektformular!AC35=Dropdown!A44,Text!D3,IF(Projektformular!AC35=Dropdown!A45,Text!D289,Text!D291)) -> Andere:
B78: Neu | C78: Standard | D78: Übertrag aus Formular | G78: Andere: | H78: =Projektformular!AI35 -> 0
B79: Unnötig für V3 | C79: Standard | D79: Unnötig für V3 | E79: Monov. Mit automat. Zündung? | G79: Monov. Mit automat. Zündung? | H79: Ja
C80: Standard | D80: Übertrag aus Formular | E80: Kesselkonfiguration | G80: Kesselkonfiguration | H80: =IF(Projektformular!AC36=Dropdown!A40,Text!D132,Text!D133) -> Mehrkesselanlage
B81: Neu | C81: Standard | D81: Übertrag aus Formular | G81: Feinstaubabscheider | H81: =IF(Projektformular!AC37=Dropdown!A49,Text!D135,IF(Projektformular!AC37=Dropdown!A50,Text!D136,IF(Projektformular!AC37=Dropdown!A51,Text!D137,Text!D138))) -> Sonstige:
B82: Neu | C82: Standard | D82: Übertrag aus Formular | G82: Sonstige: | H82: =Projektformular!AI37 -> 0
C83: Standard | D83: Übertrag aus Formular | E83: Brennstoff | G83: Brennstoff | H83: =IF(Projektformular!AC38=Dropdown!A55,Text!D142,IF(Projektformular!AC38=Dropdown!A56,Text!D143,Text!D144)) -> Holzhackschnitzel, ganzjährig M < 35%
B84: Unnötig für V3 | C84: Standard | D84: Unnötig für V3 | E84: Solarthermische Anlage/n vorhanden | G84: Solarthermische Anlage/n vorhanden
C86: Standard | E86: A08. Situationserfassung | G86: A08. Situationserfassung
B87: Umbenennen | C87: Standard | D87: Übertrag aus Formular | E87: Summe Wärmenetz_Leistung | G87: Summe Wärmeleistungsbedarf | H87: =Projektformular!AZ33 -> 0
B88: Umbenennen | C88: Standard | D88: Übertrag aus Formular | E88: Summe Wärmenetz_Nutzenergie | G88: Summe Wärmebedarf_Nutzenergie | H88: =Projektformular!BB33 -> 0
B89: Umbenennen | C89: Standard | D89: Übertrag aus Formular | E89: Summe Wärmenetz_davon WW | G89: Summe Wärmebedarf_davon WW | H89: =Projektformular!BB34 -> 0
B90: Umbenennen | C90: Standard | D90: Übertrag aus Formular | E90: Verluste Wärmenetz_Leistung | G90: Verluste Wärmeleistungsbedarf _Netz | H90: =Projektformular!AZ35 -> #DIV/0!
B91: Umbenennen | C91: Standard | D91: Übertrag aus Formular | E91: Verluste Wärmenetz_Energie | G91: Verluste Wärmebedarf_Netz | H91: =Projektformular!BB35 -> #DIV/0!
C92: Standard | D92: Übertrag aus Formular | E92: Reserve_kW | G92: Reserve_kW | H92: =Projektformular!AZ36 -> 0
C93: Standard | D93: Übertrag aus Formular | E93: Reserve_kWh | G93: Reserve_kWh | H93: =Projektformular!BB36 -> 0
C94: Standard | D94: Übertrag aus Formular | E94: Gesamtsumme_kW | G94: Gesamtsumme_kW | H94: =SUM(H87,H90,H92) -> #DIV/0!
C95: Standard | D95: Übertrag aus Formular | E95: Gesamtsumme_kWh | G95: Gesamtsumme_kWh | H95: =SUM(H88,H91,H93) -> #DIV/0!
B98: Unnötig für V3 | C98: Standard | D98: Unnötig für V3 | E98: A09. Berechnete Kennzahlen und Richtwerte | G98: A09. Berechnete Kennzahlen und Richtwerte
C100: Standard | E100: A10. Wärmenetz | G100: A10. Wärmenetz
C101: Standard | D101: Übertrag aus Formular | E101: Trassenlänge | G101: Trassenlänge | H101: =Projektformular!BH12 -> 0
C102: Standard | D102: Übertrag aus Formular | E102: Nutzenergie über Netz | G102: Nutzenergie über Netz | H102: =Projektformular!BI12 -> 0
C103: Standard | D103: Übertrag aus Formular | E103: Anschlussdichte | G103: Anschlussdichte | H103: =Projektformular!BJ12 -> #DIV/0!
C104: Standard | D104: Übertrag aus Formular | E104: Verluste Netz | G104: Verluste Netz | H104: =Projektformular!BL12 -> #DIV/0!
C105: Standard | D105: Übertrag aus Formular | E105: Verluste Netz | G105: Verluste Netz | H105: =Projektformular!BN12 -> #DIV/0!
C106: Standard | D106: Übertrag aus Formular | E106: Verluste Netz | G106: Verluste Netz | H106: =Projektformular!BO12 -> #DIV/0!
C107: Standard | D107: Übertrag aus Formular | E107: Netz_Vorlauf | G107: Netz_Vorlauf | H107: =Projektformular!BP12 -> 0
C108: Standard | D108: Übertrag aus Formular | E108: Netz_Rücklauf | G108: Netz_Rücklauf | H108: =Projektformular!BQ12 -> 0
C109: Standard | D109: Übertrag aus Formular | E109: Netz_dT | G109: Netz_dT | H109: =Projektformular!BT12 -> 0
C110: Standard | D110: Übertrag aus Formular | E110: Warnung | G110: Warnung | H110: =IF(Projektformular!AC33=Dropdown!A20,"",IF(AND(Projektformular!AC33=Dropdown!A19,OR(ISBLANK(Projektformular!BH12)=TRUE,ISBLANK(Projektformular!BP12)=TRUE,ISBLANK(Projektformular!BQ12)=TRUE)),Text!D280,IF(Berechnungen!D95=1,Text!D202,IF(Berechnungen!D92=Dropdown!A20,Text!D200,IF(Berechnungen!D94=Dropdown!A20,Text!D201,Text!D279))))) -> #DIV/0!
C111: Standard | D111: Übertrag aus Formular | E111: Begründung | G111: Begründung | H111: =Projektformular!BJ14 -> 0
C113: Standard | E113: A11. Angaben zur Kesselanlage | G113: A11. Angaben zur Kesselanlage
...

Sheet Leitfaden Anhang 3
B1: Deutsch | H1: Französisch | N1: Italienisch | T1: English
D3: Wohnen mit WW | J3: Habitation avec ECS | P3: Abitazione con a.c.s. | V3: Wohnen mit WW
B4: Heizgrenze | C4: °C | D4: 15 | E4: 13 | F4: 11 | H4: Limite de chauffage | I4: °C | J4: 15 | K4: 13 | L4: 11 | N4: Limite di riscaldamento | O4: °C | P4: 15 | Q4: 13 | R4: 11 | T4: Heizgrenze | U4: °C | V4: 15 | W4: 13 | X4: 11
B5: Mittelland | C5: h/a | D5: 2000 - 2500 | E5: 1600 - 2000 | F5: 1300 - 1700 | H5: Plateau suisse | I5: h/a | J5: 2000 - 2500 | K5: 1600 - 2000 | L5: 1300 - 1700 | N5: Altopiano | O5: h/a | P5: 2000 - 2500 | Q5: 1600 - 2000 | R5: 1300 - 1700 | T5: Mittelland | U5: h/a | V5: 2000 - 2500 | W5: 1600 - 2000 | X5: 1300 - 1700
B6: 350...800 m.ü.M. | C6: kWh/(m2a) | D6: 80 - 120 | E6: 50 - 80 | F6: 40 - 60 | H6: 350...800 en m | I6: kWh/(m2a) | J6: 80 - 120 | K6: 50 - 80 | L6: 40 - 60 | N6: 350...800 m.s.l.m. | O6: kWh/(m2a) | P6: 80 - 120 | Q6: 50 - 80 | R6: 40 - 60 | T6: 350...800 m.ü.M. | U6: kWh/(m2a) | V6: 80 - 120 | W6: 50 - 80 | X6: 40 - 60
B7: (Zürich) | C7: W/m2 | D7: 35 - 55 | E7: 30 - 45 | F7: 25 - 40 | H7: (Zürich) | I7: W/m2 | J7: 35 - 55 | K7: 30 - 45 | L7: 25 - 40 | N7: (Zürich) | O7: W/m2 | P7: 35 - 55 | Q7: 30 - 45 | R7: 25 - 40 | T7: (Zürich) | U7: W/m2 | V7: 35 - 55 | W7: 30 - 45 | X7: 25 - 40
B8: Bergregion | C8: h/a | D8: 2300 - 2800 | E8: 1900 - 2300 | F8: 1600 - 2000 | H8: Région de montagne | I8: h/a | J8: 2300 - 2800 | K8: 1900 - 2300 | L8: 1600 - 2000 | N8: Regione alpina | O8: h/a | P8: 2300 - 2800 | Q8: 1900 - 2300 | R8: 1600 - 2000 | T8: Bergregion | U8: h/a | V8: 2300 - 2800 | W8: 1900 - 2300 | X8: 1600 - 2000
B9: 800..1200 m.ü.M. | C9: kWh/(m2a) | D9: 95 - 140 | E9: 55 - 95 | F9: 45 - 65 | H9: 800..1200 en m | I9: kWh/(m2a) | J9: 95 - 140 | K9: 55 - 95 | L9: 45 - 65 | N9: 800..1200 m.s.l.m. | O9: kWh/(m2a) | P9: 95 - 140 | Q9: 55 - 95 | R9: 45 - 65 | T9: 800..1200 m.ü.M. | U9: kWh/(m2a) | V9: 95 - 140 | W9: 55 - 95 | X9: 45 - 65
B10: (Engelberg) | C10: W/m2 | D10: 35 - 55 | E10: 30 - 45 | F10: 25 - 40 | H10: (Engelberg) | I10: W/m2 | J10: 35 - 55 | K10: 30 - 45 | L10: 25 - 40 | N10: (Engelberg) | O10: W/m2 | P10: 35 - 55 | Q10: 30 - 45 | R10: 25 - 40 | T10: (Engelberg) | U10: W/m2 | V10: 35 - 55 | W10: 30 - 45 | X10: 25 - 40
B11: Südschweiz | C11: h/a | D11: 1700 - 2200 | E11: 1400 - 1700 | F11: 1400 - 1800 | H11: Suisse méridionale | I11: h/a | J11: 1700 - 2200 | K11: 1400 - 1700 | L11: 1400 - 1800 | N11: Sud delle Alpi | O11: h/a | P11: 1700 - 2200 | Q11: 1400 - 1700 | R11: 1400 - 1800 | T11: Südschweiz | U11: h/a | V11: 1700 - 2200 | W11: 1400 - 1700 | X11: 1400 - 1800
B12: 200...600 m.ü.M. | C12: kWh/(m2a) | D12: 70 - 105 | E12: 45 - 70 | F12: 40 - 55 | H12: 200...600 en m | I12: kWh/(m2a) | J12: 70 - 105 | K12: 45 - 70 | L12: 40 - 55 | N12: 200...600 m.s.l.m. | O12: kWh/(m2a) | P12: 70 - 105 | Q12: 45 - 70 | R12: 40 - 55 | T12: 200...600 m.ü.M. | U12: kWh/(m2a) | V12: 70 - 105 | W12: 45 - 70 | X12: 40 - 55
B13: (Locarno) | C13: W/m2 | D13: 35 - 55 | E13: 30 - 45 | F13: 25 - 40 | H13: (Locarno) | I13: W/m2 | J13: 35 - 55 | K13: 30 - 45 | L13: 25 - 40 | N13: (Locarno) | O13: W/m2 | P13: 35 - 55 | Q13: 30 - 45 | R13: 25 - 40 | T13: (Locarno) | U13: W/m2 | V13: 35 - 55 | W13: 30 - 45 | X13: 25 - 40
D15: Wohnen ohne WW | J15: Habitation sans ECS | P15: Abitazione senza a.c.s. | V15: Wohnen ohne WW
B16: Heizgrenze | C16: °C | D16: 15 | E16: 13 | F16: 11 | H16: Limite de chauffage | I16: °C | J16: 15 | K16: 13 | L16: 11 | N16: Limite di riscaldamento | O16: °C | P16: 15 | Q16: 13 | R16: 11 | T16: Heizgrenze | U16: °C | V16: 15 | W16: 13 | X16: 11
B17: Mittelland | C17: h/a | D17: 1800 - 2200 | E17: 1200 - 1800 | F17: 900 - 1300 | H17: Plateau suisse | I17: h/a | J17: 1800 - 2200 | K17: 1200 - 1800 | L17: 900 - 1300 | N17: Altopiano | O17: h/a | P17: 1800 - 2200 | Q17: 1200 - 1800 | R17: 900 - 1300 | T17: Mittelland | U17: h/a | V17: 1800 - 2200 | W17: 1200 - 1800 | X17: 900 - 1300
B18: 350...800 m.ü.M. | C18: kWh/(m2a) | D18: 60 - 100 | E18: 30 - 60 | F18: 20 - 40 | H18: 350...800 en m | I18: kWh/(m2a) | J18: 60 - 100 | K18: 30 - 60 | L18: 20 - 40 | N18: 350...800 m.s.l.m. | O18: kWh/(m2a) | P18: 60 - 100 | Q18: 30 - 60 | R18: 20 - 40 | T18: 350...800 m.ü.M. | U18: kWh/(m2a) | V18: 60 - 100 | W18: 30 - 60 | X18: 20 - 40
B19: (Zürich) | C19: W/m2 | D19: 30 - 50 | E19: 20 - 40 | F19: 20 - 35 | H19: (Zürich) | I19: W/m2 | J19: 30 - 50 | K19: 20 - 40 | L19: 20 - 35 | N19: (Zürich) | O19: W/m2 | P19: 30 - 50 | Q19: 20 - 40 | R19: 20 - 35 | T19: (Zürich) | U19: W/m2 | V19: 30 - 50 | W19: 20 - 40 | X19: 20 - 35
B20: Bergregion | C20: h/a | D20: 2100 - 2600 | E20: 1500 - 2100 | F20: 1200 - 1600 | H20: Région de montagne | I20: h/a | J20: 2100 - 2600 | K20: 1500 - 2100 | L20: 1200 - 1600 | N20: Regione alpina | O20: h/a | P20: 2100 - 2600 | Q20: 1500 - 2100 | R20: 1200 - 1600 | T20: Bergregion | U20: h/a | V20: 2100 - 2600 | W20: 1500 - 2100 | X20: 1200 - 1600
B21: 800..1200 m.ü.M. | C21: kWh/(m2a) | D21: 75 - 120 | E21: 35 - 75 | F21: 25 - 45 | H21: 800..1200 en m | I21: kWh/(m2a) | J21: 75 - 120 | K21: 35 - 75 | L21: 25 - 45 | N21: 800..1200 m.s.l.m. | O21: kWh/(m2a) | P21: 75 - 120 | Q21: 35 - 75 | R21: 25 - 45 | T21: 800..1200 m.ü.M. | U21: kWh/(m2a) | V21: 75 - 120 | W21: 35 - 75 | X21: 25 - 45
B22: (Engelberg) | C22: W/m2 | D22: 30 - 50 | E22: 20 - 40 | F22: 20 - 35 | H22: (Engelberg) | I22: W/m2 | J22: 30 - 50 | K22: 20 - 40 | L22: 20 - 35 | N22: (Engelberg) | O22: W/m2 | P22: 30 - 50 | Q22: 20 - 40 | R22: 20 - 35 | T22: (Engelberg) | U22: W/m2 | V22: 30 - 50 | W22: 20 - 40 | X22: 20 - 35
B23: Südschweiz | C23: h/a | D23: 1400 - 1900 | E23: 1100 - 1400 | F23: 900 - 1200 | H23: Suisse méridionale | I23: h/a | J23: 1400 - 1900 | K23: 1100 - 1400 | L23: 900 - 1200 | N23: Sud delle Alpi | O23: h/a | P23: 1400 - 1900 | Q23: 1100 - 1400 | R23: 900 - 1200 | T23: Südschweiz | U23: h/a | V23: 1400 - 1900 | W23: 1100 - 1400 | X23: 900 - 1200
B24: 200...600 m.ü.M. | C24: kWh/(m2a) | D24: 50 - 85 | E24: 25 - 50 | F24: 20 - 35 | H24: 200...600 en m | I24: kWh/(m2a) | J24: 50 - 85 | K24: 25 - 50 | L24: 20 - 35 | N24: 200...600 m.s.l.m. | O24: kWh/(m2a) | P24: 50 - 85 | Q24: 25 - 50 | R24: 20 - 35 | T24: 200...600 m.ü.M. | U24: kWh/(m2a) | V24: 50 - 85 | W24: 25 - 50 | X24: 20 - 35
B25: (Locarno) | C25: W/m2 | D25: 30 - 50 | E25: 20 - 40 | F25: 20 - 35 | H25: (Locarno) | I25: W/m2 | J25: 30 - 50 | K25: 20 - 40 | L25: 20 - 35 | N25: (Locarno) | O25: W/m2 | P25: 30 - 50 | Q25: 20 - 40 | R25: 20 - 35 | T25: (Locarno) | U25: W/m2 | V25: 30 - 50 | W25: 20 - 40 | X25: 20 - 35
D27: Schule und Verwaltung ohne WW | J27: Ecole et Administration sans ECS | P27: Scuola e Amministrazione senza a.c.s. | V27: Schule und Verwaltung ohne WW
B28: Heizgrenze | C28: °C | D28: 15 | E28: 13 | F28: 11 | H28: Limite de chauffage | I28: °C | J28: 15 | K28: 13 | L28: 11 | N28: Limite di riscaldamento | O28: °C | P28: 15 | Q28: 13 | R28: 11 | T28: Heizgrenze | U28: °C | V28: 15 | W28: 13 | X28: 11
B29: Mittelland | C29: h/a | D29: 1400 - 1800 | E29: 1000 - 1400 | F29: 800 - 1100 | H29: Plateau suisse | I29: h/a | J29: 1400 - 1800 | K29: 1000 - 1400 | L29: 800 - 1100 | N29: Altopiano | O29: h/a | P29: 1400 - 1800 | Q29: 1000 - 1400 | R29: 800 - 1100 | T29: Mittelland | U29: h/a | V29: 1400 - 1800 | W29: 1000 - 1400 | X29: 800 - 1100
B30: 350...800 m.ü.M. | C30: kWh/(m2a) | D30: 60 - 100 | E30: 30 - 60 | F30: 20 - 40 | H30: 350...800 en m | I30: kWh/(m2a) | J30: 60 - 100 | K30: 30 - 60 | L30: 20 - 40 | N30: 350...800 m.s.l.m. | O30: kWh/(m2a) | P30: 60 - 100 | Q30: 30 - 60 | R30: 20 - 40 | T30: 350...800 m.ü.M. | U30: kWh/(m2a) | V30: 60 - 100 | W30: 30 - 60 | X30: 20 - 40
B31: (Zürich) | C31: W/m2 | D31: 35 - 60 | E31: 25 - 50 | F31: 25 - 40 | H31: (Zürich) | I31: W/m2 | J31: 35 - 60 | K31: 25 - 50 | L31: 25 - 40 | N31: (Zürich) | O31: W/m2 | P31: 35 - 60 | Q31: 25 - 50 | R31: 25 - 40 | T31: (Zürich) | U31: W/m2 | V31: 35 - 60 | W31: 25 - 50 | X31: 25 - 40
B32: Bergregion | C32: h/a | D32: 1700 - 2200 | E32: 1300 - 1700 | F32: 1000 - 1400 | H32: Région de montagne | I32: h/a | J32: 1700 - 2200 | K32: 1300 - 1700 | L32: 1000 - 1400 | N32: Regione alpina | O32: h/a | P32: 1700 - 2200 | Q32: 1300 - 1700 | R32: 1000 - 1400 | T32: Bergregion | U32: h/a | V32: 1700 - 2200 | W32: 1300 - 1700 | X32: 1000 - 1400
B33: 800..1200 m.ü.M. | C33: kWh/(m2a) | D33: 75 - 120 | E33: 35 - 75 | F33: 25 - 45 | H33: 800..1200 en m | I33: kWh/(m2a) | J33: 75 - 120 | K33: 35 - 75 | L33: 25 - 45 | N33: 800..1200 m.s.l.m. | O33: kWh/(m2a) | P33: 75 - 120 | Q33: 35 - 75 | R33: 25 - 45 | T33: 800..1200 m.ü.M. | U33: kWh/(m2a) | V33: 75 - 120 | W33: 35 - 75 | X33: 25 - 45
B34: (Engelberg) | C34: W/m2 | D34: 35 - 60 | E34: 25 - 50 | F34: 25 - 40 | H34: (Engelberg) | I34: W/m2 | J34: 35 - 60 | K34: 25 - 50 | L34: 25 - 40 | N34: (Engelberg) | O34: W/m2 | P34: 35 - 60 | Q34: 25 - 50 | R34: 25 - 40 | T34: (Engelberg) | U34: W/m2 | V34: 35 - 60 | W34: 25 - 50 | X34: 25 - 40
B35: Südschweiz | C35: h/a | D35: 1300 - 1600 | E35: 1000 - 1300 | F35: 800 - 1100 | H35: Suisse méridionale | I35: h/a | J35: 1300 - 1600 | K35: 1000 - 1300 | L35: 800 - 1100 | N35: Sud delle Alpi | O35: h/a | P35: 1300 - 1600 | Q35: 1000 - 1300 | R35: 800 - 1100 | T35: Südschweiz | U35: h/a | V35: 1300 - 1600 | W35: 1000 - 1300 | X35: 800 - 1100
B36: 200...600 m.ü.M. | C36: kWh/(m2a) | D36: 50 - 85 | E36: 25 - 50 | F36: 20 - 35 | H36: 200...600 en m | I36: kWh/(m2a) | J36: 50 - 85 | K36: 25 - 50 | L36: 20 - 35 | N36: 200...600 m.s.l.m. | O36: kWh/(m2a) | P36: 50 - 85 | Q36: 25 - 50 | R36: 20 - 35 | T36: 200...600 m.ü.M. | U36: kWh/(m2a) | V36: 50 - 85 | W36: 25 - 50 | X36: 20 - 35
B37: (Locarno) | C37: W/m2 | D37: 35 - 60 | E37: 25 - 50 | F37: 25 - 40 | H37: (Locarno) | I37: W/m2 | J37: 35 - 60 | K37: 25 - 50 | L37: 25 - 40 | N37: (Locarno) | O37: W/m2 | P37: 35 - 60 | Q37: 25 - 50 | R37: 25 - 40 | T37: (Locarno) | U37: W/m2 | V37: 35 - 60 | W37: 25 - 50 | X37: 25 - 40

Sheet Logbuch
A1: Wann | B1: Was | C1: Wer
A2: 44204 | B2: Berechnung Gesamtsumme Tabelle A08 korrigiert | C2: ST
A3: 44204 | B3: Ergebnisse der Wärmeverlustberechnung in die Tabelle in A08 ergänzt | C3: ST
A4: 44204 | B4: Berechnung Wärmeverteilverluste korrigiert | C4: ST
A5: 44204 | B5: Zelle AI35 im Projektformular: Bedingung Ganzjahresbetrieb auf unterschiedliche Sprachen eingestellt | C5: ST
A6: 44204 | B6: Zelle W16 in Berechnungen: Bedingung Klimaregion auf unterschiedliche Sprachen eingestellt | C6: ST
A7: 44204 | B7: Datenbankeinträge bis Zeile 83 erstellt | C7: ST
A8: 44208 | B8: Datenbankeinträge bis Zeile 208 erstellt | C8: ST
A9: 44208 | B9: Datenbankeinträge in Mappe Projektformular in Spalte CP übertragen | C9: ST
A10: 44208 | B10: Logos E-CH eingefügt | C10: ST
A11: 44210 | B11: Meldung LRV in Zelle BI50 ergänzt | C11: ST
A12: 44210 | B12: Meldung LRV in Zelle G32 ergänzt | C12: ST
A13: 44211 | B13: Feedback Vernehmlassung ergänzt und korrigiert | C13: ST
... A29: 45881 | B29: Version 39 --> Version 3.4-39: Claudio Caccia entfernt | C29: ST
A40: Kommentare und Vorschläge zum 2. Entwurf V25 (Januar 2021):
A41: Treier: | B41: Bei geregelten Energieeffizienzpumpen kann auf Strangregulierverntile verzichtet werden.
A42: Treier: | B42: Direktlink zur entsprechenden Stelle im Leitfaden machen (ST: Leitfaden in Excel einbauen)
